Workbook
Name Adm: [2]PRESUPUESTO!$F$237
Name base: [3]BaseDatos!$A$2:$F$505
Name CAP.1: ITEMS!#REF!
Name CAP.1: 'PPTO DIRECTO'!#REF!
Name CAP.1: PPTO!#REF!
Name CAP.2: ITEMS!#REF!
Name CAP.2: 'PPTO DIRECTO'!#REF!
Name CAP.2: PPTO!#REF!
Name CAP.3: ITEMS!#REF!
Name CAP.3: 'PPTO DIRECTO'!#REF!
Name CAP.3: PPTO!#REF!
Name CAP.4: [4]PPTO!$C$37
Name CAP.5: [4]PPTO!$C$44
Name CAP.6: [4]PPTO!$C$50
Name CAP.7: [4]PPTO!$C$60
Name CAP.8: [4]PPTO!$C$73
Name CAP.9: [4]PPTO!$C$79
Name equipo: [5]Equipo!$A$7:$A$65536
Name EQUIPO_2: [6]Equipo!$A$7:$A$65536
Name Imprev: [2]PRESUPUESTO!$F$238
Name inf: #REF!
Name item: #REF!
Name IvaSUtl: [2]PRESUPUESTO!#REF!
Name materiales: [5]materiales!$A$7:$A$1317
Name MATERIALES_2: [6]materiales!$A$7:$A$1317
Name otros: [5]otros!$A$6:$A$1235
Name OTROS_2: [6]otros!$A$6:$A$1235
Name Utilidad: [2]PRESUPUESTO!$F$239

Sheet INFORMACION
A2: PROYECTO: | H2: INTERVENTORIA TECNICA ADMINISTRATIVA FINANCIERA Y AMBIENTAL PARA LA
A3: CONSTRUCCIÓN DE PAVIMENTO EN PIEDRA LABOR Y OPTIMIZACIÓN DE LA RED DE ALCANTARILLADO SANITARIO CALLE 5 ENTRE CARRERA 3 Y 4 DEL CASCO URBANO DEL MUNICIPIO DE PINCHOTE, DEPARTAMENTO DE SANTANDER | H3: =A3 -> CONSTRUCCIÓN DE PAVIMENTO EN PIEDRA LABOR Y OPTIMIZACIÓN DE LA RED DE ALCANTARILLADO SANITARIO CALLE 5 ENTRE CARRERA 3 Y 4 DEL CASCO URBANO DEL MUNICIPIO DE PINCHOTE, DEPARTAMENTO DE SANTANDER
A5: LOCALIZACIÓN:
A6: PINCHOTE, SANTANDER
A8: FECHA:
A9: ABRIL DE 2026
A11: CLIENTE:
A12: ALCALDIA MUNICIPAL DE PINCHOTE
C14: ARQ. YASMID ROCÍO CARRILLO MORA
C15: SECRETARIA DE PLANEACIÓN Y OBRAS PÚBLICAS
C16: MUNICIPIO DE PINCHOTE
A21: DURACION:
A22: 2 | C22: MESES
A25: ELABORO: | C25: ING. JEYSON JULIAN LEON RUEDA
C26: MP. 68202-416348 STD

Sheet PRESENTACION
A9: PRESUPUESTO DE OBRA
A11: PROYECTO:
A13: =INFORMACION!A3 -> CONSTRUCCIÓN DE PAVIMENTO EN PIEDRA LABOR Y OPTIMIZACIÓN DE LA RED DE ALCANTARILLADO SANITARIO CALLE 5 ENTRE CARRERA 3 Y 4 DEL CASCO URBANO DEL MUNICIPIO DE PINCHOTE, DEPARTAMENTO DE SANTANDER
A42: =INFORMACION!A6 -> PINCHOTE, SANTANDER
A43: =INFORMACION!A9 -> ABRIL DE 2026

Sheet PPTO
P2: UNITARIOS O TOTALES | Q2: UNITARIOS | S2: UNITARIOS
C3: PRESUPUESTO GENERAL DE OBRA | P3: Decimales | Q3: 0 | S3: TOTALES
C4: OBRA: | D4: =PRESENTACION!A13 -> CONSTRUCCIÓN DE PAVIMENTO EN PIEDRA LABOR Y OPTIMIZACIÓN DE LA RED DE ALCANTARILLADO SANITARIO CALLE 5 ENTRE CARRERA 3 Y 4 DEL CASCO URBANO DEL MUNICIPIO DE PINCHOTE, DEPARTAMENTO DE SANTANDER
C5: =CONCATENATE(INFORMACION!A5,INFORMACION!A6) -> LOCALIZACIÓN:PINCHOTE, SANTANDER | F5: FECHA: | G5: =PRESENTACION!$A$43 -> ABRIL DE 2026
C7: ITEM | D7: DESCRIPCIÓN | E7: UND | F7: CANTIDAD | G7: VR. UNIT. | H7: VR. TOTAL | K7: COSTO DIRECTO | L7: COSTO INDIRECTO | M7: COSTO UNIT. | N7: COSTO TOTAL | O7: I. HERR | P7: II. MAT. | Q7: III. TRANSP. | R7: IV. MO | S7: TOTAL
C10: CAP.1 | D10: COMPONENTE ALCANTARILLADO | V10: =CONCATENATE(C10," ","-"," ",D10) -> CAP.1 - COMPONENTE ALCANTARILLADO
C11: 1.1 | D11: Localización y Replanteo con equipos topográficos | E11: m2 | F11: =99.1*1 -> 99.1 | G11: =APUS!U348 -> 4995 | H11: =+ROUND(F11*G11,$Q$3) -> 495005
C12: 1.2 | D12: Desmonte de pavimento en piedra labor (Incluye retiro y disposición final) | E12: m2 | F12: =F11*1 -> 99.1 | G12: =APUS!U401 -> 26270 | H12: =+ROUND(F12*G12,$Q$3) -> 2603357
C13: 1.3 | D13: Retiro de tubería existente de alcantarillado (Incluye retiro y disposición final) | E13: ml | F13: 98.61 | G13: =APUS!U454 -> 23060 | H13: =+ROUND(F13*G13,$Q$3) -> 2273947
C14: 1.4 | D14: Excavaciones en material común en seco a maquina (Incluye retiro y disposición final) | E14: m3 | F14: =(F13*0.7*1.5) -> 103.5405 | G14: =+IFERROR(IF($Q$2="UNITARIOS",VLOOKUP(C14,$C$9:$Y$63,11,FALSE),VLOOKUP(C14,$C$9:$Y$63,12,FALSE)),0) -> 57314 | H14: =+ROUND(F14*G14,$Q$3) -> 5934320 | K14: =ROUND(F14*M14,$Q$3) -> 5934320 | L14: =ROUND(F14*N14,$Q$3) -> 7892685 | M14: =ROUND(VLOOKUP(C14,APUS!$H$10:$V$1486,14,0),2) -> 57314 | N14: =ROUND(VLOOKUP(C14,APUS!$I$10:$V$1486,13,0),2) -> 76228 | O14: =ROUND(VLOOKUP(C14,APUS!$D$10:$Z$1486,23,0),2) -> 5155338 | P14: =ROUND(VLOOKUP(C14,APUS!$E$10:$Z$1486,22,0),2) -> 0 | Q14: =ROUND(VLOOKUP(C14,APUS!$F$10:$Z$1486,21,0),2) -> 424930 | R14: =ROUND(VLOOKUP(C14,APUS!$G$10:$Z$1486,20,0),2) -> 353997 | S14: =SUM(O14:R14) -> 5934265 | V14: =CONCATENATE(C14," ","-"," ",D14) -> 1,4 - Excavaciones en material común en seco a maquina (Incluye retiro y disposición final)
C15: 1.5 | D15: Excavaciones en material común en seco a mano (Incluye retiro y disposición final) | E15: m3 | F15: =F13*0.4*0.7+10*3.5*0.5*1 -> 45.1108 | G15: =+IFERROR(IF($Q$2="UNITARIOS",VLOOKUP(C15,$C$9:$Y$63,11,FALSE),VLOOKUP(C15,$C$9:$Y$63,12,FALSE)),0) -> 75555 | H15: =+ROUND(F15*G15,$Q$3) -> 3408346 | K15: =ROUND(F15*M15,$Q$3) -> 3408346 | L15: =ROUND(F15*N15,$Q$3) -> 4533139 | M15: =ROUND(VLOOKUP(C15,APUS!$H$10:$V$1486,14,0),2) -> 75555 | N15: =ROUND(VLOOKUP(C15,APUS!$I$10:$V$1486,13,0),2) -> 100489 | O15: =ROUND(VLOOKUP(C15,APUS!$D$10:$Z$1486,23,0),2) -> 652695 | P15: =ROUND(VLOOKUP(C15,APUS!$E$10:$Z$1486,22,0),2) -> 0 | Q15: =ROUND(VLOOKUP(C15,APUS!$F$10:$Z$1486,21,0),2) -> 185135 | R15: =ROUND(VLOOKUP(C15,APUS!$G$10:$Z$1486,20,0),2) -> 2570504 | S15: =SUM(O15:R15) -> 3408334 | V15: =CONCATENATE(C15," ","-"," ",D15) -> 1,5 - Excavaciones en material común en seco a mano (Incluye retiro y disposición final)
C16: 1.6 | D16: Excavaciones en roca a mano (Incluye retiro y disposición final) | E16: m3 | F16: =(F13*0.7)*0.1 -> 6.9027 | G16: =+IFERROR(IF($Q$2="UNITARIOS",VLOOKUP(C16,$C$9:$Y$63,11,FALSE),VLOOKUP(C16,$C$9:$Y$63,12,FALSE)),0) -> 153555 | H16: =+ROUND(F16*G16,$Q$3) -> 1059944 | K16: =ROUND(F16*M16,$Q$3) -> 1059944 | L16: =ROUND(F16*N16,$Q$3) -> 1409732 | M16: =ROUND(VLOOKUP(C16,APUS!$H$10:$V$1486,14,0),2) -> 153555 | N16: =ROUND(VLOOKUP(C16,APUS!$I$10:$V$1486,13,0),2) -> 204229 | O16: =ROUND(VLOOKUP(C16,APUS!$D$10:$Z$1486,23,0),2) -> 638284 | P16: =ROUND(VLOOKUP(C16,APUS!$E$10:$Z$1486,22,0),2) -> 0 | Q16: =ROUND(VLOOKUP(C16,APUS!$F$10:$Z$1486,21,0),2) -> 28329 | R16: =ROUND(VLOOKUP(C16,APUS!$G$10:$Z$1486,20,0),2) -> 393330 | S16: =SUM(O16:R16) -> 1059943 | V16: =CONCATENATE(C16," ","-"," ",D16) -> 1,6 - Excavaciones en roca a mano (Incluye retiro y disposición final)
C17: 1.7 | D17: Relleno para zanja con material seleccionado de la excavación compactado al 90% | E17: m3 | F17: =(F13*0.7*1.6) -> 110.4432 | G17: =+IFERROR(IF($Q$2="UNITARIOS",VLOOKUP(C17,$C$9:$Y$63,11,FALSE),VLOOKUP(C17,$C$9:$Y$63,12,FALSE)),0) -> 54202 | H17: =+ROUND(F17*G17,$Q$3) -> 5986242 | K17: =ROUND(F17*M17,$Q$3) -> 5986242 | L17: =ROUND(F17*N17,$Q$3) -> 7961740 | M17: =ROUND(VLOOKUP(C17,APUS!$H$10:$V$1486,14,0),2) -> 54202 | N17: =ROUND(VLOOKUP(C17,APUS!$I$10:$V$1486,13,0),2) -> 72089 | O17: =ROUND(VLOOKUP(C17,APUS!$D$10:$Z$1486,23,0),2) -> 3533928 | P17: =ROUND(VLOOKUP(C17,APUS!$E$10:$Z$1486,22,0),2) -> 27611 | Q17: =ROUND(VLOOKUP(C17,APUS!$F$10:$Z$1486,21,0),2) -> 0 | R17: =ROUND(VLOOKUP(C17,APUS!$G$10:$Z$1486,20,0),2) -> 2424617 | S17: =SUM(O17:R17) -> 5986156 | V17: =CONCATENATE(C17," ","-"," ",D17) -> 1,7 - Relleno para zanja con material seleccionado de la excavación compactado al 90%
C18: 1.8 | D18: Relleno para zanja con material de préstamo (recebo) compactado 90% | E18: m3 | F18: =(F13*0.7*0.3) -> 20.7081 | G18: =+IFERROR(IF($Q$2="UNITARIOS",VLOOKUP(C18,$C$9:$Y$63,11,FALSE),VLOOKUP(C18,$C$9:$Y$63,12,FALSE)),0) -> 126792 | H18: =+ROUND(F18*G18,$Q$3) -> 2625621 | K18: =ROUND(F18*M18,$Q$3) -> 2625621 | L18: =ROUND(F18*N18,$Q$3) -> 3492090 | M18: =ROUND(VLOOKUP(C18,APUS!$H$10:$V$1486,14,0),2) -> 126792 | N18: =ROUND(VLOOKUP(C18,APUS!$I$10:$V$1486,13,0),2) -> 168634 | O18: =ROUND(VLOOKUP(C18,APUS!$D$10:$Z$1486,23,0),2) -> 72431 | P18: =ROUND(VLOOKUP(C18,APUS!$E$10:$Z$1486,22,0),2) -> 1889718 | Q18: =ROUND(VLOOKUP(C18,APUS!$F$10:$Z$1486,21,0),2) -> 208849 | R18: =ROUND(VLOOKUP(C18,APUS!$G$10:$Z$1486,20,0),2) -> 454616 | S18: =SUM(O18:R18) -> 2625614 | V18: =CONCATENATE(C18," ","-"," ",D18) -> 1,8 - Relleno para zanja con material de préstamo (recebo) compactado 90%
C19: 1.9 | D19: Cama de arena para cimentación de tubería Sanitaria | E19: ml | F19: =F21 -> 98.6 | G19: =+IFERROR(IF($Q$2="UNITARIOS",VLOOKUP(C19,$C$9:$Y$63,11,FALSE),VLOOKUP(C19,$C$9:$Y$63,12,FALSE)),0) -> 30405 | H19: =+ROUND(F19*G19,$Q$3) -> 2997933 | K19: =ROUND(F19*M19,$Q$3) -> 2997933 | L19: =ROUND(F19*N19,$Q$3) -> 3987187 | M19: =ROUND(VLOOKUP(C19,APUS!$H$10:$V$1486,14,0),2) -> 30405 | N19: =ROUND(VLOOKUP(C19,APUS!$I$10:$V$1486,13,0),2) -> 40438 | O19: =ROUND(VLOOKUP(C19,APUS!$D$10:$Z$1486,23,0),2) -> 67645 | P19: =ROUND(VLOOKUP(C19,APUS!$E$10:$Z$1486,22,0),2) -> 828240 | Q19: =ROUND(VLOOKUP(C19,APUS!$F$10:$Z$1486,21,0),2) -> 749143 | R19: =ROUND(VLOOKUP(C19,APUS!$G$10:$Z$1486,20,0),2) -> 1352886 | S19: =SUM(O19:R19) -> 2997914 | V19: =CONCATENATE(C19," ","-"," ",D19) -> 1,9 - Cama de arena para cimentación de tubería Sanitaria
C20: 1.1 | D20: Conexión y reparación de tubería de 8" a los pozos de inspección | E20: und | F20: 4 | G20: =+IFERROR(IF($Q$2="UNITARIOS",VLOOKUP(C20,$C$9:$Y$63,11,FALSE),VLOOKUP(C20,$C$9:$Y$63,12,FALSE)),0) -> 532975 | H20: =+ROUND(F20*G20,$Q$3) -> 2131900 | K20: =ROUND(F20*M20,$Q$3) -> 2131900 | L20: =ROUND(F20*N20,$Q$3) -> 2835428 | M20: =ROUND(VLOOKUP(C20,APUS!$H$10:$V$1486,14,0),2) -> 532975 | N20: =ROUND(VLOOKUP(C20,APUS!$I$10:$V$1486,13,0),2) -> 708857 | O20: =ROUND(VLOOKUP(C20,APUS!$D$10:$Z$1486,23,0),2) -> 54884 | P20: =ROUND(VLOOKUP(C20,APUS!$E$10:$Z$1486,22,0),2) -> 979341 | Q20: =ROUND(VLOOKUP(C20,APUS!$F$10:$Z$1486,21,0),2) -> 0 | R20: =ROUND(VLOOKUP(C20,APUS!$G$10:$Z$1486,20,0),2) -> 1097676 | S20: =SUM(O20:R20) -> 2131901 | V20: =CONCATENATE(C20," ","-"," ",D20) -> 1,1 - Conexión y reparación de tubería de 8" a los pozos de inspección
C21: 1.11 | D21: Suministro e instalaciónTubería corrugada sanitaria de 8" | E21: ml | F21: 98.6 | G21: =+IFERROR(IF($Q$2="UNITARIOS",VLOOKUP(C21,$C$9:$Y$63,11,FALSE),VLOOKUP(C21,$C$9:$Y$63,12,FALSE)),0) -> 139629 | H21: =+ROUND(F21*G21,$Q$3) -> 13767419 | K21: =ROUND(F21*M21,$Q$3) -> 13767419 | L21: =ROUND(F21*N21,$Q$3) -> 18310612 | M21: =ROUND(VLOOKUP(C21,APUS!$H$10:$V$1486,14,0),2) -> 139629 | N21: =ROUND(VLOOKUP(C21,APUS!$I$10:$V$1486,13,0),2) -> 185706 | O21: =ROUND(VLOOKUP(C21,APUS!$D$10:$Z$1486,23,0),2) -> 135289 | P21: =ROUND(VLOOKUP(C21,APUS!$E$10:$Z$1486,22,0),2) -> 10326082 | Q21: =ROUND(VLOOKUP(C21,APUS!$F$10:$Z$1486,21,0),2) -> 600228 | R21: =ROUND(VLOOKUP(C21,APUS!$G$10:$Z$1486,20,0),2) -> 2705771 | S21: =SUM(O21:R21) -> 13767370 | V21: =CONCATENATE(C21," ","-"," ",D21) -> 1,11 - Suministro e instalaciónTubería corrugada sanitaria de 8"
C22: 1.12 | D22: Suministro e instalacion de cajas dimiciliarias 0.6x0.6 (m) . Incluye tapas de concreto | E22: und | F22: 10 | G22: =+IFERROR(IF($Q$2="UNITARIOS",VLOOKUP(C22,$C$9:$Y$63,11,FALSE),VLOOKUP(C22,$C$9:$Y$63,12,FALSE)),0) -> 1068077 | H22: =+ROUND(F22*G22,$Q$3) -> 10680770 | K22: =ROUND(F22*M22,$Q$3) -> 10680770 | L22: =ROUND(F22*N22,$Q$3) -> 14205420 | M22: =ROUND(VLOOKUP(C22,APUS!$H$10:$V$1486,14,0),2) -> 1068077 | N22: =ROUND(VLOOKUP(C22,APUS!$I$10:$V$1486,13,0),2) -> 1420542 | O22: =ROUND(VLOOKUP(C22,APUS!$D$10:$Z$1486,23,0),2) -> 182946 | P22: =ROUND(VLOOKUP(C22,APUS!$E$10:$Z$1486,22,0),2) -> 4807653 | Q22: =ROUND(VLOOKUP(C22,APUS!$F$10:$Z$1486,21,0),2) -> 487000 | R22: =ROUND(VLOOKUP(C22,APUS!$G$10:$Z$1486,20,0),2) -> 3658920 | S22: =SUM(O22:R22) -> 9136519 | V22: =CONCATENATE(C22," ","-"," ",D22) -> 1,12 - Suministro e instalacion de cajas dimiciliarias 0.6x0.6 (m) . Incluye tapas de concreto
C23: 1.13 | D23: Conexiòn Domiciliaria - Tuberìa Sanitaria (D=6") | E23: Und | F23: 10 | G23: =+IFERROR(IF($Q$2="UNITARIOS",VLOOKUP(C23,$C$9:$Y$63,11,FALSE),VLOOKUP(C23,$C$9:$Y$63,12,FALSE)),0) -> 499991 | H23: =+ROUND(F23*G23,$Q$3) -> 4999910 | K23: =ROUND(F23*M23,$Q$3) -> 4999910 | L23: =ROUND(F23*N23,$Q$3) -> 6649890 | M23: =ROUND(VLOOKUP(C23,APUS!$H$10:$V$1486,14,0),2) -> 499991 | N23: =ROUND(VLOOKUP(C23,APUS!$I$10:$V$1486,13,0),2) -> 664989 | O23: =ROUND(VLOOKUP(C23,APUS!$D$10:$Z$1486,23,0),2) -> 137210 | P23: =ROUND(VLOOKUP(C23,APUS!$E$10:$Z$1486,22,0),2) -> 1648660 | Q23: =ROUND(VLOOKUP(C23,APUS!$F$10:$Z$1486,21,0),2) -> 284560 | R23: =ROUND(VLOOKUP(C23,APUS!$G$10:$Z$1486,20,0),2) -> 2744190 | S23: =SUM(O23:R23) -> 4814620 | V23: =CONCATENATE(C23," ","-"," ",D23) -> 1,13 - Conexiòn Domiciliaria - Tuberìa Sanitaria (D=6")
C24: 1.14 | D24: Kit Silla yee 8" a 6" (Incluye caucho y abrazadera) | E24: und | F24: 10 | G24: =+IFERROR(IF($Q$2="UNITARIOS",VLOOKUP(C24,$C$9:$Y$63,11,FALSE),VLOOKUP(C24,$C$9:$Y$63,12,FALSE)),0) -> 329585 | H24: =+ROUND(F24*G24,$Q$3) -> 3295850 | K24: =ROUND(F24*M24,$Q$3) -> 3295850 | L24: =ROUND(F24*N24,$Q$3) -> 4383480 | M24: =ROUND(VLOOKUP(C24,APUS!$H$10:$V$1486,14,0),2) -> 329585 | N24: =ROUND(VLOOKUP(C24,APUS!$I$10:$V$1486,13,0),2) -> 438348 | O24: =ROUND(VLOOKUP(C24,APUS!$D$10:$Z$1486,23,0),2) -> 18295 | P24: =ROUND(VLOOKUP(C24,APUS!$E$10:$Z$1486,22,0),2) -> 2668167 | Q24: =ROUND(VLOOKUP(C24,APUS!$F$10:$Z$1486,21,0),2) -> 243500 | R24: =ROUND(VLOOKUP(C24,APUS!$G$10:$Z$1486,20,0),2) -> 365892 | S24: =SUM(O24:R24) -> 3295854 | V24: =CONCATENATE(C24," ","-"," ",D24) -> 1,14 - Kit Silla yee 8" a 6" (Incluye caucho y abrazadera)
C25: SUBTOTAL COSTO DIRECTO | H25: =+SUM(H11:H24) -> 62260564
C26: ADMINISTRACCION | G26: 0.29 | H26: =+ROUND(H25*G26,0) -> 18055564
C27: IMPREVISTOS | G27: 0.01 | H27: =+ROUND(H25*G27,0) -> 622606
C28: UTILIDAD | G28: 0.05 | H28: =+ROUND(H25*G28,0) -> 3113028
C29: SUBTOTAL COSTO INDIRECTO (A.I.U.) | H29: =+SUM(H26:H28) -> 21791198
D30: TOTAL ALCANTARILLADO | H30: =H25+H29 -> 84051762
C32: CAP.2 | D32: COMPONENTE ACUEDUCTO
C33: 2.1 | D33: Localización y Replanteo con equipos topográficos | E33: m2 | F33: =99.1*1 -> 99.1 | G33: =G11 -> 4995 | H33: =+ROUND(F33*G33,$Q$3) -> 495005
C34: 2.2 | D34: Desmonte de pavimento en piedra labor (Incluye retiro y disposición final) | E34: m2 | F34: =F33 -> 99.1 | G34: =G12 -> 26270 | H34: =+ROUND(F34*G34,$Q$3) -> 2603357
C35: 2.3 | D35: Retiro de tubería existente de Acueducto (Incluye retiro y disposición final) | E35: ml | F35: 99.1 | G35: =APUS!U1520 -> 22042 | H35: =+ROUND(F35*G35,$Q$3) -> 2184362
C36: 2.4 | D36: Excavaciones en material común en seco a maquina (Incluye retiro y disposición final) | E36: m3 | F36: =(F35*0.6*0.6) -> 35.676 | G36: =G14 -> 57314 | H36: =+ROUND(F36*G36,$Q$3) -> 2044734
C37: 2.5 | D37: Excavaciones en material común en seco a mano (Incluye retiro y disposición final) | E37: m3 | F37: =F35*0.6*0.2+10*3.5*0.5*0.6 -> 22.392 | G37: =G15 -> 75555 | H37: =+ROUND(F37*G37,$Q$3) -> 1691828
C38: 2.6 | D38: Excavaciones en roca a mano (Incluye retiro y disposición final) | E38: m3 | F38: =(F35*0.6)*0.1 -> 5.946 | G38: =G16 -> 153555 | H38: =+ROUND(F38*G38,$Q$3) -> 913038
C39: 2.7 | D39: Relleno para zanja con material seleccionado de la excavación compactado al 90% | E39: m3 | F39: =(F35*0.6*0.5) -> 29.73 | G39: =G17 -> 54202 | H39: =+ROUND(F39*G39,$Q$3) -> 1611425
C40: 2.8 | D40: Relleno para zanja con material de préstamo (recebo) compactado 90% | E40: m3 | F40: =(F35*0.6*0.2) -> 11.892 | G40: =G18 -> 126792 | H40: =+ROUND(F40*G40,$Q$3) -> 1507810
C41: 2.9 | D41: Cama de arena para tuberia PVC Potable | E41: ml | F41: =F35 -> 99.1 | G41: =G19 -> 30405 | H41: =+ROUND(F41*G41,$Q$3) -> 3013136
C42: 2.1 | D42: Suministro e instalación de tuberiapresión pvc de 2" | E42: und | F42: =F35 -> 99.1 | G42: =APUS!U1573 -> 86487 | H42: =+ROUND(F42*G42,$Q$3) -> 8570862
C43: 2.11 | D43: Conexión domiciliaria potable presión RDE-21 (D=1/2") | E43: UND | F43: 10 | G43: =APUS!U1627 -> 687156 | H43: =+ROUND(F43*G43,$Q$3) -> 6871560
C45: SUBTOTAL COSTO DIRECTO | H45: =+SUM(H33:H43) -> 31507117
C46: ADMINISTRACCION | G46: 0.29 | H46: =+ROUND(H45*G46,0) -> 9137064
C47: IMPREVISTOS | G47: 0.01 | H47: =+ROUND(H45*G47,0) -> 315071
C48: UTILIDAD | G48: 0.05 | H48: =+ROUND(H45*G48,0) -> 1575356
C49: SUBTOTAL COSTO INDIRECTO (A.I.U.) | H49: =+SUM(H46:H48) -> 11027491
C51: COSTO TOTAL ACUEDUCTO | H51: =H45+H49 -> 42534608
V52: =CONCATENATE(C52," ","-"," ",D52) -> -
C53: CAP.3 | D53: ESTRUCTURA VIAL EN PIEDRA LABOR | V53: =CONCATENATE(C53," ","-"," ",D53) -> CAP.3 - ESTRUCTURA VIAL EN PIEDRA LABOR
C54: 3.1 | D54: Localización y Replanteo con equipos topográficos | E54: m2 | F54: =(91*6.8)+(8.1*6)-F11-F33 -> 469.2 | G54: =APUS!U348 -> 4995 | H54: =+ROUND(F54*G54,$Q$3) -> 2343654
C55: 3.2 | D55: Desmonte de pavimento en piedra labor (Incluye retiro y disposición final) | E55: m2 | F55: =(91*6.8)+(8.1*6)-F12-F34 -> 469.2 | G55: =APUS!U401 -> 26270 | H55: =+ROUND(F55*G55,$Q$3) -> 12325884
C56: 3.3 | D56: Excavaciones en material común en seco a maquina (Incluye retiro y disposición final) | E56: m3 | F56: =F54*0.25 -> 117.3 | G56: =+IFERROR(IF($Q$2="UNITARIOS",VLOOKUP(C56,$C$9:$Y$63,11,FALSE),VLOOKUP(C56,$C$9:$Y$63,12,FALSE)),0) -> 57314 | H56: =+ROUND(F56*G56,$Q$3) -> 6722932 | K56: =ROUND(F56*M56,$Q$3) -> 6722932 | L56: =ROUND(F56*N56,$Q$3) -> 8941544 | M56: =ROUND(VLOOKUP(C56,APUS!$H$10:$V$1486,14,0),2) -> 57314 | N56: =ROUND(VLOOKUP(C56,APUS!$I$10:$V$1486,13,0),2) -> 76228 | O56: =ROUND(VLOOKUP(C56,APUS!$D$10:$Z$1486,23,0),2) -> 5840432 | P56: =ROUND(VLOOKUP(C56,APUS!$E$10:$Z$1486,22,0),2) -> 0 | Q56: =ROUND(VLOOKUP(C56,APUS!$F$10:$Z$1486,21,0),2) -> 481399 | R56: =ROUND(VLOOKUP(C56,APUS!$G$10:$Z$1486,20,0),2) -> 401039 | S56: =SUM(O56:R56) -> 6722870 | V56: =CONCATENATE(C56," ","-"," ",D56) -> 3,3 - Excavaciones en material común en seco a maquina (Incluye retiro y disposición final)
C57: 3.4 | D57: Conformacion de la Subrasante a maquina | E57: m2 | F57: =F54+F11+F33 -> 667.4 | G57: =+IFERROR(IF($Q$2="UNITARIOS",VLOOKUP(C57,$C$9:$Y$63,11,FALSE),VLOOKUP(C57,$C$9:$Y$63,12,FALSE)),0) -> 4269 | H57: =+ROUND(F57*G57,$Q$3) -> 2849131 | K57: =ROUND(F57*M57,$Q$3) -> 2849131 | L57: =ROUND(F57*N57,$Q$3) -> 3788830 | M57: =ROUND(VLOOKUP(C57,APUS!$H$10:$V$1486,14,0),2) -> 4269 | N57: =ROUND(VLOOKUP(C57,APUS!$I$10:$V$1486,13,0),2) -> 5677 | O57: =ROUND(VLOOKUP(C57,APUS!$D$10:$Z$1486,23,0),2) -> 1708844 | P57: =ROUND(VLOOKUP(C57,APUS!$E$10:$Z$1486,22,0),2) -> 0 | Q57: =ROUND(VLOOKUP(C57,APUS!$F$10:$Z$1486,21,0),2) -> 0 | R57: =ROUND(VLOOKUP(C57,APUS!$G$10:$Z$1486,20,0),2) -> 1140894 | S57: =SUM(O57:R57) -> 2849738 | V57: =CONCATENATE(C57," ","-"," ",D57) -> 3,4 - Conformacion de la Subrasante a maquina
C58: 3.5 | D58: Subbase Granular Clase C (incluye suministro, extendido, nivelación, humedecido y compactación) | E58: m3 | F58: =99.1*6*0.15 -> 89.19 | G58: =+IFERROR(IF($Q$2="UNITARIOS",VLOOKUP(C58,$C$9:$Y$63,11,FALSE),VLOOKUP(C58,$C$9:$Y$63,12,FALSE)),0) -> 186106 | H58: =+ROUND(F58*G58,$Q$3) -> 16598794 | K58: =ROUND(F58*M58,$Q$3) -> 16598794 | L58: =ROUND(F58*N58,$Q$3) -> 22076398 | M58: =ROUND(VLOOKUP(C58,APUS!$H$10:$V$1486,14,0),2) -> 186106 | N58: =ROUND(VLOOKUP(C58,APUS!$I$10:$V$1486,13,0),2) -> 247521 | O58: =ROUND(VLOOKUP(C58,APUS!$D$10:$Z$1486,23,0),2) -> 3175775 | P58: =ROUND(VLOOKUP(C58,APUS!$E$10:$Z$1486,22,0),2) -> 12194503 | Q58: =ROUND(VLOOKUP(C58,APUS!$F$10:$Z$1486,21,0),2) -> 1037904 | R58: =ROUND(VLOOKUP(C58,APUS!$G$10:$Z$1486,20,0),2) -> 190583 | S58: =SUM(O58:R58) -> 16598765 | V58: =CONCATENATE(C58," ","-"," ",D58) -> 3,5 - Subbase Granular Clase C (incluye suministro, extendido, nivelación, humedecido y compactación)
C59: 3.6 | D59: Suministro e instalación de Pavimento en piedra labor e minimo = 0,15 m | E59: m2 | F59: =99.1*6 -> 594.6 | G59: =+IFERROR(IF($Q$2="UNITARIOS",VLOOKUP(C59,$C$9:$Y$63,11,FALSE),VLOOKUP(C59,$C$9:$Y$63,12,FALSE)),0) -> 280598 | H59: =+ROUND(F59*G59,$Q$3) -> 166843571 | K59: =ROUND(F59*M59,$Q$3) -> 166843571 | L59: =ROUND(F59*N59,$Q$3) -> 221902342 | M59: =ROUND(VLOOKUP(C59,APUS!$H$10:$V$1486,14,0),2) -> 280598 | N59: =ROUND(VLOOKUP(C59,APUS!$I$10:$V$1486,13,0),2) -> 373196 | O59: =ROUND(VLOOKUP(C59,APUS!$D$10:$Z$1486,23,0),2) -> 1945383 | P59: =ROUND(VLOOKUP(C59,APUS!$E$10:$Z$1486,22,0),2) -> 114336392 | Q59: =ROUND(VLOOKUP(C59,APUS!$F$10:$Z$1486,21,0),2) -> 11654160 | R59: =ROUND(VLOOKUP(C59,APUS!$G$10:$Z$1486,20,0),2) -> 38907597 | S59: =SUM(O59:R59) -> 166843532 | V59: =CONCATENATE(C59," ","-"," ",D59) -> 3,6 - Suministro e instalación de Pavimento en piedra labor e minimo = 0,15 m
C60: 3.7 | D60: Anden en piedra labor | E60: m2 | F60: =91*0.65 -> 59.15 | G60: =+IFERROR(IF($Q$2="UNITARIOS",VLOOKUP(C60,$C$9:$Y$63,11,FALSE),VLOOKUP(C60,$C$9:$Y$63,12,FALSE)),0) -> 228992 | H60: =+ROUND(F60*G60,$Q$3) -> 13544877 | K60: =ROUND(F60*M60,$Q$3) -> 13544877 | L60: =ROUND(F60*N60,$Q$3) -> 18014724 | M60: =ROUND(VLOOKUP(C60,APUS!$H$10:$V$1486,14,0),2) -> 228992 | N60: =ROUND(VLOOKUP(C60,APUS!$I$10:$V$1486,13,0),2) -> 304560 | O60: =ROUND(VLOOKUP(C60,APUS!$D$10:$Z$1486,23,0),2) -> 163751 | P60: =ROUND(VLOOKUP(C60,APUS!$E$10:$Z$1486,22,0),2) -> 9236642 | Q60: =ROUND(VLOOKUP(C60,APUS!$F$10:$Z$1486,21,0),2) -> 869505 | R60: =ROUND(VLOOKUP(C60,APUS!$G$10:$Z$1486,20,0),2) -> 3275017 | S60: =SUM(O60:R60) -> 13544915 | V60: =CONCATENATE(C60," ","-"," ",D60) -> 3.7 - Anden en piedra labor
C61: 3.8 | D61: Bordillos en piedra labor e=0,15 m | E61: ml | F61: =91 -> 91 | G61: =+IFERROR(IF($Q$2="UNITARIOS",VLOOKUP(C61,$C$9:$Y$63,11,FALSE),VLOOKUP(C61,$C$9:$Y$63,12,FALSE)),0) -> 143721 | H61: =+ROUND(F61*G61,$Q$3) -> 13078611 | K61: =ROUND(F61*M61,$Q$3) -> 13078611 | L61: =ROUND(F61*N61,$Q$3) -> 17394559 | M61: =ROUND(VLOOKUP(C61,APUS!$H$10:$V$1486,14,0),2) -> 143721 | N61: =ROUND(VLOOKUP(C61,APUS!$I$10:$V$1486,13,0),2) -> 191149 | O61: =ROUND(VLOOKUP(C61,APUS!$D$10:$Z$1486,23,0),2) -> 218336 | P61: =ROUND(VLOOKUP(C61,APUS!$E$10:$Z$1486,22,0),2) -> 7155866 | Q61: =ROUND(VLOOKUP(C61,APUS!$F$10:$Z$1486,21,0),2) -> 1337700 | R61: =ROUND(VLOOKUP(C61,APUS!$G$10:$Z$1486,20,0),2) -> 4366690 | S61: =SUM(O61:R61) -> 13078592 | V61: =CONCATENATE(C61," ","-"," ",D61) -> 3.8 - Bordillos en piedra labor e=0,15 m
C63: SUBTOTAL COSTO DIRECTO | H63: =SUM(H54:H61) -> 234307454 | K63: =SUM(K9:K62) -> 276526171 | L63: =SUM(L9:L62) -> 367779800 | M63: =SUM(M9:M62) -> 3969080 | N63: =SUM(N9:N62) -> 5278880 | O63: =SUM(O9:O62) -> 23701466 | P63: =SUM(P9:P62) -> 166098875 | Q63: =SUM(Q9:Q62) -> 18592342 | R63: =SUM(R9:R62) -> 66404219
C64: ADMINISTRACCION | G64: 0.29 | H64: =+ROUND($H$63*G64,0) -> 67949162
C65: IMPREVISTOS | G65: 0.01 | H65: =+ROUND($H$63*G65,0) -> 2343075
C66: UTILIDAD | G66: 0.05 | H66: =+ROUND($H$63*G66,0) -> 11715373
C67: I.V.A. SOBRE LA UTILIDAD | H67: =+ROUND(H66*G67,$Q$3) -> 0
C68: SUBTOTAL COSTO INDIRECTO (A.I.U.) | H68: =+SUM(H64:H67) -> 82007610
C70: COSTO TOTAL PAVIMENTACIÓN | H70: =H63+H68 -> 316315064
C71: PLAN DE MANEJO AMBIENTAL | K71: =$H$63*1% -> 2343074.5
C72: INTERVENTORIA | K72: =$H$63*7% -> 16401522
C73: COSTO TOTAL PROYECTO | H73: =SUM(H70:H72) -> 316315064 | K73: =H70+K71+K72 -> 3.3505966e+08
C75: TOTAL OBRA | H75: =H51+H70+H30 -> 442901434
C77: ELABORO: | E77: APROBO: | K77: 38486260
K78: =K77-H73 -> -2.778288e+08 | L78: =K77-L77 -> 38486260
C81: =INFORMACION!C25 -> ING. JEYSON JULIAN LEON RUEDA | E81: =INFORMACION!C14 -> ARQ. YASMID ROCÍO CARRILLO MORA
C82: =INFORMACION!C26 -> MP. 68202-416348 STD | E82: =INFORMACION!$C$15 -> SECRETARIA DE PLANEACIÓN Y OBRAS PÚBLICAS
E83: =INFORMACION!$C$16 -> MUNICIPIO DE PINCHOTE

Sheet RENDIMIENTO
B3: ITEM | C3: DESCRIPCIÓN | D3: UND | E3: CANTIDAD | F3: RENDIMIENTO | H3: TOTAL
F4: X CUADRILLA | G4: # CUARILLAS | H4: DIAS | I4: MESES
B6: =PPTO!#REF! -> #REF!
B7: CAP.1 | C7: =VLOOKUP(B7,PPTO!$C$7:$H$59,2,0) -> COMPONENTE ALCANTARILLADO | L7: =CONCATENATE(B7," ","-"," ",C7) -> CAP.1 - COMPONENTE ALCANTARILLADO
B8: 1.1 | C8: =VLOOKUP(B8,PPTO!$C$7:$H$59,2,0) -> Localización y Replanteo con equipos topográficos | D8: =VLOOKUP(B8,PPTO!$C$7:$H$59,3,0) -> m2 | E8: =VLOOKUP(B8,PPTO!$C$7:$H$59,4,0) -> 99.1 | F8: =ROUND(VLOOKUP(B8,APUS!$J$10:$Z$1486,8,0),2) -> 150 | G8: 2 | H8: =ROUNDUP(E8/(F8*G8),0) -> 1 | I8: =ROUND(H8/30,2) -> 0.03 | L8: =CONCATENATE(B8," ","-"," ",C8) -> 1.1 - Localización y Replanteo con equipos topográficos
B9: 1.2 | C9: =VLOOKUP(B9,PPTO!$C$7:$H$59,2,0) -> Desmonte de pavimento en piedra labor (Incluye retiro y disposición final) | D9: =VLOOKUP(B9,PPTO!$C$7:$H$59,3,0) -> m2 | E9: =VLOOKUP(B9,PPTO!$C$7:$H$59,4,0) -> 99.1 | F9: =ROUND(VLOOKUP(B9,APUS!$J$10:$Z$1486,8,0),2) -> 20 | G9: 4 | H9: =ROUNDUP(E9/(F9*G9),0) -> 2 | I9: =ROUND(H9/30,2) -> 0.07 | L9: =CONCATENATE(B9," ","-"," ",C9) -> 1.2 - Desmonte de pavimento en piedra labor (Incluye retiro y disposición final)
B10: 1.3 | C10: =VLOOKUP(B10,PPTO!$C$7:$H$59,2,0) -> Retiro de tubería existente de alcantarillado (Incluye retiro y disposición final) | D10: =VLOOKUP(B10,PPTO!$C$7:$H$59,3,0) -> ml | E10: =VLOOKUP(B10,PPTO!$C$7:$H$59,4,0) -> 98.61 | F10: =ROUND(VLOOKUP(B10,APUS!$J$10:$Z$1486,8,0),2) -> 20 | G10: 2 | H10: =ROUNDUP(E10/(F10*G10),0) -> 3 | I10: =ROUND(H10/30,2) -> 0.1 | L10: =CONCATENATE(B10," ","-"," ",C10) -> 1.3 - Retiro de tubería existente de alcantarillado (Incluye retiro y disposición final)
B11: 1.4 | C11: =VLOOKUP(B11,PPTO!$C$7:$H$59,2,0) -> #N/A | D11: =VLOOKUP(B11,PPTO!$C$7:$H$59,3,0) -> #N/A | E11: =VLOOKUP(B11,PPTO!$C$7:$H$59,4,0) -> #N/A | F11: =ROUND(VLOOKUP(B11,APUS!$J$10:$Z$1486,8,0),2) -> #N/A | G11: 1 | H11: =ROUNDUP(E11/(F11*G11),0) -> #N/A | I11: =ROUND(H11/30,2) -> #N/A | L11: =CONCATENATE(B11," ","-"," ",C11) -> #N/A
B12: 1.5 | C12: =VLOOKUP(B12,PPTO!$C$7:$H$59,2,0) -> #N/A | D12: =VLOOKUP(B12,PPTO!$C$7:$H$59,3,0) -> #N/A | E12: =VLOOKUP(B12,PPTO!$C$7:$H$59,4,0) -> #N/A | F12: =ROUND(VLOOKUP(B12,APUS!$J$10:$Z$1486,8,0),2) -> #N/A | G12: 1 | H12: =ROUNDUP(E12/(F12*G12),0) -> #N/A | I12: =ROUND(H12/30,2) -> #N/A | L12: =CONCATENATE(B12," ","-"," ",C12) -> #N/A
B13: 1.6 | C13: =VLOOKUP(B13,PPTO!$C$7:$H$59,2,0) -> #N/A | D13: =VLOOKUP(B13,PPTO!$C$7:$H$59,3,0) -> #N/A | E13: =VLOOKUP(B13,PPTO!$C$7:$H$59,4,0) -> #N/A | F13: =ROUND(VLOOKUP(B13,APUS!$J$10:$Z$1486,8,0),2) -> #N/A | G13: 4 | H13: =ROUNDUP(E13/(F13*G13),0) -> #N/A | I13: =ROUND(H13/30,2) -> #N/A | L13: =CONCATENATE(B13," ","-"," ",C13) -> #N/A
B14: 1.7 | C14: =VLOOKUP(B14,PPTO!$C$7:$H$59,2,0) -> #N/A | D14: =VLOOKUP(B14,PPTO!$C$7:$H$59,3,0) -> #N/A | E14: =VLOOKUP(B14,PPTO!$C$7:$H$59,4,0) -> #N/A | F14: =ROUND(VLOOKUP(B14,APUS!$J$10:$Z$1486,8,0),2) -> #N/A | G14: 1 | H14: =ROUNDUP(E14/(F14*G14),0) -> #N/A | I14: =ROUND(H14/30,2) -> #N/A | L14: =CONCATENATE(B14," ","-"," ",C14) -> #N/A
B15: 1.8 | C15: =VLOOKUP(B15,PPTO!$C$7:$H$59,2,0) -> #N/A | D15: =VLOOKUP(B15,PPTO!$C$7:$H$59,3,0) -> #N/A | E15: =VLOOKUP(B15,PPTO!$C$7:$H$59,4,0) -> #N/A | F15: =ROUND(VLOOKUP(B15,APUS!$J$10:$Z$1486,8,0),2) -> #N/A | G15: 1 | H15: =ROUNDUP(E15/(F15*G15),0) -> #N/A | I15: =ROUND(H15/30,2) -> #N/A | L15: =CONCATENATE(B15," ","-"," ",C15) -> #N/A
B16: 1.9 | C16: =VLOOKUP(B16,PPTO!$C$7:$H$59,2,0) -> #N/A | D16: =VLOOKUP(B16,PPTO!$C$7:$H$59,3,0) -> #N/A | E16: =VLOOKUP(B16,PPTO!$C$7:$H$59,4,0) -> #N/A | F16: =ROUND(VLOOKUP(B16,APUS!$J$10:$Z$1486,8,0),2) -> #N/A | G16: 2 | H16: =ROUNDUP(E16/(F16*G16),0) -> #N/A | I16: =ROUND(H16/30,2) -> #N/A | L16: =CONCATENATE(B16," ","-"," ",C16) -> #N/A
B17: CAP.2 | C17: =VLOOKUP(B17,PPTO!$C$7:$H$59,2,0) -> COMPONENTE ACUEDUCTO | L17: =CONCATENATE(B17," ","-"," ",C17) -> CAP.2 - COMPONENTE ACUEDUCTO
B18: 2.1 | C18: =VLOOKUP(B18,PPTO!$C$7:$H$59,2,0) -> #N/A | D18: =VLOOKUP(B18,PPTO!$C$7:$H$59,3,0) -> #N/A | E18: =VLOOKUP(B18,PPTO!$C$7:$H$59,4,0) -> #N/A | F18: =ROUND(VLOOKUP(B18,APUS!$J$10:$Z$1486,8,0),2) -> #N/A | G18: 8 | H18: =ROUNDUP(E18/(F18*G18),0) -> #N/A | I18: =ROUND(H18/30,2) -> #N/A | L18: =CONCATENATE(B18," ","-"," ",C18) -> #N/A
B19: 2.2 | C19: =VLOOKUP(B19,PPTO!$C$7:$H$59,2,0) -> #N/A | D19: =VLOOKUP(B19,PPTO!$C$7:$H$59,3,0) -> #N/A | E19: =VLOOKUP(B19,PPTO!$C$7:$H$59,4,0) -> #N/A | F19: =ROUND(VLOOKUP(B19,APUS!$J$10:$Z$1486,8,0),2) -> #N/A | G19: 2 | H19: =ROUNDUP(E19/(F19*G19),0) -> #N/A | I19: =ROUND(H19/30,2) -> #N/A | L19: =CONCATENATE(B19," ","-"," ",C19) -> #N/A
B20: 2.3 | C20: =VLOOKUP(B20,PPTO!$C$7:$H$59,2,0) -> #N/A | D20: =VLOOKUP(B20,PPTO!$C$7:$H$59,3,0) -> #N/A | E20: =VLOOKUP(B20,PPTO!$C$7:$H$59,4,0) -> #N/A | F20: =ROUND(VLOOKUP(B20,APUS!$J$10:$Z$1486,8,0),2) -> #N/A | G20: 8 | H20: =ROUNDUP(E20/(F20*G20),0) -> #N/A | I20: =ROUND(H20/30,2) -> #N/A | L20: =CONCATENATE(B20," ","-"," ",C20) -> #N/A
B21: 2.4 | C21: =VLOOKUP(B21,PPTO!$C$7:$H$59,2,0) -> #N/A | D21: =VLOOKUP(B21,PPTO!$C$7:$H$59,3,0) -> #N/A | E21: =VLOOKUP(B21,PPTO!$C$7:$H$59,4,0) -> #N/A | F21: =ROUND(VLOOKUP(B21,APUS!$J$10:$Z$1486,8,0),2) -> #N/A | G21: 10 | H21: =ROUNDUP(E21/(F21*G21),0) -> #N/A | I21: =ROUND(H21/30,2) -> #N/A | L21: =CONCATENATE(B21," ","-"," ",C21) -> #N/A
B22: 2.5 | C22: =VLOOKUP(B22,PPTO!$C$7:$H$59,2,0) -> #N/A | D22: =VLOOKUP(B22,PPTO!$C$7:$H$59,3,0) -> #N/A | E22: =VLOOKUP(B22,PPTO!$C$7:$H$59,4,0) -> #N/A | F22: =ROUND(VLOOKUP(B22,APUS!$J$10:$Z$1486,8,0),2) -> #N/A | G22: 15 | H22: =ROUNDUP(E22/(F22*G22),0) -> #N/A | I22: =ROUND(H22/30,2) -> #N/A | L22: =CONCATENATE(B22," ","-"," ",C22) -> #N/A
B23: 2.6 | C23: =VLOOKUP(B23,PPTO!$C$7:$H$59,2,0) -> #N/A | D23: =VLOOKUP(B23,PPTO!$C$7:$H$59,3,0) -> #N/A | E23: =VLOOKUP(B23,PPTO!$C$7:$H$59,4,0) -> #N/A | F23: =ROUND(VLOOKUP(B23,APUS!$J$10:$Z$1486,8,0),2) -> #N/A | G23: 2 | H23: =ROUNDUP(E23/(F23*G23),0) -> #N/A | I23: =ROUND(H23/30,2) -> #N/A | L23: =CONCATENATE(B23," ","-"," ",C23) -> #N/A
B24: CAP.3 | C24: =VLOOKUP(B24,PPTO!$C$7:$H$59,2,0) -> ESTRUCTURA VIAL EN PIEDRA LABOR | L24: =CONCATENATE(B24," ","-"," ",C24) -> CAP.3 - ESTRUCTURA VIAL EN PIEDRA LABOR
B25: 3.1 | C25: =VLOOKUP(B25,PPTO!$C$7:$H$59,2,0) -> #N/A | D25: =VLOOKUP(B25,PPTO!$C$7:$H$59,3,0) -> #N/A | E25: =VLOOKUP(B25,PPTO!$C$7:$H$59,4,0) -> #N/A | F25: =ROUND(VLOOKUP(B25,APUS!$J$10:$Z$1486,8,0),2) -> #N/A | G25: 3 | H25: =ROUNDUP(E25/(F25*G25),0) -> #N/A | I25: =ROUND(H25/30,2) -> #N/A | L25: =CONCATENATE(B25," ","-"," ",C25) -> #N/A
B26: 3.2 | C26: =VLOOKUP(B26,PPTO!$C$7:$H$59,2,0) -> #N/A | D26: =VLOOKUP(B26,PPTO!$C$7:$H$59,3,0) -> #N/A | E26: =VLOOKUP(B26,PPTO!$C$7:$H$59,4,0) -> #N/A | F26: =ROUND(VLOOKUP(B26,APUS!$J$10:$Z$1486,8,0),2) -> #N/A | G26: 3 | H26: =ROUNDUP(E26/(F26*G26),0) -> #N/A | I26: =ROUND(H26/30,2) -> #N/A | L26: =CONCATENATE(B26," ","-"," ",C26) -> #N/A
B27: 3.3 | C27: =VLOOKUP(B27,PPTO!$C$7:$H$59,2,0) -> #N/A | D27: =VLOOKUP(B27,PPTO!$C$7:$H$59,3,0) -> #N/A | E27: =VLOOKUP(B27,PPTO!$C$7:$H$59,4,0) -> #N/A | F27: =ROUND(VLOOKUP(B27,APUS!$J$10:$Z$1486,8,0),2) -> #N/A | G27: 2 | H27: =ROUNDUP(E27/(F27*G27),0) -> #N/A | I27: =ROUND(H27/30,2) -> #N/A | L27: =CONCATENATE(B27," ","-"," ",C27) -> #N/A
B28: 3.4 | C28: =VLOOKUP(B28,PPTO!$C$7:$H$59,2,0) -> #N/A | D28: =VLOOKUP(B28,PPTO!$C$7:$H$59,3,0) -> #N/A | E28: =VLOOKUP(B28,PPTO!$C$7:$H$59,4,0) -> #N/A | F28: =ROUND(VLOOKUP(B28,APUS!$J$10:$Z$1486,8,0),2) -> #N/A | G28: 8 | H28: =ROUNDUP(E28/(F28*G28),0) -> #N/A | I28: =ROUND(H28/30,2) -> #N/A | L28: =CONCATENATE(B28," ","-"," ",C28) -> #N/A
B29: 3.5 | C29: =VLOOKUP(B29,PPTO!$C$7:$H$59,2,0) -> #N/A | D29: =VLOOKUP(B29,PPTO!$C$7:$H$59,3,0) -> #N/A | E29: =VLOOKUP(B29,PPTO!$C$7:$H$59,4,0) -> #N/A | F29: =ROUND(VLOOKUP(B29,APUS!$J$10:$Z$1486,8,0),2) -> 50 | G29: 2 | H29: =ROUNDUP(E29/(F29*G29),0) -> #N/A | I29: =ROUND(H29/30,2) -> #N/A | L29: =CONCATENATE(B29," ","-"," ",C29) -> #N/A
B30: 3.6 | C30: =VLOOKUP(B30,PPTO!$C$7:$H$59,2,0) -> #N/A | D30: =VLOOKUP(B30,PPTO!$C$7:$H$59,3,0) -> #N/A | E30: =VLOOKUP(B30,PPTO!$C$7:$H$59,4,0) -> #N/A | F30: =ROUND(VLOOKUP(B30,APUS!$J$10:$Z$1486,8,0),2) -> 20 | G30: 2 | H30: =ROUNDUP(E30/(F30*G30),0) -> #N/A | I30: =ROUND(H30/30,2) -> #N/A | L30: =CONCATENATE(B30," ","-"," ",C30) -> #N/A
B31: 3.7 | C31: =VLOOKUP(B31,PPTO!$C$7:$H$59,2,0) -> #N/A | D31: =VLOOKUP(B31,PPTO!$C$7:$H$59,3,0) -> #N/A | E31: =VLOOKUP(B31,PPTO!$C$7:$H$59,4,0) -> #N/A | F31: =ROUND(VLOOKUP(B31,APUS!$J$10:$Z$1486,8,0),2) -> 13 | G31: 3 | H31: =ROUNDUP(E31/(F31*G31),0) -> #N/A | I31: =ROUND(H31/30,2) -> #N/A | L31: =CONCATENATE(B31," ","-"," ",C31) -> #N/A
B32: 3.8 | C32: =VLOOKUP(B32,PPTO!$C$7:$H$59,2,0) -> #N/A | D32: =VLOOKUP(B32,PPTO!$C$7:$H$59,3,0) -> #N/A | E32: =VLOOKUP(B32,PPTO!$C$7:$H$59,4,0) -> #N/A | F32: =ROUND(VLOOKUP(B32,APUS!$J$10:$Z$1486,8,0),2) -> 15 | G32: 2 | H32: =ROUNDUP(E32/(F32*G32),0) -> #N/A | I32: =ROUND(H32/30,2) -> #N/A | L32: =CONCATENATE(B32," ","-"," ",C32) -> #N/A
B33: 3.9 | C33: =VLOOKUP(B33,PPTO!$C$7:$H$59,2,0) -> #N/A | D33: =VLOOKUP(B33,PPTO!$C$7:$H$59,3,0) -> #N/A | E33: =VLOOKUP(B33,PPTO!$C$7:$H$59,4,0) -> #N/A | F33: =ROUND(VLOOKUP(B33,APUS!$J$10:$Z$1486,8,0),2) -> #N/A | G33: 2 | H33: =ROUNDUP(E33/(F33*G33),0) -> #N/A | I33: =ROUND(H33/30,2) -> #N/A | L33: =CONCATENATE(B33," ","-"," ",C33) -> #N/A
B34: 3.10 | C34: =VLOOKUP(B34,PPTO!$C$7:$H$59,2,0) -> #N/A | D34: =VLOOKUP(B34,PPTO!$C$7:$H$59,3,0) -> #N/A | E34: =VLOOKUP(B34,PPTO!$C$7:$H$59,4,0) -> #N/A | F34: =ROUND(VLOOKUP(B34,APUS!$J$10:$Z$1486,8,0),2) -> #N/A | G34: 2 | H34: =ROUNDUP(E34/(F34*G34),0) -> #N/A | I34: =ROUND(H34/30,2) -> #N/A | L34: =CONCATENATE(B34," ","-"," ",C34) -> #N/A
B35: 3.11 | C35: =VLOOKUP(B35,PPTO!$C$7:$H$59,2,0) -> #N/A | D35: =VLOOKUP(B35,PPTO!$C$7:$H$59,3,0) -> #N/A | E35: =VLOOKUP(B35,PPTO!$C$7:$H$59,4,0) -> #N/A | F35: =ROUND(VLOOKUP(B35,APUS!$J$10:$Z$1486,8,0),2) -> #N/A | G35: 2 | H35: =ROUNDUP(E35/(F35*G35),0) -> #N/A | I35: =ROUND(H35/30,2) -> #N/A | L35: =CONCATENATE(B35," ","-"," ",C35) -> #N/A
B36: 3.12 | C36: =VLOOKUP(B36,PPTO!$C$7:$H$59,2,0) -> #N/A | D36: =VLOOKUP(B36,PPTO!$C$7:$H$59,3,0) -> #N/A | E36: =VLOOKUP(B36,PPTO!$C$7:$H$59,4,0) -> #N/A | F36: =ROUND(VLOOKUP(B36,APUS!$J$10:$Z$1486,8,0),2) -> #N/A | G36: 2 | H36: =ROUNDUP(E36/(F36*G36),0) -> #N/A | I36: =ROUND(H36/30,2) -> #N/A | L36: =CONCATENATE(B36," ","-"," ",C36) -> #N/A
... B38: 3.14 | C38: =VLOOKUP(B38,PPTO!$C$7:$H$59,2,0) -> #N/A | D38: =VLOOKUP(B38,PPTO!$C$7:$H$59,3,0) -> #N/A | E38: =VLOOKUP(B38,PPTO!$C$7:$H$59,4,0) -> #N/A | F38: =ROUND(VLOOKUP(B38,APUS!$J$10:$Z$1486,8,0),2) -> #N/A | G38: 2 | H38: =ROUNDUP(E38/(F38*G38),0) -> #N/A | I38: =ROUND(H38/30,2) -> #N/A | L38: =CONCATENATE(B38," ","-"," ",C38) -> #N/A
B39: CAP.4 | C39: =VLOOKUP(B39,PPTO!$C$7:$H$59,2,0) -> #N/A | L39: =CONCATENATE(B39," ","-"," ",C39) -> #N/A
B40: 4.1 | C40: =VLOOKUP(B40,PPTO!$C$7:$H$59,2,0) -> #N/A | D40: =VLOOKUP(B40,PPTO!$C$7:$H$59,3,0) -> #N/A | E40: =VLOOKUP(B40,PPTO!$C$7:$H$59,4,0) -> #N/A | F40: =ROUND(VLOOKUP(B40,APUS!$J$10:$Z$1486,8,0),2) -> #N/A | G40: 2 | H40: =ROUNDUP(E40/(F40*G40),0) -> #N/A | I40: =ROUND(H40/30,2) -> #N/A | L40: =CONCATENATE(B40," ","-"," ",C40) -> #N/A
B41: 4.2 | C41: =VLOOKUP(B41,PPTO!$C$7:$H$59,2,0) -> #N/A | D41: =VLOOKUP(B41,PPTO!$C$7:$H$59,3,0) -> #N/A | E41: =VLOOKUP(B41,PPTO!$C$7:$H$59,4,0) -> #N/A | F41: =ROUND(VLOOKUP(B41,APUS!$J$10:$Z$1486,8,0),2) -> #N/A | G41: 2 | H41: =ROUNDUP(E41/(F41*G41),0) -> #N/A | I41: =ROUND(H41/30,2) -> #N/A | L41: =CONCATENATE(B41," ","-"," ",C41) -> #N/A
B42: 4.3 | C42: =VLOOKUP(B42,PPTO!$C$7:$H$59,2,0) -> #N/A | D42: =VLOOKUP(B42,PPTO!$C$7:$H$59,3,0) -> #N/A | E42: =VLOOKUP(B42,PPTO!$C$7:$H$59,4,0) -> #N/A | F42: =ROUND(VLOOKUP(B42,APUS!$J$10:$Z$1486,8,0),2) -> #N/A | G42: 2 | H42: =ROUNDUP(E42/(F42*G42),0) -> #N/A | I42: =ROUND(H42/30,2) -> #N/A | L42: =CONCATENATE(B42," ","-"," ",C42) -> #N/A
B43: 4.4 | C43: =VLOOKUP(B43,PPTO!$C$7:$H$59,2,0) -> #N/A | D43: =VLOOKUP(B43,PPTO!$C$7:$H$59,3,0) -> #N/A | E43: =VLOOKUP(B43,PPTO!$C$7:$H$59,4,0) -> #N/A | F43: =ROUND(VLOOKUP(B43,APUS!$J$10:$Z$1486,8,0),2) -> #N/A | G43: 2 | H43: =ROUNDUP(E43/(F43*G43),0) -> #N/A | I43: =ROUND(H43/30,2) -> #N/A | L43: =CONCATENATE(B43," ","-"," ",C43) -> #N/A
B44: 4.5 | C44: =VLOOKUP(B44,PPTO!$C$7:$H$59,2,0) -> #N/A | D44: =VLOOKUP(B44,PPTO!$C$7:$H$59,3,0) -> #N/A | E44: =VLOOKUP(B44,PPTO!$C$7:$H$59,4,0) -> #N/A | F44: =ROUND(VLOOKUP(B44,APUS!$J$10:$Z$1486,8,0),2) -> #N/A | G44: 2 | H44: =ROUNDUP(E44/(F44*G44),0) -> #N/A | I44: =ROUND(H44/30,2) -> #N/A | L44: =CONCATENATE(B44," ","-"," ",C44) -> #N/A
B45: 4.6 | C45: =VLOOKUP(B45,PPTO!$C$7:$H$59,2,0) -> #N/A | D45: =VLOOKUP(B45,PPTO!$C$7:$H$59,3,0) -> #N/A | E45: =VLOOKUP(B45,PPTO!$C$7:$H$59,4,0) -> #N/A | F45: =ROUND(VLOOKUP(B45,APUS!$J$10:$Z$1486,8,0),2) -> #N/A | G45: 2 | H45: =ROUNDUP(E45/(F45*G45),0) -> #N/A | I45: =ROUND(H45/30,2) -> #N/A | L45: =CONCATENATE(B45," ","-"," ",C45) -> #N/A
B46: CAP.5 | C46: =VLOOKUP(B46,PPTO!$C$7:$H$59,2,0) -> #N/A | L46: =CONCATENATE(B46," ","-"," ",C46) -> #N/A
B47: 5.1 | C47: =VLOOKUP(B47,PPTO!$C$7:$H$59,2,0) -> #N/A | D47: =VLOOKUP(B47,PPTO!$C$7:$H$59,3,0) -> #N/A | E47: =VLOOKUP(B47,PPTO!$C$7:$H$59,4,0) -> #N/A | F47: =ROUND(VLOOKUP(B47,APUS!$J$10:$Z$1486,8,0),2) -> #N/A | G47: 4 | H47: =ROUNDUP(E47/(F47*G47),0) -> #N/A | I47: =ROUND(H47/30,2) -> #N/A | L47: =CONCATENATE(B47," ","-"," ",C47) -> #N/A
B48: 5.2 | C48: =VLOOKUP(B48,PPTO!$C$7:$H$59,2,0) -> #N/A | D48: =VLOOKUP(B48,PPTO!$C$7:$H$59,3,0) -> #N/A | E48: =VLOOKUP(B48,PPTO!$C$7:$H$59,4,0) -> #N/A | F48: =ROUND(VLOOKUP(B48,APUS!$J$10:$Z$1486,8,0),2) -> #N/A | G48: 2 | H48: =ROUNDUP(E48/(F48*G48),0) -> #N/A | I48: =ROUND(H48/30,2) -> #N/A | L48: =CONCATENATE(B48," ","-"," ",C48) -> #N/A
B49: 5.3 | C49: =VLOOKUP(B49,PPTO!$C$7:$H$59,2,0) -> #N/A | D49: =VLOOKUP(B49,PPTO!$C$7:$H$59,3,0) -> #N/A | E49: =VLOOKUP(B49,PPTO!$C$7:$H$59,4,0) -> #N/A | F49: =ROUND(VLOOKUP(B49,APUS!$J$10:$Z$1486,8,0),2) -> #N/A | G49: 2 | H49: =ROUNDUP(E49/(F49*G49),0) -> #N/A | I49: =ROUND(H49/30,2) -> #N/A | L49: =CONCATENATE(B49," ","-"," ",C49) -> #N/A
B50: 5.4 | C50: =VLOOKUP(B50,PPTO!$C$7:$H$59,2,0) -> #N/A | D50: =VLOOKUP(B50,PPTO!$C$7:$H$59,3,0) -> #N/A | E50: =VLOOKUP(B50,PPTO!$C$7:$H$59,4,0) -> #N/A | F50: =ROUND(VLOOKUP(B50,APUS!$J$10:$Z$1486,8,0),2) -> #N/A | G50: 15 | H50: =ROUNDUP(E50/(F50*G50),0) -> #N/A | I50: =ROUND(H50/30,2) -> #N/A | L50: =CONCATENATE(B50," ","-"," ",C50) -> #N/A
B51: 5.5 | C51: =VLOOKUP(B51,PPTO!$C$7:$H$59,2,0) -> #N/A | D51: =VLOOKUP(B51,PPTO!$C$7:$H$59,3,0) -> #N/A | E51: =VLOOKUP(B51,PPTO!$C$7:$H$59,4,0) -> #N/A | F51: =ROUND(VLOOKUP(B51,APUS!$J$10:$Z$1486,8,0),2) -> #N/A | G51: 2 | H51: =ROUNDUP(E51/(F51*G51),0) -> #N/A | I51: =ROUND(H51/30,2) -> #N/A | L51: =CONCATENATE(B51," ","-"," ",C51) -> #N/A
B52: 5.6 | C52: =VLOOKUP(B52,PPTO!$C$7:$H$59,2,0) -> #N/A | D52: =VLOOKUP(B52,PPTO!$C$7:$H$59,3,0) -> #N/A | E52: =VLOOKUP(B52,PPTO!$C$7:$H$59,4,0) -> #N/A | F52: =ROUND(VLOOKUP(B52,APUS!$J$10:$Z$1486,8,0),2) -> #N/A | G52: 1 | H52: =ROUNDUP(E52/(F52*G52),0) -> #N/A | I52: =ROUND(H52/30,2) -> #N/A | L52: =CONCATENATE(B52," ","-"," ",C52) -> #N/A
B53: 5.7 | C53: =VLOOKUP(B53,PPTO!$C$7:$H$59,2,0) -> #N/A | D53: =VLOOKUP(B53,PPTO!$C$7:$H$59,3,0) -> #N/A | E53: =VLOOKUP(B53,PPTO!$C$7:$H$59,4,0) -> #N/A | F53: =ROUND(VLOOKUP(B53,APUS!$J$10:$Z$1486,8,0),2) -> #N/A | G53: 2 | H53: =ROUNDUP(E53/(F53*G53),0) -> #N/A | I53: =ROUND(H53/30,2) -> #N/A | L53: =CONCATENATE(B53," ","-"," ",C53) -> #N/A
B54: 5.8 | C54: =VLOOKUP(B54,PPTO!$C$7:$H$59,2,0) -> #N/A | D54: =VLOOKUP(B54,PPTO!$C$7:$H$59,3,0) -> #N/A | E54: =VLOOKUP(B54,PPTO!$C$7:$H$59,4,0) -> #N/A | F54: =ROUND(VLOOKUP(B54,APUS!$J$10:$Z$1486,8,0),2) -> #N/A | G54: 2 | H54: =ROUNDUP(E54/(F54*G54),0) -> #N/A | I54: =ROUND(H54/30,2) -> #N/A | L54: =CONCATENATE(B54," ","-"," ",C54) -> #N/A
B55: CAP.6 | C55: =VLOOKUP(B55,PPTO!$C$7:$H$59,2,0) -> #N/A | L55: =CONCATENATE(B55," ","-"," ",C55) -> #N/A
B56: 6.1 | C56: =VLOOKUP(B56,PPTO!$C$7:$H$59,2,0) -> #N/A | D56: =VLOOKUP(B56,PPTO!$C$7:$H$59,3,0) -> #N/A | E56: =VLOOKUP(B56,PPTO!$C$7:$H$59,4,0) -> #N/A | F56: =ROUND(VLOOKUP(B56,APUS!$J$10:$Z$1486,8,0),2) -> #N/A | G56: 2 | H56: =ROUNDUP(E56/(F56*G56),0) -> #N/A | I56: =ROUND(H56/30,2) -> #N/A | L56: =CONCATENATE(B56," ","-"," ",C56) -> #N/A
B57: 6.2 | C57: =VLOOKUP(B57,PPTO!$C$7:$H$59,2,0) -> #N/A | D57: =VLOOKUP(B57,PPTO!$C$7:$H$59,3,0) -> #N/A | E57: =VLOOKUP(B57,PPTO!$C$7:$H$59,4,0) -> #N/A | F57: =ROUND(VLOOKUP(B57,APUS!$J$10:$Z$1486,8,0),2) -> #N/A | G57: 2 | H57: =ROUNDUP(E57/(F57*G57),0) -> #N/A | I57: =ROUND(H57/30,2) -> #N/A | L57: =CONCATENATE(B57," ","-"," ",C57) -> #N/A
B58: 6.3 | C58: =VLOOKUP(B58,PPTO!$C$7:$H$59,2,0) -> #N/A | D58: =VLOOKUP(B58,PPTO!$C$7:$H$59,3,0) -> #N/A | E58: =VLOOKUP(B58,PPTO!$C$7:$H$59,4,0) -> #N/A | F58: =ROUND(VLOOKUP(B58,APUS!$J$10:$Z$1486,8,0),2) -> #N/A | G58: 2 | H58: =ROUNDUP(E58/(F58*G58),0) -> #N/A | I58: =ROUND(H58/30,2) -> #N/A | L58: =CONCATENATE(B58," ","-"," ",C58) -> #N/A
B59: 6.4 | C59: =VLOOKUP(B59,PPTO!$C$7:$H$59,2,0) -> #N/A | D59: =VLOOKUP(B59,PPTO!$C$7:$H$59,3,0) -> #N/A | E59: =VLOOKUP(B59,PPTO!$C$7:$H$59,4,0) -> #N/A | F59: =ROUND(VLOOKUP(B59,APUS!$J$10:$Z$1486,8,0),2) -> #N/A | G59: 2 | H59: =ROUNDUP(E59/(F59*G59),0) -> #N/A | I59: =ROUND(H59/30,2) -> #N/A | L59: =CONCATENATE(B59," ","-"," ",C59) -> #N/A
B60: 6.5 | C60: =VLOOKUP(B60,PPTO!$C$7:$H$59,2,0) -> #N/A | D60: =VLOOKUP(B60,PPTO!$C$7:$H$59,3,0) -> #N/A | E60: =VLOOKUP(B60,PPTO!$C$7:$H$59,4,0) -> #N/A | F60: =ROUND(VLOOKUP(B60,APUS!$J$10:$Z$1486,8,0),2) -> #N/A | G60: 2 | H60: =ROUNDUP(E60/(F60*G60),0) -> #N/A | I60: =ROUND(H60/30,2) -> #N/A | L60: =CONCATENATE(B60," ","-"," ",C60) -> #N/A
B61: 6.6 | C61: =VLOOKUP(B61,PPTO!$C$7:$H$59,2,0) -> #N/A | D61: =VLOOKUP(B61,PPTO!$C$7:$H$59,3,0) -> #N/A | E61: =VLOOKUP(B61,PPTO!$C$7:$H$59,4,0) -> #N/A | F61: =ROUND(VLOOKUP(B61,APUS!$J$10:$Z$1486,8,0),2) -> #N/A | G61: 2 | H61: =ROUNDUP(E61/(F61*G61),0) -> #N/A | I61: =ROUND(H61/30,2) -> #N/A | L61: =CONCATENATE(B61," ","-"," ",C61) -> #N/A
B62: 6.7 | C62: =VLOOKUP(B62,PPTO!$C$7:$H$59,2,0) -> #N/A | D62: =VLOOKUP(B62,PPTO!$C$7:$H$59,3,0) -> #N/A | E62: =VLOOKUP(B62,PPTO!$C$7:$H$59,4,0) -> #N/A | F62: =ROUND(VLOOKUP(B62,APUS!$J$10:$Z$1486,8,0),2) -> #N/A | G62: 2 | H62: =ROUNDUP(E62/(F62*G62),0) -> #N/A | I62: =ROUND(H62/30,2) -> #N/A | L62: =CONCATENATE(B62," ","-"," ",C62) -> #N/A
B63: 6.8 | C63: =VLOOKUP(B63,PPTO!$C$7:$H$59,2,0) -> #N/A | D63: =VLOOKUP(B63,PPTO!$C$7:$H$59,3,0) -> #N/A | E63: =VLOOKUP(B63,PPTO!$C$7:$H$59,4,0) -> #N/A | F63: =ROUND(VLOOKUP(B63,APUS!$J$10:$Z$1486,8,0),2) -> #N/A | G63: 2 | H63: =ROUNDUP(E63/(F63*G63),0) -> #N/A | I63: =ROUND(H63/30,2) -> #N/A | L63: =CONCATENATE(B63," ","-"," ",C63) -> #N/A
B64: 6.9 | C64: =VLOOKUP(B64,PPTO!$C$7:$H$59,2,0) -> #N/A | D64: =VLOOKUP(B64,PPTO!$C$7:$H$59,3,0) -> #N/A | E64: =VLOOKUP(B64,PPTO!$C$7:$H$59,4,0) -> #N/A | F64: =ROUND(VLOOKUP(B64,APUS!$J$10:$Z$1486,8,0),2) -> #N/A | G64: 2 | H64: =ROUNDUP(E64/(F64*G64),0) -> #N/A | I64: =ROUND(H64/30,2) -> #N/A | L64: =CONCATENATE(B64," ","-"," ",C64) -> #N/A
B65: 6.10 | C65: =VLOOKUP(B65,PPTO!$C$7:$H$59,2,0) -> #N/A | D65: =VLOOKUP(B65,PPTO!$C$7:$H$59,3,0) -> #N/A | E65: =VLOOKUP(B65,PPTO!$C$7:$H$59,4,0) -> #N/A | F65: =ROUND(VLOOKUP(B65,APUS!$J$10:$Z$1486,8,0),2) -> #N/A | G65: 2 | H65: =ROUNDUP(E65/(F65*G65),0) -> #N/A | I65: =ROUND(H65/30,2) -> #N/A | L65: =CONCATENATE(B65," ","-"," ",C65) -> #N/A
B66: 6.11 | C66: =VLOOKUP(B66,PPTO!$C$7:$H$59,2,0) -> #N/A | D66: =VLOOKUP(B66,PPTO!$C$7:$H$59,3,0) -> #N/A | E66: =VLOOKUP(B66,PPTO!$C$7:$H$59,4,0) -> #N/A | F66: =ROUND(VLOOKUP(B66,APUS!$J$10:$Z$1486,8,0),2) -> #N/A | G66: 2 | H66: =ROUNDUP(E66/(F66*G66),0) -> #N/A | I66: =ROUND(H66/30,2) -> #N/A | L66: =CONCATENATE(B66," ","-"," ",C66) -> #N/A
B67: 6.12 | C67: =VLOOKUP(B67,PPTO!$C$7:$H$59,2,0) -> #N/A | D67: =VLOOKUP(B67,PPTO!$C$7:$H$59,3,0) -> #N/A | E67: =VLOOKUP(B67,PPTO!$C$7:$H$59,4,0) -> #N/A | F67: =ROUND(VLOOKUP(B67,APUS!$J$10:$Z$1486,8,0),2) -> #N/A | G67: 2 | H67: =ROUNDUP(E67/(F67*G67),0) -> #N/A | I67: =ROUND(H67/30,2) -> #N/A | L67: =CONCATENATE(B67," ","-"," ",C67) -> #N/A
... B75: 6.20 | C75: =VLOOKUP(B75,PPTO!$C$7:$H$59,2,0) -> #N/A | D75: =VLOOKUP(B75,PPTO!$C$7:$H$59,3,0) -> #N/A | E75: =VLOOKUP(B75,PPTO!$C$7:$H$59,4,0) -> #N/A | F75: =ROUND(VLOOKUP(B75,APUS!$J$10:$Z$1486,8,0),2) -> #N/A | G75: 2 | H75: =ROUNDUP(E75/(F75*G75),0) -> #N/A | I75: =ROUND(H75/30,2) -> #N/A | L75: =CONCATENATE(B75," ","-"," ",C75) -> #N/A
B76: 6.21 | C76: =VLOOKUP(B76,PPTO!$C$7:$H$59,2,0) -> #N/A | D76: =VLOOKUP(B76,PPTO!$C$7:$H$59,3,0) -> #N/A | E76: =VLOOKUP(B76,PPTO!$C$7:$H$59,4,0) -> #N/A | F76: =ROUND(VLOOKUP(B76,APUS!$J$10:$Z$1486,8,0),2) -> #N/A | G76: 3 | H76: 15 | L76: =CONCATENATE(B76," ","-"," ",C76) -> #N/A

Sheet ITEMS
P2: UNITARIOS O TOTALES | Q2: UNITARIOS | S2: UNITARIOS
C3: PRESUPUESTO GENERAL DE OBRA | P3: Decimales | Q3: 0 | S3: TOTALES
C4: OBRA: | D4: =PRESENTACION!A13 -> CONSTRUCCIÓN DE PAVIMENTO EN PIEDRA LABOR Y OPTIMIZACIÓN DE LA RED DE ALCANTARILLADO SANITARIO CALLE 5 ENTRE CARRERA 3 Y 4 DEL CASCO URBANO DEL MUNICIPIO DE PINCHOTE, DEPARTAMENTO DE SANTANDER
C5: =CONCATENATE(INFORMACION!A5,INFORMACION!A6) -> LOCALIZACIÓN:PINCHOTE, SANTANDER | F5: FECHA: | H5: =PRESENTACION!A43 -> ABRIL DE 2026
C7: ITEM | D7: DESCRIPCIÓN | E7: UND | F7: CANTIDAD | G7: VR. UNIT. | H7: VR. TOTAL | K7: COSTO DIRECTO | L7: COSTO INDIRECTO | M7: COSTO UNIT. | N7: COSTO TOTAL | O7: I. HERR | P7: II. MAT. | Q7: III. TRANSP. | R7: IV. MO | S7: TOTAL
C9: CAP.1 | D9: =VLOOKUP(C9,PPTO!$C$7:$H$59,2,0) -> COMPONENTE ALCANTARILLADO
C10: 1.1 | D10: =VLOOKUP(C10,PPTO!$C$7:$H$59,2,0) -> Localización y Replanteo con equipos topográficos | E10: =VLOOKUP(C10,PPTO!$C$7:$H$59,3,0) -> m2 | F10: =IFERROR(SUMIFS(PPTO!$F$7:$F$59,PPTO!$C$7:$C$59,ITEMS!C10),0) -> 99.1 | G10: =VLOOKUP(C10,PPTO!$C$7:$H$59,5,0) -> 4995 | H10: =+ROUND(F10*G10,$Q$3) -> 495005 | K10: =ROUND(F10*M10,$Q$3) -> 495005 | L10: =ROUND(F10*N10,$Q$3) -> 658420 | M10: =ROUND(VLOOKUP(C10,APUS!$H$10:$V$1486,14,0),2) -> 4995 | N10: =ROUND(VLOOKUP(C10,APUS!$I$10:$V$1486,13,0),2) -> 6644 | O10: =ROUND(VLOOKUP(C10,APUS!$D$10:$Z$1486,23,0),2) -> 18130 | P10: =ROUND(VLOOKUP(C10,APUS!$E$10:$Z$1486,22,0),2) -> 114304 | Q10: =ROUND(VLOOKUP(C10,APUS!$F$10:$Z$1486,21,0),2) -> 0 | R10: =ROUND(VLOOKUP(C10,APUS!$G$10:$Z$1486,20,0),2) -> 362599 | S10: =ROUND(SUM(O10:R10),$Q$3) -> 495033
C11: 1.2 | D11: =VLOOKUP(C11,PPTO!$C$7:$H$59,2,0) -> Desmonte de pavimento en piedra labor (Incluye retiro y disposición final) | E11: =VLOOKUP(C11,PPTO!$C$7:$H$59,3,0) -> m2 | F11: =IFERROR(SUMIFS(PPTO!$F$7:$F$59,PPTO!$C$7:$C$59,ITEMS!C11),0) -> 99.1 | G11: =VLOOKUP(C11,PPTO!$C$7:$H$59,5,0) -> 26270 | H11: =+ROUND(F11*G11,$Q$3) -> 2603357 | K11: =ROUND(F11*M11,$Q$3) -> 2603357 | L11: =ROUND(F11*N11,$Q$3) -> 3462554 | M11: =ROUND(VLOOKUP(C11,APUS!$H$10:$V$1486,14,0),2) -> 26270 | N11: =ROUND(VLOOKUP(C11,APUS!$I$10:$V$1486,13,0),2) -> 34940 | O11: =ROUND(VLOOKUP(C11,APUS!$D$10:$Z$1486,23,0),2) -> 841493 | P11: =ROUND(VLOOKUP(C11,APUS!$E$10:$Z$1486,22,0),2) -> 0 | Q11: =ROUND(VLOOKUP(C11,APUS!$F$10:$Z$1486,21,0),2) -> 67784 | R11: =ROUND(VLOOKUP(C11,APUS!$G$10:$Z$1486,20,0),2) -> 1694075 | S11: =ROUND(SUM(O11:R11),$Q$3) -> 2603352
C12: 1.3 | D12: =VLOOKUP(C12,PPTO!$C$7:$H$59,2,0) -> Retiro de tubería existente de alcantarillado (Incluye retiro y disposición final) | E12: =VLOOKUP(C12,PPTO!$C$7:$H$59,3,0) -> ml | F12: =IFERROR(SUMIFS(PPTO!$F$7:$F$59,PPTO!$C$7:$C$59,ITEMS!C12),0) -> 98.61 | G12: =VLOOKUP(C12,PPTO!$C$7:$H$59,5,0) -> 23060 | H12: =+ROUND(F12*G12,$Q$3) -> 2273947 | K12: =ROUND(F12*M12,$Q$3) -> 2273947 | L12: =ROUND(F12*N12,$Q$3) -> 3024369 | M12: =ROUND(VLOOKUP(C12,APUS!$H$10:$V$1486,14,0),2) -> 23060 | N12: =ROUND(VLOOKUP(C12,APUS!$I$10:$V$1486,13,0),2) -> 30670 | O12: =ROUND(VLOOKUP(C12,APUS!$D$10:$Z$1486,23,0),2) -> 554489 | P12: =ROUND(VLOOKUP(C12,APUS!$E$10:$Z$1486,22,0),2) -> 0 | Q12: =ROUND(VLOOKUP(C12,APUS!$F$10:$Z$1486,21,0),2) -> 33725 | R12: =ROUND(VLOOKUP(C12,APUS!$G$10:$Z$1486,20,0),2) -> 1685699 | S12: =ROUND(SUM(O12:R12),$Q$3) -> 2273913
C13: 1.4 | D13: =VLOOKUP(C13,PPTO!$C$7:$H$59,2,0) -> #N/A | E13: =VLOOKUP(C13,PPTO!$C$7:$H$59,3,0) -> #N/A | F13: =IFERROR(SUMIFS(PPTO!$F$7:$F$59,PPTO!$C$7:$C$59,ITEMS!C13),0) -> 0 | G13: =VLOOKUP(C13,PPTO!$C$7:$H$59,5,0) -> #N/A | H13: =+ROUND(F13*G13,$Q$3) -> #N/A | K13: =ROUND(F13*M13,$Q$3) -> #N/A | L13: =ROUND(F13*N13,$Q$3) -> #N/A | M13: =ROUND(VLOOKUP(C13,APUS!$H$10:$V$1486,14,0),2) -> #N/A | N13: =ROUND(VLOOKUP(C13,APUS!$I$10:$V$1486,13,0),2) -> #N/A | O13: =ROUND(VLOOKUP(C13,APUS!$D$10:$Z$1486,23,0),2) -> #N/A | P13: =ROUND(VLOOKUP(C13,APUS!$E$10:$Z$1486,22,0),2) -> #N/A | Q13: =ROUND(VLOOKUP(C13,APUS!$F$10:$Z$1486,21,0),2) -> #N/A | R13: =ROUND(VLOOKUP(C13,APUS!$G$10:$Z$1486,20,0),2) -> #N/A | S13: =ROUND(SUM(O13:R13),$Q$3) -> #N/A
C14: 1.5 | D14: =VLOOKUP(C14,PPTO!$C$7:$H$59,2,0) -> #N/A | E14: =VLOOKUP(C14,PPTO!$C$7:$H$59,3,0) -> #N/A | F14: =IFERROR(SUMIFS(PPTO!$F$7:$F$59,PPTO!$C$7:$C$59,ITEMS!C14),0) -> 0 | G14: =VLOOKUP(C14,PPTO!$C$7:$H$59,5,0) -> #N/A | H14: =+ROUND(F14*G14,$Q$3) -> #N/A | K14: =ROUND(F14*M14,$Q$3) -> #N/A | L14: =ROUND(F14*N14,$Q$3) -> #N/A | M14: =ROUND(VLOOKUP(C14,APUS!$H$10:$V$1486,14,0),2) -> #N/A | N14: =ROUND(VLOOKUP(C14,APUS!$I$10:$V$1486,13,0),2) -> #N/A | O14: =ROUND(VLOOKUP(C14,APUS!$D$10:$Z$1486,23,0),2) -> #N/A | P14: =ROUND(VLOOKUP(C14,APUS!$E$10:$Z$1486,22,0),2) -> #N/A | Q14: =ROUND(VLOOKUP(C14,APUS!$F$10:$Z$1486,21,0),2) -> #N/A | R14: =ROUND(VLOOKUP(C14,APUS!$G$10:$Z$1486,20,0),2) -> #N/A | S14: =ROUND(SUM(O14:R14),$Q$3) -> #N/A
C15: 1.6 | D15: =VLOOKUP(C15,PPTO!$C$7:$H$59,2,0) -> #N/A | E15: =VLOOKUP(C15,PPTO!$C$7:$H$59,3,0) -> #N/A | F15: =IFERROR(SUMIFS(PPTO!$F$7:$F$59,PPTO!$C$7:$C$59,ITEMS!C15),0) -> 0 | G15: =VLOOKUP(C15,PPTO!$C$7:$H$59,5,0) -> #N/A | H15: =+ROUND(F15*G15,$Q$3) -> #N/A | K15: =ROUND(F15*M15,$Q$3) -> #N/A | L15: =ROUND(F15*N15,$Q$3) -> #N/A | M15: =ROUND(VLOOKUP(C15,APUS!$H$10:$V$1486,14,0),2) -> #N/A | N15: =ROUND(VLOOKUP(C15,APUS!$I$10:$V$1486,13,0),2) -> #N/A | O15: =ROUND(VLOOKUP(C15,APUS!$D$10:$Z$1486,23,0),2) -> #N/A | P15: =ROUND(VLOOKUP(C15,APUS!$E$10:$Z$1486,22,0),2) -> #N/A | Q15: =ROUND(VLOOKUP(C15,APUS!$F$10:$Z$1486,21,0),2) -> #N/A | R15: =ROUND(VLOOKUP(C15,APUS!$G$10:$Z$1486,20,0),2) -> #N/A | S15: =ROUND(SUM(O15:R15),$Q$3) -> #N/A
C16: 1.7 | D16: =VLOOKUP(C16,PPTO!$C$7:$H$59,2,0) -> #N/A | E16: =VLOOKUP(C16,PPTO!$C$7:$H$59,3,0) -> #N/A | F16: =IFERROR(SUMIFS(PPTO!$F$7:$F$59,PPTO!$C$7:$C$59,ITEMS!C16),0) -> 0 | G16: =VLOOKUP(C16,PPTO!$C$7:$H$59,5,0) -> #N/A | H16: =+ROUND(F16*G16,$Q$3) -> #N/A | K16: =ROUND(F16*M16,$Q$3) -> #N/A | L16: =ROUND(F16*N16,$Q$3) -> #N/A | M16: =ROUND(VLOOKUP(C16,APUS!$H$10:$V$1486,14,0),2) -> #N/A | N16: =ROUND(VLOOKUP(C16,APUS!$I$10:$V$1486,13,0),2) -> #N/A | O16: =ROUND(VLOOKUP(C16,APUS!$D$10:$Z$1486,23,0),2) -> #N/A | P16: =ROUND(VLOOKUP(C16,APUS!$E$10:$Z$1486,22,0),2) -> #N/A | Q16: =ROUND(VLOOKUP(C16,APUS!$F$10:$Z$1486,21,0),2) -> #N/A | R16: =ROUND(VLOOKUP(C16,APUS!$G$10:$Z$1486,20,0),2) -> #N/A | S16: =ROUND(SUM(O16:R16),$Q$3) -> #N/A
C17: 1.8 | D17: =VLOOKUP(C17,PPTO!$C$7:$H$59,2,0) -> #N/A | E17: =VLOOKUP(C17,PPTO!$C$7:$H$59,3,0) -> #N/A | F17: =IFERROR(SUMIFS(PPTO!$F$7:$F$59,PPTO!$C$7:$C$59,ITEMS!C17),0) -> 0 | G17: =VLOOKUP(C17,PPTO!$C$7:$H$59,5,0) -> #N/A | H17: =+ROUND(F17*G17,$Q$3) -> #N/A | K17: =ROUND(F17*M17,$Q$3) -> #N/A | L17: =ROUND(F17*N17,$Q$3) -> #N/A | M17: =ROUND(VLOOKUP(C17,APUS!$H$10:$V$1486,14,0),2) -> #N/A | N17: =ROUND(VLOOKUP(C17,APUS!$I$10:$V$1486,13,0),2) -> #N/A | O17: =ROUND(VLOOKUP(C17,APUS!$D$10:$Z$1486,23,0),2) -> #N/A | P17: =ROUND(VLOOKUP(C17,APUS!$E$10:$Z$1486,22,0),2) -> #N/A | Q17: =ROUND(VLOOKUP(C17,APUS!$F$10:$Z$1486,21,0),2) -> #N/A | R17: =ROUND(VLOOKUP(C17,APUS!$G$10:$Z$1486,20,0),2) -> #N/A | S17: =ROUND(SUM(O17:R17),$Q$3) -> #N/A
C18: 1.9 | D18: =VLOOKUP(C18,PPTO!$C$7:$H$59,2,0) -> #N/A | E18: =VLOOKUP(C18,PPTO!$C$7:$H$59,3,0) -> #N/A | F18: =IFERROR(SUMIFS(PPTO!$F$7:$F$59,PPTO!$C$7:$C$59,ITEMS!C18),0) -> 0 | G18: =VLOOKUP(C18,PPTO!$C$7:$H$59,5,0) -> #N/A | H18: =+ROUND(F18*G18,$Q$3) -> #N/A | K18: =ROUND(F18*M18,$Q$3) -> #N/A | L18: =ROUND(F18*N18,$Q$3) -> #N/A | M18: =ROUND(VLOOKUP(C18,APUS!$H$10:$V$1486,14,0),2) -> #N/A | N18: =ROUND(VLOOKUP(C18,APUS!$I$10:$V$1486,13,0),2) -> #N/A | O18: =ROUND(VLOOKUP(C18,APUS!$D$10:$Z$1486,23,0),2) -> #N/A | P18: =ROUND(VLOOKUP(C18,APUS!$E$10:$Z$1486,22,0),2) -> #N/A | Q18: =ROUND(VLOOKUP(C18,APUS!$F$10:$Z$1486,21,0),2) -> #N/A | R18: =ROUND(VLOOKUP(C18,APUS!$G$10:$Z$1486,20,0),2) -> #N/A | S18: =ROUND(SUM(O18:R18),$Q$3) -> #N/A
C20: =+CONCATENATE("Subtotal ",D9) -> Subtotal COMPONENTE ALCANTARILLADO | H20: =+SUM(H9:H19) -> #N/A | K20: =+SUM(K9:K19) -> #N/A | L20: =+SUM(L9:L19) -> #N/A | M20: =+SUM(M9:M19) -> #N/A | N20: =+SUM(N9:N19) -> #N/A | O20: =+SUM(O9:O19) -> #N/A | P20: =+SUM(P9:P19) -> #N/A | Q20: =+SUM(Q9:Q19) -> #N/A | R20: =+SUM(R9:R19) -> #N/A | S20: =+SUM(S9:S19) -> #N/A
C21: CAP.2 | D21: =VLOOKUP(C21,PPTO!$C$7:$H$59,2,0) -> COMPONENTE ACUEDUCTO
C22: 2.1 | D22: =VLOOKUP(C22,PPTO!$C$7:$H$59,2,0) -> #N/A | E22: =VLOOKUP(C22,PPTO!$C$7:$H$59,3,0) -> #N/A | F22: =IFERROR(SUMIFS(PPTO!$F$7:$F$59,PPTO!$C$7:$C$59,ITEMS!C22),0) -> 0 | G22: =VLOOKUP(C22,PPTO!$C$7:$H$59,5,0) -> #N/A | H22: =+ROUND(F22*G22,$Q$3) -> #N/A | K22: =ROUND(F22*M22,$Q$3) -> #N/A | L22: =ROUND(F22*N22,$Q$3) -> #N/A | M22: =ROUND(VLOOKUP(C22,APUS!$H$10:$V$1486,14,0),2) -> #N/A | N22: =ROUND(VLOOKUP(C22,APUS!$I$10:$V$1486,13,0),2) -> #N/A | O22: =ROUND(VLOOKUP(C22,APUS!$D$10:$Z$1486,23,0),2) -> #N/A | P22: =ROUND(VLOOKUP(C22,APUS!$E$10:$Z$1486,22,0),2) -> #N/A | Q22: =ROUND(VLOOKUP(C22,APUS!$F$10:$Z$1486,21,0),2) -> #N/A | R22: =ROUND(VLOOKUP(C22,APUS!$G$10:$Z$1486,20,0),2) -> #N/A | S22: =ROUND(SUM(O22:R22),$Q$3) -> #N/A
C23: 2.2 | D23: =VLOOKUP(C23,PPTO!$C$7:$H$59,2,0) -> #N/A | E23: =VLOOKUP(C23,PPTO!$C$7:$H$59,3,0) -> #N/A | F23: =IFERROR(SUMIFS(PPTO!$F$7:$F$59,PPTO!$C$7:$C$59,ITEMS!C23),0) -> 0 | G23: =VLOOKUP(C23,PPTO!$C$7:$H$59,5,0) -> #N/A | H23: =+ROUND(F23*G23,$Q$3) -> #N/A | K23: =ROUND(F23*M23,$Q$3) -> #N/A | L23: =ROUND(F23*N23,$Q$3) -> #N/A | M23: =ROUND(VLOOKUP(C23,APUS!$H$10:$V$1486,14,0),2) -> #N/A | N23: =ROUND(VLOOKUP(C23,APUS!$I$10:$V$1486,13,0),2) -> #N/A | O23: =ROUND(VLOOKUP(C23,APUS!$D$10:$Z$1486,23,0),2) -> #N/A | P23: =ROUND(VLOOKUP(C23,APUS!$E$10:$Z$1486,22,0),2) -> #N/A | Q23: =ROUND(VLOOKUP(C23,APUS!$F$10:$Z$1486,21,0),2) -> #N/A | R23: =ROUND(VLOOKUP(C23,APUS!$G$10:$Z$1486,20,0),2) -> #N/A | S23: =ROUND(SUM(O23:R23),$Q$3) -> #N/A
C24: 2.3 | D24: =VLOOKUP(C24,PPTO!$C$7:$H$59,2,0) -> #N/A | E24: =VLOOKUP(C24,PPTO!$C$7:$H$59,3,0) -> #N/A | F24: =IFERROR(SUMIFS(PPTO!$F$7:$F$59,PPTO!$C$7:$C$59,ITEMS!C24),0) -> 0 | G24: =VLOOKUP(C24,PPTO!$C$7:$H$59,5,0) -> #N/A | H24: =+ROUND(F24*G24,$Q$3) -> #N/A | K24: =ROUND(F24*M24,$Q$3) -> #N/A | L24: =ROUND(F24*N24,$Q$3) -> #N/A | M24: =ROUND(VLOOKUP(C24,APUS!$H$10:$V$1486,14,0),2) -> #N/A | N24: =ROUND(VLOOKUP(C24,APUS!$I$10:$V$1486,13,0),2) -> #N/A | O24: =ROUND(VLOOKUP(C24,APUS!$D$10:$Z$1486,23,0),2) -> #N/A | P24: =ROUND(VLOOKUP(C24,APUS!$E$10:$Z$1486,22,0),2) -> #N/A | Q24: =ROUND(VLOOKUP(C24,APUS!$F$10:$Z$1486,21,0),2) -> #N/A | R24: =ROUND(VLOOKUP(C24,APUS!$G$10:$Z$1486,20,0),2) -> #N/A | S24: =ROUND(SUM(O24:R24),$Q$3) -> #N/A
C25: 2.4 | D25: =VLOOKUP(C25,PPTO!$C$7:$H$59,2,0) -> #N/A | E25: =VLOOKUP(C25,PPTO!$C$7:$H$59,3,0) -> #N/A | F25: =IFERROR(SUMIFS(PPTO!$F$7:$F$59,PPTO!$C$7:$C$59,ITEMS!C25),0) -> 0 | G25: =VLOOKUP(C25,PPTO!$C$7:$H$59,5,0) -> #N/A | H25: =+ROUND(F25*G25,$Q$3) -> #N/A | K25: =ROUND(F25*M25,$Q$3) -> #N/A | L25: =ROUND(F25*N25,$Q$3) -> #N/A | M25: =ROUND(VLOOKUP(C25,APUS!$H$10:$V$1486,14,0),2) -> #N/A | N25: =ROUND(VLOOKUP(C25,APUS!$I$10:$V$1486,13,0),2) -> #N/A | O25: =ROUND(VLOOKUP(C25,APUS!$D$10:$Z$1486,23,0),2) -> #N/A | P25: =ROUND(VLOOKUP(C25,APUS!$E$10:$Z$1486,22,0),2) -> #N/A | Q25: =ROUND(VLOOKUP(C25,APUS!$F$10:$Z$1486,21,0),2) -> #N/A | R25: =ROUND(VLOOKUP(C25,APUS!$G$10:$Z$1486,20,0),2) -> #N/A | S25: =ROUND(SUM(O25:R25),$Q$3) -> #N/A
C26: 2.5 | D26: =VLOOKUP(C26,PPTO!$C$7:$H$59,2,0) -> #N/A | E26: =VLOOKUP(C26,PPTO!$C$7:$H$59,3,0) -> #N/A | F26: =IFERROR(SUMIFS(PPTO!$F$7:$F$59,PPTO!$C$7:$C$59,ITEMS!C26),0) -> 0 | G26: =VLOOKUP(C26,PPTO!$C$7:$H$59,5,0) -> #N/A | H26: =+ROUND(F26*G26,$Q$3) -> #N/A | K26: =ROUND(F26*M26,$Q$3) -> #N/A | L26: =ROUND(F26*N26,$Q$3) -> #N/A | M26: =ROUND(VLOOKUP(C26,APUS!$H$10:$V$1486,14,0),2) -> #N/A | N26: =ROUND(VLOOKUP(C26,APUS!$I$10:$V$1486,13,0),2) -> #N/A | O26: =ROUND(VLOOKUP(C26,APUS!$D$10:$Z$1486,23,0),2) -> #N/A | P26: =ROUND(VLOOKUP(C26,APUS!$E$10:$Z$1486,22,0),2) -> #N/A | Q26: =ROUND(VLOOKUP(C26,APUS!$F$10:$Z$1486,21,0),2) -> #N/A | R26: =ROUND(VLOOKUP(C26,APUS!$G$10:$Z$1486,20,0),2) -> #N/A | S26: =ROUND(SUM(O26:R26),$Q$3) -> #N/A
C27: 2.6 | D27: =VLOOKUP(C27,PPTO!$C$7:$H$59,2,0) -> #N/A | E27: =VLOOKUP(C27,PPTO!$C$7:$H$59,3,0) -> #N/A | F27: =IFERROR(SUMIFS(PPTO!$F$7:$F$59,PPTO!$C$7:$C$59,ITEMS!C27),0) -> 0 | G27: =VLOOKUP(C27,PPTO!$C$7:$H$59,5,0) -> #N/A | H27: =+ROUND(F27*G27,$Q$3) -> #N/A | K27: =ROUND(F27*M27,$Q$3) -> #N/A | L27: =ROUND(F27*N27,$Q$3) -> #N/A | M27: =ROUND(VLOOKUP(C27,APUS!$H$10:$V$1486,14,0),2) -> #N/A | N27: =ROUND(VLOOKUP(C27,APUS!$I$10:$V$1486,13,0),2) -> #N/A | O27: =ROUND(VLOOKUP(C27,APUS!$D$10:$Z$1486,23,0),2) -> #N/A | P27: =ROUND(VLOOKUP(C27,APUS!$E$10:$Z$1486,22,0),2) -> #N/A | Q27: =ROUND(VLOOKUP(C27,APUS!$F$10:$Z$1486,21,0),2) -> #N/A | R27: =ROUND(VLOOKUP(C27,APUS!$G$10:$Z$1486,20,0),2) -> #N/A | S27: =ROUND(SUM(O27:R27),$Q$3) -> #N/A
C29: =+CONCATENATE("Subtotal ",D21) -> Subtotal COMPONENTE ACUEDUCTO | H29: =+SUM(H21:H28) -> #N/A | K29: =+SUM(K21:K28) -> #N/A | L29: =+SUM(L21:L28) -> #N/A | M29: =+SUM(M21:M28) -> #N/A | N29: =+SUM(N21:N28) -> #N/A | O29: =+SUM(O21:O28) -> #N/A | P29: =+SUM(P21:P28) -> #N/A | Q29: =+SUM(Q21:Q28) -> #N/A | R29: =+SUM(R21:R28) -> #N/A | S29: =+SUM(S21:S28) -> #N/A
C30: CAP.3 | D30: =VLOOKUP(C30,PPTO!$C$7:$H$59,2,0) -> ESTRUCTURA VIAL EN PIEDRA LABOR
C31: 3.1 | D31: =VLOOKUP(C31,PPTO!$C$7:$H$59,2,0) -> #N/A | E31: =VLOOKUP(C31,PPTO!$C$7:$H$59,3,0) -> #N/A | F31: =IFERROR(SUMIFS(PPTO!$F$7:$F$59,PPTO!$C$7:$C$59,ITEMS!C31),0) -> 0 | G31: =VLOOKUP(C31,PPTO!$C$7:$H$59,5,0) -> #N/A | H31: =+ROUND(F31*G31,$Q$3) -> #N/A | K31: =ROUND(F31*M31,$Q$3) -> #N/A | L31: =ROUND(F31*N31,$Q$3) -> #N/A | M31: =ROUND(VLOOKUP(C31,APUS!$H$10:$V$1486,14,0),2) -> #N/A | N31: =ROUND(VLOOKUP(C31,APUS!$I$10:$V$1486,13,0),2) -> #N/A | O31: =ROUND(VLOOKUP(C31,APUS!$D$10:$Z$1486,23,0),2) -> #N/A | P31: =ROUND(VLOOKUP(C31,APUS!$E$10:$Z$1486,22,0),2) -> #N/A | Q31: =ROUND(VLOOKUP(C31,APUS!$F$10:$Z$1486,21,0),2) -> #N/A | R31: =ROUND(VLOOKUP(C31,APUS!$G$10:$Z$1486,20,0),2) -> #N/A | S31: =ROUND(SUM(O31:R31),$Q$3) -> #N/A
C32: 3.2 | D32: =VLOOKUP(C32,PPTO!$C$7:$H$59,2,0) -> #N/A | E32: =VLOOKUP(C32,PPTO!$C$7:$H$59,3,0) -> #N/A | F32: =IFERROR(SUMIFS(PPTO!$F$7:$F$59,PPTO!$C$7:$C$59,ITEMS!C32),0) -> 0 | G32: =VLOOKUP(C32,PPTO!$C$7:$H$59,5,0) -> #N/A | H32: =+ROUND(F32*G32,$Q$3) -> #N/A | K32: =ROUND(F32*M32,$Q$3) -> #N/A | L32: =ROUND(F32*N32,$Q$3) -> #N/A | M32: =ROUND(VLOOKUP(C32,APUS!$H$10:$V$1486,14,0),2) -> #N/A | N32: =ROUND(VLOOKUP(C32,APUS!$I$10:$V$1486,13,0),2) -> #N/A | O32: =ROUND(VLOOKUP(C32,APUS!$D$10:$Z$1486,23,0),2) -> #N/A | P32: =ROUND(VLOOKUP(C32,APUS!$E$10:$Z$1486,22,0),2) -> #N/A | Q32: =ROUND(VLOOKUP(C32,APUS!$F$10:$Z$1486,21,0),2) -> #N/A | R32: =ROUND(VLOOKUP(C32,APUS!$G$10:$Z$1486,20,0),2) -> #N/A | S32: =ROUND(SUM(O32:R32),$Q$3) -> #N/A
C33: 3.3 | D33: =VLOOKUP(C33,PPTO!$C$7:$H$59,2,0) -> #N/A | E33: =VLOOKUP(C33,PPTO!$C$7:$H$59,3,0) -> #N/A | F33: =IFERROR(SUMIFS(PPTO!$F$7:$F$59,PPTO!$C$7:$C$59,ITEMS!C33),0) -> 0 | G33: =VLOOKUP(C33,PPTO!$C$7:$H$59,5,0) -> #N/A | H33: =+ROUND(F33*G33,$Q$3) -> #N/A | K33: =ROUND(F33*M33,$Q$3) -> #N/A | L33: =ROUND(F33*N33,$Q$3) -> #N/A | M33: =ROUND(VLOOKUP(C33,APUS!$H$10:$V$1486,14,0),2) -> #N/A | N33: =ROUND(VLOOKUP(C33,APUS!$I$10:$V$1486,13,0),2) -> #N/A | O33: =ROUND(VLOOKUP(C33,APUS!$D$10:$Z$1486,23,0),2) -> #N/A | P33: =ROUND(VLOOKUP(C33,APUS!$E$10:$Z$1486,22,0),2) -> #N/A | Q33: =ROUND(VLOOKUP(C33,APUS!$F$10:$Z$1486,21,0),2) -> #N/A | R33: =ROUND(VLOOKUP(C33,APUS!$G$10:$Z$1486,20,0),2) -> #N/A | S33: =ROUND(SUM(O33:R33),$Q$3) -> #N/A
C34: 3.4 | D34: =VLOOKUP(C34,PPTO!$C$7:$H$59,2,0) -> #N/A | E34: =VLOOKUP(C34,PPTO!$C$7:$H$59,3,0) -> #N/A | F34: =IFERROR(SUMIFS(PPTO!$F$7:$F$59,PPTO!$C$7:$C$59,ITEMS!C34),0) -> 0 | G34: =VLOOKUP(C34,PPTO!$C$7:$H$59,5,0) -> #N/A | H34: =+ROUND(F34*G34,$Q$3) -> #N/A | K34: =ROUND(F34*M34,$Q$3) -> #N/A | L34: =ROUND(F34*N34,$Q$3) -> #N/A | M34: =ROUND(VLOOKUP(C34,APUS!$H$10:$V$1486,14,0),2) -> #N/A | N34: =ROUND(VLOOKUP(C34,APUS!$I$10:$V$1486,13,0),2) -> #N/A | O34: =ROUND(VLOOKUP(C34,APUS!$D$10:$Z$1486,23,0),2) -> #N/A | P34: =ROUND(VLOOKUP(C34,APUS!$E$10:$Z$1486,22,0),2) -> #N/A | Q34: =ROUND(VLOOKUP(C34,APUS!$F$10:$Z$1486,21,0),2) -> #N/A | R34: =ROUND(VLOOKUP(C34,APUS!$G$10:$Z$1486,20,0),2) -> #N/A | S34: =ROUND(SUM(O34:R34),$Q$3) -> #N/A
C35: 3.5 | D35: =VLOOKUP(C35,PPTO!$C$7:$H$59,2,0) -> #N/A | E35: =VLOOKUP(C35,PPTO!$C$7:$H$59,3,0) -> #N/A | F35: =IFERROR(SUMIFS(PPTO!$F$7:$F$59,PPTO!$C$7:$C$59,ITEMS!C35),0) -> 0 | G35: =VLOOKUP(C35,PPTO!$C$7:$H$59,5,0) -> #N/A | H35: =+ROUND(F35*G35,$Q$3) -> #N/A | K35: =ROUND(F35*M35,$Q$3) -> 0 | L35: =ROUND(F35*N35,$Q$3) -> 0 | M35: =ROUND(VLOOKUP(C35,APUS!$H$10:$V$1486,14,0),2) -> 825784 | N35: =ROUND(VLOOKUP(C35,APUS!$I$10:$V$1486,13,0),2) -> 1098293 | O35: =ROUND(VLOOKUP(C35,APUS!$D$10:$Z$1486,23,0),2) -> 0 | P35: =ROUND(VLOOKUP(C35,APUS!$E$10:$Z$1486,22,0),2) -> 0 | Q35: =ROUND(VLOOKUP(C35,APUS!$F$10:$Z$1486,21,0),2) -> 0 | R35: =ROUND(VLOOKUP(C35,APUS!$G$10:$Z$1486,20,0),2) -> 0 | S35: =ROUND(SUM(O35:R35),$Q$3) -> 0
C36: 3.6 | D36: =VLOOKUP(C36,PPTO!$C$7:$H$59,2,0) -> #N/A | E36: =VLOOKUP(C36,PPTO!$C$7:$H$59,3,0) -> #N/A | F36: =IFERROR(SUMIFS(PPTO!$F$7:$F$59,PPTO!$C$7:$C$59,ITEMS!C36),0) -> 0 | G36: =VLOOKUP(C36,PPTO!$C$7:$H$59,5,0) -> #N/A | H36: =+ROUND(F36*G36,$Q$3) -> #N/A | K36: =ROUND(F36*M36,$Q$3) -> 0 | L36: =ROUND(F36*N36,$Q$3) -> 0 | M36: =ROUND(VLOOKUP(C36,APUS!$H$10:$V$1486,14,0),2) -> 28814 | N36: =ROUND(VLOOKUP(C36,APUS!$I$10:$V$1486,13,0),2) -> 38323 | O36: =ROUND(VLOOKUP(C36,APUS!$D$10:$Z$1486,23,0),2) -> 0 | P36: =ROUND(VLOOKUP(C36,APUS!$E$10:$Z$1486,22,0),2) -> 0 | Q36: =ROUND(VLOOKUP(C36,APUS!$F$10:$Z$1486,21,0),2) -> 0 | R36: =ROUND(VLOOKUP(C36,APUS!$G$10:$Z$1486,20,0),2) -> 0 | S36: =ROUND(SUM(O36:R36),$Q$3) -> 0
C37: 3.7 | D37: =VLOOKUP(C37,PPTO!$C$7:$H$59,2,0) -> #N/A | E37: =VLOOKUP(C37,PPTO!$C$7:$H$59,3,0) -> #N/A | F37: =IFERROR(SUMIFS(PPTO!$F$7:$F$59,PPTO!$C$7:$C$59,ITEMS!C37),0) -> 0 | G37: =VLOOKUP(C37,PPTO!$C$7:$H$59,5,0) -> #N/A | H37: =+ROUND(F37*G37,$Q$3) -> #N/A | K37: =ROUND(F37*M37,$Q$3) -> 0 | L37: =ROUND(F37*N37,$Q$3) -> 0 | M37: =ROUND(VLOOKUP(C37,APUS!$H$10:$V$1486,14,0),2) -> 228992 | N37: =ROUND(VLOOKUP(C37,APUS!$I$10:$V$1486,13,0),2) -> 304560 | O37: =ROUND(VLOOKUP(C37,APUS!$D$10:$Z$1486,23,0),2) -> 163751 | P37: =ROUND(VLOOKUP(C37,APUS!$E$10:$Z$1486,22,0),2) -> 9236642 | Q37: =ROUND(VLOOKUP(C37,APUS!$F$10:$Z$1486,21,0),2) -> 869505 | R37: =ROUND(VLOOKUP(C37,APUS!$G$10:$Z$1486,20,0),2) -> 3275017 | S37: =ROUND(SUM(O37:R37),$Q$3) -> 13544915
C38: 3.8 | D38: =VLOOKUP(C38,PPTO!$C$7:$H$59,2,0) -> #N/A | E38: =VLOOKUP(C38,PPTO!$C$7:$H$59,3,0) -> #N/A | F38: =IFERROR(SUMIFS(PPTO!$F$7:$F$59,PPTO!$C$7:$C$59,ITEMS!C38),0) -> 0 | G38: =VLOOKUP(C38,PPTO!$C$7:$H$59,5,0) -> #N/A | H38: =+ROUND(F38*G38,$Q$3) -> #N/A | K38: =ROUND(F38*M38,$Q$3) -> 0 | L38: =ROUND(F38*N38,$Q$3) -> 0 | M38: =ROUND(VLOOKUP(C38,APUS!$H$10:$V$1486,14,0),2) -> 143721 | N38: =ROUND(VLOOKUP(C38,APUS!$I$10:$V$1486,13,0),2) -> 191149 | O38: =ROUND(VLOOKUP(C38,APUS!$D$10:$Z$1486,23,0),2) -> 218336 | P38: =ROUND(VLOOKUP(C38,APUS!$E$10:$Z$1486,22,0),2) -> 7155866 | Q38: =ROUND(VLOOKUP(C38,APUS!$F$10:$Z$1486,21,0),2) -> 1337700 | R38: =ROUND(VLOOKUP(C38,APUS!$G$10:$Z$1486,20,0),2) -> 4366690 | S38: =ROUND(SUM(O38:R38),$Q$3) -> 13078592
C39: 3.9 | D39: =VLOOKUP(C39,PPTO!$C$7:$H$59,2,0) -> #N/A | E39: =VLOOKUP(C39,PPTO!$C$7:$H$59,3,0) -> #N/A | F39: =IFERROR(SUMIFS(PPTO!$F$7:$F$59,PPTO!$C$7:$C$59,ITEMS!C39),0) -> 0 | G39: =VLOOKUP(C39,PPTO!$C$7:$H$59,5,0) -> #N/A | H39: =+ROUND(F39*G39,$Q$3) -> #N/A | K39: =ROUND(F39*M39,$Q$3) -> #N/A | L39: =ROUND(F39*N39,$Q$3) -> #N/A | M39: =ROUND(VLOOKUP(C39,APUS!$H$10:$V$1486,14,0),2) -> #N/A | N39: =ROUND(VLOOKUP(C39,APUS!$I$10:$V$1486,13,0),2) -> #N/A | O39: =ROUND(VLOOKUP(C39,APUS!$D$10:$Z$1486,23,0),2) -> #N/A | P39: =ROUND(VLOOKUP(C39,APUS!$E$10:$Z$1486,22,0),2) -> #N/A | Q39: =ROUND(VLOOKUP(C39,APUS!$F$10:$Z$1486,21,0),2) -> #N/A | R39: =ROUND(VLOOKUP(C39,APUS!$G$10:$Z$1486,20,0),2) -> #N/A | S39: =ROUND(SUM(O39:R39),$Q$3) -> #N/A
C40: 3.10 | D40: =VLOOKUP(C40,PPTO!$C$7:$H$59,2,0) -> #N/A | E40: =VLOOKUP(C40,PPTO!$C$7:$H$59,3,0) -> #N/A | F40: =IFERROR(SUMIFS(PPTO!$F$7:$F$59,PPTO!$C$7:$C$59,ITEMS!C40),0) -> 0 | G40: =VLOOKUP(C40,PPTO!$C$7:$H$59,5,0) -> #N/A | H40: =+ROUND(F40*G40,$Q$3) -> #N/A | K40: =ROUND(F40*M40,$Q$3) -> #N/A | L40: =ROUND(F40*N40,$Q$3) -> #N/A | M40: =ROUND(VLOOKUP(C40,APUS!$H$10:$V$1486,14,0),2) -> #N/A | N40: =ROUND(VLOOKUP(C40,APUS!$I$10:$V$1486,13,0),2) -> #N/A | O40: =ROUND(VLOOKUP(C40,APUS!$D$10:$Z$1486,23,0),2) -> #N/A | P40: =ROUND(VLOOKUP(C40,APUS!$E$10:$Z$1486,22,0),2) -> #N/A | Q40: =ROUND(VLOOKUP(C40,APUS!$F$10:$Z$1486,21,0),2) -> #N/A | R40: =ROUND(VLOOKUP(C40,APUS!$G$10:$Z$1486,20,0),2) -> #N/A | S40: =ROUND(SUM(O40:R40),$Q$3) -> #N/A
C41: 3.11 | D41: =VLOOKUP(C41,PPTO!$C$7:$H$59,2,0) -> #N/A | E41: =VLOOKUP(C41,PPTO!$C$7:$H$59,3,0) -> #N/A | F41: =IFERROR(SUMIFS(PPTO!$F$7:$F$59,PPTO!$C$7:$C$59,ITEMS!C41),0) -> 0 | G41: =VLOOKUP(C41,PPTO!$C$7:$H$59,5,0) -> #N/A | H41: =+ROUND(F41*G41,$Q$3) -> #N/A | K41: =ROUND(F41*M41,$Q$3) -> #N/A | L41: =ROUND(F41*N41,$Q$3) -> #N/A | M41: =ROUND(VLOOKUP(C41,APUS!$H$10:$V$1486,14,0),2) -> #N/A | N41: =ROUND(VLOOKUP(C41,APUS!$I$10:$V$1486,13,0),2) -> #N/A | O41: =ROUND(VLOOKUP(C41,APUS!$D$10:$Z$1486,23,0),2) -> #N/A | P41: =ROUND(VLOOKUP(C41,APUS!$E$10:$Z$1486,22,0),2) -> #N/A | Q41: =ROUND(VLOOKUP(C41,APUS!$F$10:$Z$1486,21,0),2) -> #N/A | R41: =ROUND(VLOOKUP(C41,APUS!$G$10:$Z$1486,20,0),2) -> #N/A | S41: =ROUND(SUM(O41:R41),$Q$3) -> #N/A
C42: 3.12 | D42: =VLOOKUP(C42,PPTO!$C$7:$H$59,2,0) -> #N/A | E42: =VLOOKUP(C42,PPTO!$C$7:$H$59,3,0) -> #N/A | F42: =IFERROR(SUMIFS(PPTO!$F$7:$F$59,PPTO!$C$7:$C$59,ITEMS!C42),0) -> 0 | G42: =VLOOKUP(C42,PPTO!$C$7:$H$59,5,0) -> #N/A | H42: =+ROUND(F42*G42,$Q$3) -> #N/A | K42: =ROUND(F42*M42,$Q$3) -> #N/A | L42: =ROUND(F42*N42,$Q$3) -> #N/A | M42: =ROUND(VLOOKUP(C42,APUS!$H$10:$V$1486,14,0),2) -> #N/A | N42: =ROUND(VLOOKUP(C42,APUS!$I$10:$V$1486,13,0),2) -> #N/A | O42: =ROUND(VLOOKUP(C42,APUS!$D$10:$Z$1486,23,0),2) -> #N/A | P42: =ROUND(VLOOKUP(C42,APUS!$E$10:$Z$1486,22,0),2) -> #N/A | Q42: =ROUND(VLOOKUP(C42,APUS!$F$10:$Z$1486,21,0),2) -> #N/A | R42: =ROUND(VLOOKUP(C42,APUS!$G$10:$Z$1486,20,0),2) -> #N/A | S42: =ROUND(SUM(O42:R42),$Q$3) -> #N/A
... C44: 3.14 | D44: =VLOOKUP(C44,PPTO!$C$7:$H$59,2,0) -> #N/A | E44: =VLOOKUP(C44,PPTO!$C$7:$H$59,3,0) -> #N/A | F44: =IFERROR(SUMIFS(PPTO!$F$7:$F$59,PPTO!$C$7:$C$59,ITEMS!C44),0) -> 0 | G44: =VLOOKUP(C44,PPTO!$C$7:$H$59,5,0) -> #N/A | H44: =+ROUND(F44*G44,$Q$3) -> #N/A | K44: =ROUND(F44*M44,$Q$3) -> #N/A | L44: =ROUND(F44*N44,$Q$3) -> #N/A | M44: =ROUND(VLOOKUP(C44,APUS!$H$10:$V$1486,14,0),2) -> #N/A | N44: =ROUND(VLOOKUP(C44,APUS!$I$10:$V$1486,13,0),2) -> #N/A | O44: =ROUND(VLOOKUP(C44,APUS!$D$10:$Z$1486,23,0),2) -> #N/A | P44: =ROUND(VLOOKUP(C44,APUS!$E$10:$Z$1486,22,0),2) -> #N/A | Q44: =ROUND(VLOOKUP(C44,APUS!$F$10:$Z$1486,21,0),2) -> #N/A | R44: =ROUND(VLOOKUP(C44,APUS!$G$10:$Z$1486,20,0),2) -> #N/A | S44: =ROUND(SUM(O44:R44),$Q$3) -> #N/A
C46: =+CONCATENATE("Subtotal ",D30) -> Subtotal ESTRUCTURA VIAL EN PIEDRA LABOR | H46: =+SUM(H30:H45) -> #N/A | K46: =+SUM(K30:K45) -> #N/A | L46: =+SUM(L30:L45) -> #N/A | M46: =+SUM(M30:M45) -> #N/A | N46: =+SUM(N30:N45) -> #N/A | O46: =+SUM(O30:O45) -> #N/A | P46: =+SUM(P30:P45) -> #N/A | Q46: =+SUM(Q30:Q45) -> #N/A | R46: =+SUM(R30:R45) -> #N/A | S46: =+SUM(S30:S45) -> #N/A
C47: CAP.4 | D47: =VLOOKUP(C47,PPTO!$C$7:$H$59,2,0) -> #N/A
C48: 4.1 | D48: =VLOOKUP(C48,PPTO!$C$7:$H$59,2,0) -> #N/A | E48: =VLOOKUP(C48,PPTO!$C$7:$H$59,3,0) -> #N/A | F48: =IFERROR(SUMIFS(PPTO!$F$7:$F$59,PPTO!$C$7:$C$59,ITEMS!C48),0) -> 0 | G48: =VLOOKUP(C48,PPTO!$C$7:$H$59,5,0) -> #N/A | H48: =+ROUND(F48*G48,$Q$3) -> #N/A | K48: =ROUND(F48*M48,$Q$3) -> #N/A | L48: =ROUND(F48*N48,$Q$3) -> #N/A | M48: =ROUND(VLOOKUP(C48,APUS!$H$10:$V$1486,14,0),2) -> #N/A | N48: =ROUND(VLOOKUP(C48,APUS!$I$10:$V$1486,13,0),2) -> #N/A | O48: =ROUND(VLOOKUP(C48,APUS!$D$10:$Z$1486,23,0),2) -> #N/A | P48: =ROUND(VLOOKUP(C48,APUS!$E$10:$Z$1486,22,0),2) -> #N/A | Q48: =ROUND(VLOOKUP(C48,APUS!$F$10:$Z$1486,21,0),2) -> #N/A | R48: =ROUND(VLOOKUP(C48,APUS!$G$10:$Z$1486,20,0),2) -> #N/A | S48: =ROUND(SUM(O48:R48),$Q$3) -> #N/A
C49: 4.2 | D49: =VLOOKUP(C49,PPTO!$C$7:$H$59,2,0) -> #N/A | E49: =VLOOKUP(C49,PPTO!$C$7:$H$59,3,0) -> #N/A | F49: =IFERROR(SUMIFS(PPTO!$F$7:$F$59,PPTO!$C$7:$C$59,ITEMS!C49),0) -> 0 | G49: =VLOOKUP(C49,PPTO!$C$7:$H$59,5,0) -> #N/A | H49: =+ROUND(F49*G49,$Q$3) -> #N/A | K49: =ROUND(F49*M49,$Q$3) -> #N/A | L49: =ROUND(F49*N49,$Q$3) -> #N/A | M49: =ROUND(VLOOKUP(C49,APUS!$H$10:$V$1486,14,0),2) -> #N/A | N49: =ROUND(VLOOKUP(C49,APUS!$I$10:$V$1486,13,0),2) -> #N/A | O49: =ROUND(VLOOKUP(C49,APUS!$D$10:$Z$1486,23,0),2) -> #N/A | P49: =ROUND(VLOOKUP(C49,APUS!$E$10:$Z$1486,22,0),2) -> #N/A | Q49: =ROUND(VLOOKUP(C49,APUS!$F$10:$Z$1486,21,0),2) -> #N/A | R49: =ROUND(VLOOKUP(C49,APUS!$G$10:$Z$1486,20,0),2) -> #N/A | S49: =ROUND(SUM(O49:R49),$Q$3) -> #N/A
C50: 4.3 | D50: =VLOOKUP(C50,PPTO!$C$7:$H$59,2,0) -> #N/A | E50: =VLOOKUP(C50,PPTO!$C$7:$H$59,3,0) -> #N/A | F50: =IFERROR(SUMIFS(PPTO!$F$7:$F$59,PPTO!$C$7:$C$59,ITEMS!C50),0) -> 0 | G50: =VLOOKUP(C50,PPTO!$C$7:$H$59,5,0) -> #N/A | H50: =+ROUND(F50*G50,$Q$3) -> #N/A | K50: =ROUND(F50*M50,$Q$3) -> #N/A | L50: =ROUND(F50*N50,$Q$3) -> #N/A | M50: =ROUND(VLOOKUP(C50,APUS!$H$10:$V$1486,14,0),2) -> #N/A | N50: =ROUND(VLOOKUP(C50,APUS!$I$10:$V$1486,13,0),2) -> #N/A | O50: =ROUND(VLOOKUP(C50,APUS!$D$10:$Z$1486,23,0),2) -> #N/A | P50: =ROUND(VLOOKUP(C50,APUS!$E$10:$Z$1486,22,0),2) -> #N/A | Q50: =ROUND(VLOOKUP(C50,APUS!$F$10:$Z$1486,21,0),2) -> #N/A | R50: =ROUND(VLOOKUP(C50,APUS!$G$10:$Z$1486,20,0),2) -> #N/A | S50: =ROUND(SUM(O50:R50),$Q$3) -> #N/A
C51: 4.4 | D51: =VLOOKUP(C51,PPTO!$C$7:$H$59,2,0) -> #N/A | E51: =VLOOKUP(C51,PPTO!$C$7:$H$59,3,0) -> #N/A | F51: =IFERROR(SUMIFS(PPTO!$F$7:$F$59,PPTO!$C$7:$C$59,ITEMS!C51),0) -> 0 | G51: =VLOOKUP(C51,PPTO!$C$7:$H$59,5,0) -> #N/A | H51: =+ROUND(F51*G51,$Q$3) -> #N/A | K51: =ROUND(F51*M51,$Q$3) -> #N/A | L51: =ROUND(F51*N51,$Q$3) -> #N/A | M51: =ROUND(VLOOKUP(C51,APUS!$H$10:$V$1486,14,0),2) -> #N/A | N51: =ROUND(VLOOKUP(C51,APUS!$I$10:$V$1486,13,0),2) -> #N/A | O51: =ROUND(VLOOKUP(C51,APUS!$D$10:$Z$1486,23,0),2) -> #N/A | P51: =ROUND(VLOOKUP(C51,APUS!$E$10:$Z$1486,22,0),2) -> #N/A | Q51: =ROUND(VLOOKUP(C51,APUS!$F$10:$Z$1486,21,0),2) -> #N/A | R51: =ROUND(VLOOKUP(C51,APUS!$G$10:$Z$1486,20,0),2) -> #N/A | S51: =ROUND(SUM(O51:R51),$Q$3) -> #N/A
C52: 4.5 | D52: =VLOOKUP(C52,PPTO!$C$7:$H$59,2,0) -> #N/A | E52: =VLOOKUP(C52,PPTO!$C$7:$H$59,3,0) -> #N/A | F52: =IFERROR(SUMIFS(PPTO!$F$7:$F$59,PPTO!$C$7:$C$59,ITEMS!C52),0) -> 0 | G52: =VLOOKUP(C52,PPTO!$C$7:$H$59,5,0) -> #N/A | H52: =+ROUND(F52*G52,$Q$3) -> #N/A | K52: =ROUND(F52*M52,$Q$3) -> #N/A | L52: =ROUND(F52*N52,$Q$3) -> #N/A | M52: =ROUND(VLOOKUP(C52,APUS!$H$10:$V$1486,14,0),2) -> #N/A | N52: =ROUND(VLOOKUP(C52,APUS!$I$10:$V$1486,13,0),2) -> #N/A | O52: =ROUND(VLOOKUP(C52,APUS!$D$10:$Z$1486,23,0),2) -> #N/A | P52: =ROUND(VLOOKUP(C52,APUS!$E$10:$Z$1486,22,0),2) -> #N/A | Q52: =ROUND(VLOOKUP(C52,APUS!$F$10:$Z$1486,21,0),2) -> #N/A | R52: =ROUND(VLOOKUP(C52,APUS!$G$10:$Z$1486,20,0),2) -> #N/A | S52: =ROUND(SUM(O52:R52),$Q$3) -> #N/A
C53: 4.6 | D53: =VLOOKUP(C53,PPTO!$C$7:$H$59,2,0) -> #N/A | E53: =VLOOKUP(C53,PPTO!$C$7:$H$59,3,0) -> #N/A | F53: =IFERROR(SUMIFS(PPTO!$F$7:$F$59,PPTO!$C$7:$C$59,ITEMS!C53),0) -> 0 | G53: =VLOOKUP(C53,PPTO!$C$7:$H$59,5,0) -> #N/A | H53: =+ROUND(F53*G53,$Q$3) -> #N/A | K53: =ROUND(F53*M53,$Q$3) -> #N/A | L53: =ROUND(F53*N53,$Q$3) -> #N/A | M53: =ROUND(VLOOKUP(C53,APUS!$H$10:$V$1486,14,0),2) -> #N/A | N53: =ROUND(VLOOKUP(C53,APUS!$I$10:$V$1486,13,0),2) -> #N/A | O53: =ROUND(VLOOKUP(C53,APUS!$D$10:$Z$1486,23,0),2) -> #N/A | P53: =ROUND(VLOOKUP(C53,APUS!$E$10:$Z$1486,22,0),2) -> #N/A | Q53: =ROUND(VLOOKUP(C53,APUS!$F$10:$Z$1486,21,0),2) -> #N/A | R53: =ROUND(VLOOKUP(C53,APUS!$G$10:$Z$1486,20,0),2) -> #N/A | S53: =ROUND(SUM(O53:R53),$Q$3) -> #N/A
C55: =+CONCATENATE("Subtotal ",D47) -> #N/A | H55: =+SUM(H47:H54) -> #N/A | K55: =+SUM(K47:K54) -> #N/A | L55: =+SUM(L47:L54) -> #N/A | M55: =+SUM(M47:M54) -> #N/A | N55: =+SUM(N47:N54) -> #N/A | O55: =+SUM(O47:O54) -> #N/A | P55: =+SUM(P47:P54) -> #N/A | Q55: =+SUM(Q47:Q54) -> #N/A | R55: =+SUM(R47:R54) -> #N/A | S55: =+SUM(S47:S54) -> #N/A
C56: CAP.5 | D56: =VLOOKUP(C56,PPTO!$C$7:$H$59,2,0) -> #N/A
C57: 5.1 | D57: =VLOOKUP(C57,PPTO!$C$7:$H$59,2,0) -> #N/A | E57: =VLOOKUP(C57,PPTO!$C$7:$H$59,3,0) -> #N/A | F57: =IFERROR(SUMIFS(PPTO!$F$7:$F$59,PPTO!$C$7:$C$59,ITEMS!C57),0) -> 0 | G57: =VLOOKUP(C57,PPTO!$C$7:$H$59,5,0) -> #N/A | H57: =+ROUND(F57*G57,$Q$3) -> #N/A | K57: =ROUND(F57*M57,$Q$3) -> #N/A | L57: =ROUND(F57*N57,$Q$3) -> #N/A | M57: =ROUND(VLOOKUP(C57,APUS!$H$10:$V$1486,14,0),2) -> #N/A | N57: =ROUND(VLOOKUP(C57,APUS!$I$10:$V$1486,13,0),2) -> #N/A | O57: =ROUND(VLOOKUP(C57,APUS!$D$10:$Z$1486,23,0),2) -> #N/A | P57: =ROUND(VLOOKUP(C57,APUS!$E$10:$Z$1486,22,0),2) -> #N/A | Q57: =ROUND(VLOOKUP(C57,APUS!$F$10:$Z$1486,21,0),2) -> #N/A | R57: =ROUND(VLOOKUP(C57,APUS!$G$10:$Z$1486,20,0),2) -> #N/A | S57: =ROUND(SUM(O57:R57),$Q$3) -> #N/A
C58: 5.2 | D58: =VLOOKUP(C58,PPTO!$C$7:$H$59,2,0) -> #N/A | E58: =VLOOKUP(C58,PPTO!$C$7:$H$59,3,0) -> #N/A | F58: =IFERROR(SUMIFS(PPTO!$F$7:$F$59,PPTO!$C$7:$C$59,ITEMS!C58),0) -> 0 | G58: =VLOOKUP(C58,PPTO!$C$7:$H$59,5,0) -> #N/A | H58: =+ROUND(F58*G58,$Q$3) -> #N/A | K58: =ROUND(F58*M58,$Q$3) -> #N/A | L58: =ROUND(F58*N58,$Q$3) -> #N/A | M58: =ROUND(VLOOKUP(C58,APUS!$H$10:$V$1486,14,0),2) -> #N/A | N58: =ROUND(VLOOKUP(C58,APUS!$I$10:$V$1486,13,0),2) -> #N/A | O58: =ROUND(VLOOKUP(C58,APUS!$D$10:$Z$1486,23,0),2) -> #N/A | P58: =ROUND(VLOOKUP(C58,APUS!$E$10:$Z$1486,22,0),2) -> #N/A | Q58: =ROUND(VLOOKUP(C58,APUS!$F$10:$Z$1486,21,0),2) -> #N/A | R58: =ROUND(VLOOKUP(C58,APUS!$G$10:$Z$1486,20,0),2) -> #N/A | S58: =ROUND(SUM(O58:R58),$Q$3) -> #N/A
C59: 5.3 | D59: =VLOOKUP(C59,PPTO!$C$7:$H$59,2,0) -> #N/A | E59: =VLOOKUP(C59,PPTO!$C$7:$H$59,3,0) -> #N/A | F59: =IFERROR(SUMIFS(PPTO!$F$7:$F$59,PPTO!$C$7:$C$59,ITEMS!C59),0) -> 0 | G59: =VLOOKUP(C59,PPTO!$C$7:$H$59,5,0) -> #N/A | H59: =+ROUND(F59*G59,$Q$3) -> #N/A | K59: =ROUND(F59*M59,$Q$3) -> #N/A | L59: =ROUND(F59*N59,$Q$3) -> #N/A | M59: =ROUND(VLOOKUP(C59,APUS!$H$10:$V$1486,14,0),2) -> #N/A | N59: =ROUND(VLOOKUP(C59,APUS!$I$10:$V$1486,13,0),2) -> #N/A | O59: =ROUND(VLOOKUP(C59,APUS!$D$10:$Z$1486,23,0),2) -> #N/A | P59: =ROUND(VLOOKUP(C59,APUS!$E$10:$Z$1486,22,0),2) -> #N/A | Q59: =ROUND(VLOOKUP(C59,APUS!$F$10:$Z$1486,21,0),2) -> #N/A | R59: =ROUND(VLOOKUP(C59,APUS!$G$10:$Z$1486,20,0),2) -> #N/A | S59: =ROUND(SUM(O59:R59),$Q$3) -> #N/A
C60: 5.4 | D60: =VLOOKUP(C60,PPTO!$C$7:$H$59,2,0) -> #N/A | E60: =VLOOKUP(C60,PPTO!$C$7:$H$59,3,0) -> #N/A | F60: =IFERROR(SUMIFS(PPTO!$F$7:$F$59,PPTO!$C$7:$C$59,ITEMS!C60),0) -> 0 | G60: =VLOOKUP(C60,PPTO!$C$7:$H$59,5,0) -> #N/A | H60: =+ROUND(F60*G60,$Q$3) -> #N/A | K60: =ROUND(F60*M60,$Q$3) -> #N/A | L60: =ROUND(F60*N60,$Q$3) -> #N/A | M60: =ROUND(VLOOKUP(C60,APUS!$H$10:$V$1486,14,0),2) -> #N/A | N60: =ROUND(VLOOKUP(C60,APUS!$I$10:$V$1486,13,0),2) -> #N/A | O60: =ROUND(VLOOKUP(C60,APUS!$D$10:$Z$1486,23,0),2) -> #N/A | P60: =ROUND(VLOOKUP(C60,APUS!$E$10:$Z$1486,22,0),2) -> #N/A | Q60: =ROUND(VLOOKUP(C60,APUS!$F$10:$Z$1486,21,0),2) -> #N/A | R60: =ROUND(VLOOKUP(C60,APUS!$G$10:$Z$1486,20,0),2) -> #N/A | S60: =ROUND(SUM(O60:R60),$Q$3) -> #N/A
C61: 5.5 | D61: =VLOOKUP(C61,PPTO!$C$7:$H$59,2,0) -> #N/A | E61: =VLOOKUP(C61,PPTO!$C$7:$H$59,3,0) -> #N/A | F61: =IFERROR(SUMIFS(PPTO!$F$7:$F$59,PPTO!$C$7:$C$59,ITEMS!C61),0) -> 0 | G61: =VLOOKUP(C61,PPTO!$C$7:$H$59,5,0) -> #N/A | H61: =+ROUND(F61*G61,$Q$3) -> #N/A | K61: =ROUND(F61*M61,$Q$3) -> #N/A | L61: =ROUND(F61*N61,$Q$3) -> #N/A | M61: =ROUND(VLOOKUP(C61,APUS!$H$10:$V$1486,14,0),2) -> #N/A | N61: =ROUND(VLOOKUP(C61,APUS!$I$10:$V$1486,13,0),2) -> #N/A | O61: =ROUND(VLOOKUP(C61,APUS!$D$10:$Z$1486,23,0),2) -> #N/A | P61: =ROUND(VLOOKUP(C61,APUS!$E$10:$Z$1486,22,0),2) -> #N/A | Q61: =ROUND(VLOOKUP(C61,APUS!$F$10:$Z$1486,21,0),2) -> #N/A | R61: =ROUND(VLOOKUP(C61,APUS!$G$10:$Z$1486,20,0),2) -> #N/A | S61: =ROUND(SUM(O61:R61),$Q$3) -> #N/A
C62: 5.6 | D62: =VLOOKUP(C62,PPTO!$C$7:$H$59,2,0) -> #N/A | E62: =VLOOKUP(C62,PPTO!$C$7:$H$59,3,0) -> #N/A | F62: =IFERROR(SUMIFS(PPTO!$F$7:$F$59,PPTO!$C$7:$C$59,ITEMS!C62),0) -> 0 | G62: =VLOOKUP(C62,PPTO!$C$7:$H$59,5,0) -> #N/A | H62: =+ROUND(F62*G62,$Q$3) -> #N/A | K62: =ROUND(F62*M62,$Q$3) -> #N/A | L62: =ROUND(F62*N62,$Q$3) -> #N/A | M62: =ROUND(VLOOKUP(C62,APUS!$H$10:$V$1486,14,0),2) -> #N/A | N62: =ROUND(VLOOKUP(C62,APUS!$I$10:$V$1486,13,0),2) -> #N/A | O62: =ROUND(VLOOKUP(C62,APUS!$D$10:$Z$1486,23,0),2) -> #N/A | P62: =ROUND(VLOOKUP(C62,APUS!$E$10:$Z$1486,22,0),2) -> #N/A | Q62: =ROUND(VLOOKUP(C62,APUS!$F$10:$Z$1486,21,0),2) -> #N/A | R62: =ROUND(VLOOKUP(C62,APUS!$G$10:$Z$1486,20,0),2) -> #N/A | S62: =ROUND(SUM(O62:R62),$Q$3) -> #N/A
C63: 5.7 | D63: =VLOOKUP(C63,PPTO!$C$7:$H$59,2,0) -> #N/A | E63: =VLOOKUP(C63,PPTO!$C$7:$H$59,3,0) -> #N/A | F63: =IFERROR(SUMIFS(PPTO!$F$7:$F$59,PPTO!$C$7:$C$59,ITEMS!C63),0) -> 0 | G63: =VLOOKUP(C63,PPTO!$C$7:$H$59,5,0) -> #N/A | H63: =+ROUND(F63*G63,$Q$3) -> #N/A | K63: =ROUND(F63*M63,$Q$3) -> #N/A | L63: =ROUND(F63*N63,$Q$3) -> #N/A | M63: =ROUND(VLOOKUP(C63,APUS!$H$10:$V$1486,14,0),2) -> #N/A | N63: =ROUND(VLOOKUP(C63,APUS!$I$10:$V$1486,13,0),2) -> #N/A | O63: =ROUND(VLOOKUP(C63,APUS!$D$10:$Z$1486,23,0),2) -> #N/A | P63: =ROUND(VLOOKUP(C63,APUS!$E$10:$Z$1486,22,0),2) -> #N/A | Q63: =ROUND(VLOOKUP(C63,APUS!$F$10:$Z$1486,21,0),2) -> #N/A | R63: =ROUND(VLOOKUP(C63,APUS!$G$10:$Z$1486,20,0),2) -> #N/A | S63: =ROUND(SUM(O63:R63),$Q$3) -> #N/A
C64: 5.8 | D64: =VLOOKUP(C64,PPTO!$C$7:$H$59,2,0) -> #N/A | E64: =VLOOKUP(C64,PPTO!$C$7:$H$59,3,0) -> #N/A | F64: =IFERROR(SUMIFS(PPTO!$F$7:$F$59,PPTO!$C$7:$C$59,ITEMS!C64),0) -> 0 | G64: =VLOOKUP(C64,PPTO!$C$7:$H$59,5,0) -> #N/A | H64: =+ROUND(F64*G64,$Q$3) -> #N/A | K64: =ROUND(F64*M64,$Q$3) -> #N/A | L64: =ROUND(F64*N64,$Q$3) -> #N/A | M64: =ROUND(VLOOKUP(C64,APUS!$H$10:$V$1486,14,0),2) -> #N/A | N64: =ROUND(VLOOKUP(C64,APUS!$I$10:$V$1486,13,0),2) -> #N/A | O64: =ROUND(VLOOKUP(C64,APUS!$D$10:$Z$1486,23,0),2) -> #N/A | P64: =ROUND(VLOOKUP(C64,APUS!$E$10:$Z$1486,22,0),2) -> #N/A | Q64: =ROUND(VLOOKUP(C64,APUS!$F$10:$Z$1486,21,0),2) -> #N/A | R64: =ROUND(VLOOKUP(C64,APUS!$G$10:$Z$1486,20,0),2) -> #N/A | S64: =ROUND(SUM(O64:R64),$Q$3) -> #N/A
C66: =+CONCATENATE("Subtotal ",D56) -> #N/A | H66: =+SUM(H56:H65) -> #N/A | K66: =+SUM(K56:K65) -> #N/A | L66: =+SUM(L56:L65) -> #N/A | M66: =+SUM(M56:M65) -> #N/A | N66: =+SUM(N56:N65) -> #N/A | O66: =+SUM(O56:O65) -> #N/A | P66: =+SUM(P56:P65) -> #N/A | Q66: =+SUM(Q56:Q65) -> #N/A | R66: =+SUM(R56:R65) -> #N/A | S66: =+SUM(S56:S65) -> #N/A
C67: CAP.6 | D67: =VLOOKUP(C67,PPTO!$C$7:$H$59,2,0) -> #N/A
C68: 6.1 | D68: =VLOOKUP(C68,PPTO!$C$7:$H$59,2,0) -> #N/A | E68: =VLOOKUP(C68,PPTO!$C$7:$H$59,3,0) -> #N/A | F68: =IFERROR(SUMIFS(PPTO!$F$7:$F$59,PPTO!$C$7:$C$59,ITEMS!C68),0) -> 0 | G68: =VLOOKUP(C68,PPTO!$C$7:$H$59,5,0) -> #N/A | H68: =+ROUND(F68*G68,$Q$3) -> #N/A | K68: =ROUND(F68*M68,$Q$3) -> #N/A | L68: =ROUND(F68*N68,$Q$3) -> #N/A | M68: =ROUND(VLOOKUP(C68,APUS!$H$10:$V$1486,14,0),2) -> #N/A | N68: =ROUND(VLOOKUP(C68,APUS!$I$10:$V$1486,13,0),2) -> #N/A | O68: =ROUND(VLOOKUP(C68,APUS!$D$10:$Z$1486,23,0),2) -> #N/A | P68: =ROUND(VLOOKUP(C68,APUS!$E$10:$Z$1486,22,0),2) -> #N/A | Q68: =ROUND(VLOOKUP(C68,APUS!$F$10:$Z$1486,21,0),2) -> #N/A | R68: =ROUND(VLOOKUP(C68,APUS!$G$10:$Z$1486,20,0),2) -> #N/A | S68: =ROUND(SUM(O68:R68),$Q$3) -> #N/A
C69: 6.2 | D69: =VLOOKUP(C69,PPTO!$C$7:$H$59,2,0) -> #N/A | E69: =VLOOKUP(C69,PPTO!$C$7:$H$59,3,0) -> #N/A | F69: =IFERROR(SUMIFS(PPTO!$F$7:$F$59,PPTO!$C$7:$C$59,ITEMS!C69),0) -> 0 | G69: =VLOOKUP(C69,PPTO!$C$7:$H$59,5,0) -> #N/A | H69: =+ROUND(F69*G69,$Q$3) -> #N/A | K69: =ROUND(F69*M69,$Q$3) -> #N/A | L69: =ROUND(F69*N69,$Q$3) -> #N/A | M69: =ROUND(VLOOKUP(C69,APUS!$H$10:$V$1486,14,0),2) -> #N/A | N69: =ROUND(VLOOKUP(C69,APUS!$I$10:$V$1486,13,0),2) -> #N/A | O69: =ROUND(VLOOKUP(C69,APUS!$D$10:$Z$1486,23,0),2) -> #N/A | P69: =ROUND(VLOOKUP(C69,APUS!$E$10:$Z$1486,22,0),2) -> #N/A | Q69: =ROUND(VLOOKUP(C69,APUS!$F$10:$Z$1486,21,0),2) -> #N/A | R69: =ROUND(VLOOKUP(C69,APUS!$G$10:$Z$1486,20,0),2) -> #N/A | S69: =ROUND(SUM(O69:R69),$Q$3) -> #N/A
C70: 6.3 | D70: =VLOOKUP(C70,PPTO!$C$7:$H$59,2,0) -> #N/A | E70: =VLOOKUP(C70,PPTO!$C$7:$H$59,3,0) -> #N/A | F70: =IFERROR(SUMIFS(PPTO!$F$7:$F$59,PPTO!$C$7:$C$59,ITEMS!C70),0) -> 0 | G70: =VLOOKUP(C70,PPTO!$C$7:$H$59,5,0) -> #N/A | H70: =+ROUND(F70*G70,$Q$3) -> #N/A | K70: =ROUND(F70*M70,$Q$3) -> #N/A | L70: =ROUND(F70*N70,$Q$3) -> #N/A | M70: =ROUND(VLOOKUP(C70,APUS!$H$10:$V$1486,14,0),2) -> #N/A | N70: =ROUND(VLOOKUP(C70,APUS!$I$10:$V$1486,13,0),2) -> #N/A | O70: =ROUND(VLOOKUP(C70,APUS!$D$10:$Z$1486,23,0),2) -> #N/A | P70: =ROUND(VLOOKUP(C70,APUS!$E$10:$Z$1486,22,0),2) -> #N/A | Q70: =ROUND(VLOOKUP(C70,APUS!$F$10:$Z$1486,21,0),2) -> #N/A | R70: =ROUND(VLOOKUP(C70,APUS!$G$10:$Z$1486,20,0),2) -> #N/A | S70: =ROUND(SUM(O70:R70),$Q$3) -> #N/A
C71: 6.4 | D71: =VLOOKUP(C71,PPTO!$C$7:$H$59,2,0) -> #N/A | E71: =VLOOKUP(C71,PPTO!$C$7:$H$59,3,0) -> #N/A | F71: =IFERROR(SUMIFS(PPTO!$F$7:$F$59,PPTO!$C$7:$C$59,ITEMS!C71),0) -> 0 | G71: =VLOOKUP(C71,PPTO!$C$7:$H$59,5,0) -> #N/A | H71: =+ROUND(F71*G71,$Q$3) -> #N/A | K71: =ROUND(F71*M71,$Q$3) -> #N/A | L71: =ROUND(F71*N71,$Q$3) -> #N/A | M71: =ROUND(VLOOKUP(C71,APUS!$H$10:$V$1486,14,0),2) -> #N/A | N71: =ROUND(VLOOKUP(C71,APUS!$I$10:$V$1486,13,0),2) -> #N/A | O71: =ROUND(VLOOKUP(C71,APUS!$D$10:$Z$1486,23,0),2) -> #N/A | P71: =ROUND(VLOOKUP(C71,APUS!$E$10:$Z$1486,22,0),2) -> #N/A | Q71: =ROUND(VLOOKUP(C71,APUS!$F$10:$Z$1486,21,0),2) -> #N/A | R71: =ROUND(VLOOKUP(C71,APUS!$G$10:$Z$1486,20,0),2) -> #N/A | S71: =ROUND(SUM(O71:R71),$Q$3) -> #N/A
C72: 6.5 | D72: =VLOOKUP(C72,PPTO!$C$7:$H$59,2,0) -> #N/A | E72: =VLOOKUP(C72,PPTO!$C$7:$H$59,3,0) -> #N/A | F72: =IFERROR(SUMIFS(PPTO!$F$7:$F$59,PPTO!$C$7:$C$59,ITEMS!C72),0) -> 0 | G72: =VLOOKUP(C72,PPTO!$C$7:$H$59,5,0) -> #N/A | H72: =+ROUND(F72*G72,$Q$3) -> #N/A | K72: =ROUND(F72*M72,$Q$3) -> #N/A | L72: =ROUND(F72*N72,$Q$3) -> #N/A | M72: =ROUND(VLOOKUP(C72,APUS!$H$10:$V$1486,14,0),2) -> #N/A | N72: =ROUND(VLOOKUP(C72,APUS!$I$10:$V$1486,13,0),2) -> #N/A | O72: =ROUND(VLOOKUP(C72,APUS!$D$10:$Z$1486,23,0),2) -> #N/A | P72: =ROUND(VLOOKUP(C72,APUS!$E$10:$Z$1486,22,0),2) -> #N/A | Q72: =ROUND(VLOOKUP(C72,APUS!$F$10:$Z$1486,21,0),2) -> #N/A | R72: =ROUND(VLOOKUP(C72,APUS!$G$10:$Z$1486,20,0),2) -> #N/A | S72: =ROUND(SUM(O72:R72),$Q$3) -> #N/A
C73: 6.6 | D73: =VLOOKUP(C73,PPTO!$C$7:$H$59,2,0) -> #N/A | E73: =VLOOKUP(C73,PPTO!$C$7:$H$59,3,0) -> #N/A | F73: =IFERROR(SUMIFS(PPTO!$F$7:$F$59,PPTO!$C$7:$C$59,ITEMS!C73),0) -> 0 | G73: =VLOOKUP(C73,PPTO!$C$7:$H$59,5,0) -> #N/A | H73: =+ROUND(F73*G73,$Q$3) -> #N/A | K73: =ROUND(F73*M73,$Q$3) -> #N/A | L73: =ROUND(F73*N73,$Q$3) -> #N/A | M73: =ROUND(VLOOKUP(C73,APUS!$H$10:$V$1486,14,0),2) -> #N/A | N73: =ROUND(VLOOKUP(C73,APUS!$I$10:$V$1486,13,0),2) -> #N/A | O73: =ROUND(VLOOKUP(C73,APUS!$D$10:$Z$1486,23,0),2) -> #N/A | P73: =ROUND(VLOOKUP(C73,APUS!$E$10:$Z$1486,22,0),2) -> #N/A | Q73: =ROUND(VLOOKUP(C73,APUS!$F$10:$Z$1486,21,0),2) -> #N/A | R73: =ROUND(VLOOKUP(C73,APUS!$G$10:$Z$1486,20,0),2) -> #N/A | S73: =ROUND(SUM(O73:R73),$Q$3) -> #N/A
C74: 6.7 | D74: =VLOOKUP(C74,PPTO!$C$7:$H$59,2,0) -> #N/A | E74: =VLOOKUP(C74,PPTO!$C$7:$H$59,3,0) -> #N/A | F74: =IFERROR(SUMIFS(PPTO!$F$7:$F$59,PPTO!$C$7:$C$59,ITEMS!C74),0) -> 0 | G74: =VLOOKUP(C74,PPTO!$C$7:$H$59,5,0) -> #N/A | H74: =+ROUND(F74*G74,$Q$3) -> #N/A | K74: =ROUND(F74*M74,$Q$3) -> #N/A | L74: =ROUND(F74*N74,$Q$3) -> #N/A | M74: =ROUND(VLOOKUP(C74,APUS!$H$10:$V$1486,14,0),2) -> #N/A | N74: =ROUND(VLOOKUP(C74,APUS!$I$10:$V$1486,13,0),2) -> #N/A | O74: =ROUND(VLOOKUP(C74,APUS!$D$10:$Z$1486,23,0),2) -> #N/A | P74: =ROUND(VLOOKUP(C74,APUS!$E$10:$Z$1486,22,0),2) -> #N/A | Q74: =ROUND(VLOOKUP(C74,APUS!$F$10:$Z$1486,21,0),2) -> #N/A | R74: =ROUND(VLOOKUP(C74,APUS!$G$10:$Z$1486,20,0),2) -> #N/A | S74: =ROUND(SUM(O74:R74),$Q$3) -> #N/A
C75: 6.8 | D75: =VLOOKUP(C75,PPTO!$C$7:$H$59,2,0) -> #N/A | E75: =VLOOKUP(C75,PPTO!$C$7:$H$59,3,0) -> #N/A | F75: =IFERROR(SUMIFS(PPTO!$F$7:$F$59,PPTO!$C$7:$C$59,ITEMS!C75),0) -> 0 | G75: =VLOOKUP(C75,PPTO!$C$7:$H$59,5,0) -> #N/A | H75: =+ROUND(F75*G75,$Q$3) -> #N/A | K75: =ROUND(F75*M75,$Q$3) -> #N/A | L75: =ROUND(F75*N75,$Q$3) -> #N/A | M75: =ROUND(VLOOKUP(C75,APUS!$H$10:$V$1486,14,0),2) -> #N/A | N75: =ROUND(VLOOKUP(C75,APUS!$I$10:$V$1486,13,0),2) -> #N/A | O75: =ROUND(VLOOKUP(C75,APUS!$D$10:$Z$1486,23,0),2) -> #N/A | P75: =ROUND(VLOOKUP(C75,APUS!$E$10:$Z$1486,22,0),2) -> #N/A | Q75: =ROUND(VLOOKUP(C75,APUS!$F$10:$Z$1486,21,0),2) -> #N/A | R75: =ROUND(VLOOKUP(C75,APUS!$G$10:$Z$1486,20,0),2) -> #N/A | S75: =ROUND(SUM(O75:R75),$Q$3) -> #N/A
C76: 6.9 | D76: =VLOOKUP(C76,PPTO!$C$7:$H$59,2,0) -> #N/A | E76: =VLOOKUP(C76,PPTO!$C$7:$H$59,3,0) -> #N/A | F76: =IFERROR(SUMIFS(PPTO!$F$7:$F$59,PPTO!$C$7:$C$59,ITEMS!C76),0) -> 0 | G76: =VLOOKUP(C76,PPTO!$C$7:$H$59,5,0) -> #N/A | H76: =+ROUND(F76*G76,$Q$3) -> #N/A | K76: =ROUND(F76*M76,$Q$3) -> #N/A | L76: =ROUND(F76*N76,$Q$3) -> #N/A | M76: =ROUND(VLOOKUP(C76,APUS!$H$10:$V$1486,14,0),2) -> #N/A | N76: =ROUND(VLOOKUP(C76,APUS!$I$10:$V$1486,13,0),2) -> #N/A | O76: =ROUND(VLOOKUP(C76,APUS!$D$10:$Z$1486,23,0),2) -> #N/A | P76: =ROUND(VLOOKUP(C76,APUS!$E$10:$Z$1486,22,0),2) -> #N/A | Q76: =ROUND(VLOOKUP(C76,APUS!$F$10:$Z$1486,21,0),2) -> #N/A | R76: =ROUND(VLOOKUP(C76,APUS!$G$10:$Z$1486,20,0),2) -> #N/A | S76: =ROUND(SUM(O76:R76),$Q$3) -> #N/A
C77: 6.10 | D77: =VLOOKUP(C77,PPTO!$C$7:$H$59,2,0) -> #N/A | E77: =VLOOKUP(C77,PPTO!$C$7:$H$59,3,0) -> #N/A | F77: =IFERROR(SUMIFS(PPTO!$F$7:$F$59,PPTO!$C$7:$C$59,ITEMS!C77),0) -> 0 | G77: =VLOOKUP(C77,PPTO!$C$7:$H$59,5,0) -> #N/A | H77: =+ROUND(F77*G77,$Q$3) -> #N/A | K77: =ROUND(F77*M77,$Q$3) -> #N/A | L77: =ROUND(F77*N77,$Q$3) -> #N/A | M77: =ROUND(VLOOKUP(C77,APUS!$H$10:$V$1486,14,0),2) -> #N/A | N77: =ROUND(VLOOKUP(C77,APUS!$I$10:$V$1486,13,0),2) -> #N/A | O77: =ROUND(VLOOKUP(C77,APUS!$D$10:$Z$1486,23,0),2) -> #N/A | P77: =ROUND(VLOOKUP(C77,APUS!$E$10:$Z$1486,22,0),2) -> #N/A | Q77: =ROUND(VLOOKUP(C77,APUS!$F$10:$Z$1486,21,0),2) -> #N/A | R77: =ROUND(VLOOKUP(C77,APUS!$G$10:$Z$1486,20,0),2) -> #N/A | S77: =ROUND(SUM(O77:R77),$Q$3) -> #N/A
C78: 6.11 | D78: =VLOOKUP(C78,PPTO!$C$7:$H$59,2,0) -> #N/A | E78: =VLOOKUP(C78,PPTO!$C$7:$H$59,3,0) -> #N/A | F78: =IFERROR(SUMIFS(PPTO!$F$7:$F$59,PPTO!$C$7:$C$59,ITEMS!C78),0) -> 0 | G78: =VLOOKUP(C78,PPTO!$C$7:$H$59,5,0) -> #N/A | H78: =+ROUND(F78*G78,$Q$3) -> #N/A | K78: =ROUND(F78*M78,$Q$3) -> #N/A | L78: =ROUND(F78*N78,$Q$3) -> #N/A | M78: =ROUND(VLOOKUP(C78,APUS!$H$10:$V$1486,14,0),2) -> #N/A | N78: =ROUND(VLOOKUP(C78,APUS!$I$10:$V$1486,13,0),2) -> #N/A | O78: =ROUND(VLOOKUP(C78,APUS!$D$10:$Z$1486,23,0),2) -> #N/A | P78: =ROUND(VLOOKUP(C78,APUS!$E$10:$Z$1486,22,0),2) -> #N/A | Q78: =ROUND(VLOOKUP(C78,APUS!$F$10:$Z$1486,21,0),2) -> #N/A | R78: =ROUND(VLOOKUP(C78,APUS!$G$10:$Z$1486,20,0),2) -> #N/A | S78: =ROUND(SUM(O78:R78),$Q$3) -> #N/A
C79: 6.12 | D79: =VLOOKUP(C79,PPTO!$C$7:$H$59,2,0) -> #N/A | E79: =VLOOKUP(C79,PPTO!$C$7:$H$59,3,0) -> #N/A | F79: =IFERROR(SUMIFS(PPTO!$F$7:$F$59,PPTO!$C$7:$C$59,ITEMS!C79),0) -> 0 | G79: =VLOOKUP(C79,PPTO!$C$7:$H$59,5,0) -> #N/A | H79: =+ROUND(F79*G79,$Q$3) -> #N/A | K79: =ROUND(F79*M79,$Q$3) -> #N/A | L79: =ROUND(F79*N79,$Q$3) -> #N/A | M79: =ROUND(VLOOKUP(C79,APUS!$H$10:$V$1486,14,0),2) -> #N/A | N79: =ROUND(VLOOKUP(C79,APUS!$I$10:$V$1486,13,0),2) -> #N/A | O79: =ROUND(VLOOKUP(C79,APUS!$D$10:$Z$1486,23,0),2) -> #N/A | P79: =ROUND(VLOOKUP(C79,APUS!$E$10:$Z$1486,22,0),2) -> #N/A | Q79: =ROUND(VLOOKUP(C79,APUS!$F$10:$Z$1486,21,0),2) -> #N/A | R79: =ROUND(VLOOKUP(C79,APUS!$G$10:$Z$1486,20,0),2) -> #N/A | S79: =ROUND(SUM(O79:R79),$Q$3) -> #N/A
... C85: 6.18 | D85: =VLOOKUP(C85,PPTO!$C$7:$H$59,2,0) -> #N/A | E85: =VLOOKUP(C85,PPTO!$C$7:$H$59,3,0) -> #N/A | F85: =IFERROR(SUMIFS(PPTO!$F$7:$F$59,PPTO!$C$7:$C$59,ITEMS!C85),0) -> 0 | G85: =VLOOKUP(C85,PPTO!$C$7:$H$59,5,0) -> #N/A | H85: =+ROUND(F85*G85,$Q$3) -> #N/A | K85: =ROUND(F85*M85,$Q$3) -> #N/A | L85: =ROUND(F85*N85,$Q$3) -> #N/A | M85: =ROUND(VLOOKUP(C85,APUS!$H$10:$V$1486,14,0),2) -> #N/A | N85: =ROUND(VLOOKUP(C85,APUS!$I$10:$V$1486,13,0),2) -> #N/A | O85: =ROUND(VLOOKUP(C85,APUS!$D$10:$Z$1486,23,0),2) -> #N/A | P85: =ROUND(VLOOKUP(C85,APUS!$E$10:$Z$1486,22,0),2) -> #N/A | Q85: =ROUND(VLOOKUP(C85,APUS!$F$10:$Z$1486,21,0),2) -> #N/A | R85: =ROUND(VLOOKUP(C85,APUS!$G$10:$Z$1486,20,0),2) -> #N/A | S85: =ROUND(SUM(O85:R85),$Q$3) -> #N/A
C86: 6.19 | D86: =VLOOKUP(C86,PPTO!$C$7:$H$59,2,0) -> #N/A | E86: =VLOOKUP(C86,PPTO!$C$7:$H$59,3,0) -> #N/A | F86: =IFERROR(SUMIFS(PPTO!$F$7:$F$59,PPTO!$C$7:$C$59,ITEMS!C86),0) -> 0 | G86: =VLOOKUP(C86,PPTO!$C$7:$H$59,5,0) -> #N/A | H86: =+ROUND(F86*G86,$Q$3) -> #N/A
C87: 6.20 | D87: =VLOOKUP(C87,PPTO!$C$7:$H$59,2,0) -> #N/A | E87: =VLOOKUP(C87,PPTO!$C$7:$H$59,3,0) -> #N/A | F87: =IFERROR(SUMIFS(PPTO!$F$7:$F$59,PPTO!$C$7:$C$59,ITEMS!C87),0) -> 0 | G87: =VLOOKUP(C87,PPTO!$C$7:$H$59,5,0) -> #N/A | H87: =+ROUND(F87*G87,$Q$3) -> #N/A | K87: =ROUND(F87*M87,$Q$3) -> #N/A | L87: =ROUND(F87*N87,$Q$3) -> #N/A | M87: =ROUND(VLOOKUP(C87,APUS!$H$10:$V$1486,14,0),2) -> #N/A | N87: =ROUND(VLOOKUP(C87,APUS!$I$10:$V$1486,13,0),2) -> #N/A | O87: =ROUND(VLOOKUP(C87,APUS!$D$10:$Z$1486,23,0),2) -> #N/A | P87: =ROUND(VLOOKUP(C87,APUS!$E$10:$Z$1486,22,0),2) -> #N/A | Q87: =ROUND(VLOOKUP(C87,APUS!$F$10:$Z$1486,21,0),2) -> #N/A | R87: =ROUND(VLOOKUP(C87,APUS!$G$10:$Z$1486,20,0),2) -> #N/A | S87: =ROUND(SUM(O87:R87),$Q$3) -> #N/A
C88: 6.21 | D88: =VLOOKUP(C88,PPTO!$C$7:$H$59,2,0) -> #N/A | E88: =VLOOKUP(C88,PPTO!$C$7:$H$59,3,0) -> #N/A | F88: =IFERROR(SUMIFS(PPTO!$F$7:$F$59,PPTO!$C$7:$C$59,ITEMS!C88),0) -> 0 | G88: =VLOOKUP(C88,PPTO!$C$7:$H$59,5,0) -> #N/A | H88: =+ROUND(F88*G88,$Q$3) -> #N/A | K88: =ROUND(F88*M88,$Q$3) -> #N/A | L88: =ROUND(F88*N88,$Q$3) -> #N/A | M88: =ROUND(VLOOKUP(C88,APUS!$H$10:$V$1486,14,0),2) -> #N/A | N88: =ROUND(VLOOKUP(C88,APUS!$I$10:$V$1486,13,0),2) -> #N/A | O88: =ROUND(VLOOKUP(C88,APUS!$D$10:$Z$1486,23,0),2) -> #N/A | P88: =ROUND(VLOOKUP(C88,APUS!$E$10:$Z$1486,22,0),2) -> #N/A | Q88: =ROUND(VLOOKUP(C88,APUS!$F$10:$Z$1486,21,0),2) -> #N/A | R88: =ROUND(VLOOKUP(C88,APUS!$G$10:$Z$1486,20,0),2) -> #N/A | S88: =ROUND(SUM(O88:R88),$Q$3) -> #N/A
C90: =+CONCATENATE("Subtotal ",D67) -> #N/A | H90: =+SUM(H67:H89) -> #N/A | K90: =+SUM(K67:K89) -> #N/A | L90: =+SUM(L67:L89) -> #N/A | M90: =+SUM(M67:M89) -> #N/A | N90: =+SUM(N67:N89) -> #N/A | O90: =+SUM(O67:O89) -> #N/A | P90: =+SUM(P67:P89) -> #N/A | Q90: =+SUM(Q67:Q89) -> #N/A | R90: =+SUM(R67:R89) -> #N/A | S90: =+SUM(S67:S89) -> #N/A
C92: COSTO TOTAL DIRECTO | H92: =H20+H29+H46+H55+H66+H90 -> #N/A | K92: =K20+K29+K46+K55+K90 -> #N/A | L92: =L20+L29+L46+L55+L90 -> #N/A | M92: =M20+M29+M46+M55+M90 -> #N/A | N92: =N20+N29+N46+N55+N90 -> #N/A | O92: =O20+O29+O46+O55+O90 -> #N/A | P92: =P20+P29+P46+P55+P90 -> #N/A | Q92: =Q20+Q29+Q46+Q55+Q90 -> #N/A | R92: =R20+R29+R46+R55+R90 -> #N/A | S92: =S20+S29+S46+S55+S90 -> #N/A
C93: ADMINISTRACCION | G93: 0.29 | H93: =+ROUND($H$92*G93,$Q$3) -> #N/A
C94: IMPREVISTOS | G94: 0.01 | H94: =+ROUND($H$92*G94,$Q$3) -> #N/A
C95: UTILIDAD | G95: 0.05 | H95: =+ROUND($H$92*G95,$Q$3) -> #N/A
C96: I.V.A. SOBRE LA UTILIDAD | H96: =+ROUND(H95*G96,$Q$3) -> #N/A
C97: COSTO TOTAL INDIRECTO (A.I.U.) | H97: =+SUM(H93:H96) -> #N/A
C99: COSTO TOTAL OBRA | H99: =H92+H97 -> #N/A
C101: PRESUPUESTO PLAN DE MANEJO AMBIENTAL | H101: =PPTO!#REF! -> #REF!
C102: INTERVENTORIA | H102: =PPTO!H72 -> 0
C103: COSTO TOTAL PROYECTO | H103: =SUM(H99:H102) -> #N/A
C105: ELABORO: | E105: APROBO:
C109: ING. EDWIN ANTONIO ORTIZ HIGUERA | E109: =INFORMACION!$C$14 -> ARQ. YASMID ROCÍO CARRILLO MORA
C110: MP. 68202-096275 STD | E110: =INFORMACION!$C$15 -> SECRETARIA DE PLANEACIÓN Y OBRAS PÚBLICAS
E111: =INFORMACION!$C$16 -> MUNICIPIO DE PINCHOTE

Sheet PPTO DIRECTO
P2: UNITARIOS O TOTALES | Q2: TOTALES | S2: UNITARIOS
C3: PRESUPUESTO GENERAL DE OBRA | P3: Decimales | Q3: 0 | S3: TOTALES
C4: OBRA: | D4: =PRESENTACION!A13 -> CONSTRUCCIÓN DE PAVIMENTO EN PIEDRA LABOR Y OPTIMIZACIÓN DE LA RED DE ALCANTARILLADO SANITARIO CALLE 5 ENTRE CARRERA 3 Y 4 DEL CASCO URBANO DEL MUNICIPIO DE PINCHOTE, DEPARTAMENTO DE SANTANDER
C5: =CONCATENATE(INFORMACION!A5,INFORMACION!A6) -> LOCALIZACIÓN:PINCHOTE, SANTANDER | F5: FECHA: | G5: =PRESENTACION!$A$43 -> ABRIL DE 2026
C7: ITEM | D7: DESCRIPCIÓN | E7: UND | F7: CANTIDAD | G7: VR. UNIT. | H7: VR. TOTAL | K7: COSTO DIRECTO | L7: COSTO INDIRECTO | M7: COSTO UNIT. | N7: COSTO TOTAL | O7: I. HERR | P7: II. MAT. | Q7: III. TRANSP. | R7: IV. MO | S7: TOTAL
C9: ACUEDUCTO - DISTRIBUCION
C10: CAP.1 | D10: PRELIMINARES | V10: =CONCATENATE(C10," ","-"," ",D10) -> CAP.1 - PRELIMINARES
C11: 1.1 | D11: Localización y replanteo con equipo topográfico | E11: ml | F11: =VLOOKUP(C11,[7]MC.!$B$6:$E$52,4,0) -> 7914.57 | G11: =+IFERROR(IF($Q$2="UNITARIOS",VLOOKUP(C11,$C$9:$Y$59,11,FALSE),VLOOKUP(C11,$C$9:$Y$59,12,FALSE)),0) -> 6644 | H11: =+ROUND(F11*G11,$Q$3) -> 52584403 | K11: =ROUND(F11*M11,$Q$3) -> 39533277 | L11: =ROUND(F11*N11,$Q$3) -> 52584403 | M11: =ROUND(VLOOKUP(C11,APUS!$H$10:$V$1486,14,0),2) -> 4995 | N11: =ROUND(VLOOKUP(C11,APUS!$I$10:$V$1486,13,0),2) -> 6644 | O11: =ROUND(VLOOKUP(C11,APUS!$D$10:$Z$1486,23,0),2) -> 18130 | P11: =ROUND(VLOOKUP(C11,APUS!$E$10:$Z$1486,22,0),2) -> 114304 | Q11: =ROUND(VLOOKUP(C11,APUS!$F$10:$Z$1486,21,0),2) -> 0 | R11: =ROUND(VLOOKUP(C11,APUS!$G$10:$Z$1486,20,0),2) -> 362599 | S11: =SUM(O11:R11) -> 495033 | V11: =CONCATENATE(C11," ","-"," ",D11) -> 1.1 - Localización y replanteo con equipo topográfico
C12: 1.2 | D12: Demolición de losa maciza (Incluye retiro y disposición final) | E12: ml | F12: =VLOOKUP(C12,[7]MC.!$B$6:$E$52,4,0) -> 216 | G12: =+IFERROR(IF($Q$2="UNITARIOS",VLOOKUP(C12,$C$9:$Y$59,11,FALSE),VLOOKUP(C12,$C$9:$Y$59,12,FALSE)),0) -> 34940 | H12: =+ROUND(F12*G12,$Q$3) -> 7547040 | K12: =ROUND(F12*M12,$Q$3) -> 5674320 | L12: =ROUND(F12*N12,$Q$3) -> 7547040 | M12: =ROUND(VLOOKUP(C12,APUS!$H$10:$V$1486,14,0),2) -> 26270 | N12: =ROUND(VLOOKUP(C12,APUS!$I$10:$V$1486,13,0),2) -> 34940 | O12: =ROUND(VLOOKUP(C12,APUS!$D$10:$Z$1486,23,0),2) -> 841493 | P12: =ROUND(VLOOKUP(C12,APUS!$E$10:$Z$1486,22,0),2) -> 0 | Q12: =ROUND(VLOOKUP(C12,APUS!$F$10:$Z$1486,21,0),2) -> 67784 | R12: =ROUND(VLOOKUP(C12,APUS!$G$10:$Z$1486,20,0),2) -> 1694075 | S12: =SUM(O12:R12) -> 2603352 | V12: =CONCATENATE(C12," ","-"," ",D12) -> 1.2 - Demolición de losa maciza (Incluye retiro y disposición final)
C13: 1.3 | D13: Retiro de piedra labor en zonas de zanja de tubería | E13: ml | F13: =VLOOKUP(C13,[7]MC.!$B$6:$E$52,4,0) -> 27.5 | G13: =+IFERROR(IF($Q$2="UNITARIOS",VLOOKUP(C13,$C$9:$Y$59,11,FALSE),VLOOKUP(C13,$C$9:$Y$59,12,FALSE)),0) -> 30670 | H13: =+ROUND(F13*G13,$Q$3) -> 843425 | K13: =ROUND(F13*M13,$Q$3) -> 634150 | L13: =ROUND(F13*N13,$Q$3) -> 843425 | M13: =ROUND(VLOOKUP(C13,APUS!$H$10:$V$1486,14,0),2) -> 23060 | N13: =ROUND(VLOOKUP(C13,APUS!$I$10:$V$1486,13,0),2) -> 30670 | O13: =ROUND(VLOOKUP(C13,APUS!$D$10:$Z$1486,23,0),2) -> 554489 | P13: =ROUND(VLOOKUP(C13,APUS!$E$10:$Z$1486,22,0),2) -> 0 | Q13: =ROUND(VLOOKUP(C13,APUS!$F$10:$Z$1486,21,0),2) -> 33725 | R13: =ROUND(VLOOKUP(C13,APUS!$G$10:$Z$1486,20,0),2) -> 1685699 | S13: =SUM(O13:R13) -> 2273913 | V13: =CONCATENATE(C13," ","-"," ",D13) -> 1.3 - Retiro de piedra labor en zonas de zanja de tubería
C15: =+CONCATENATE("Subtotal ",D10) -> Subtotal PRELIMINARES | H15: =+SUM(H10:H14) -> 60974868 | K15: =+SUM(K10:K14) -> 45841747 | L15: =+SUM(L10:L14) -> 60974868 | M15: =+SUM(M10:M14) -> 54325 | N15: =+SUM(N10:N14) -> 72254 | O15: =+SUM(O10:O14) -> 1414112 | P15: =+SUM(P10:P14) -> 114304 | Q15: =+SUM(Q10:Q14) -> 101509 | R15: =+SUM(R10:R14) -> 3742373 | S15: =+SUM(S10:S14) -> 5372298
C16: CAP.2 | D16: MOVIMIENTO DE TIERRAS | V16: =CONCATENATE(C16," ","-"," ",D16) -> CAP.2 - MOVIMIENTO DE TIERRAS
C17: 2.1 | D17: Excavación en material común en seco a maquina | E17: m3 | F17: =VLOOKUP(C17,[7]MC.!$B$6:$E$52,4,0) -> 1126.37 | G17: =+IFERROR(IF($Q$2="UNITARIOS",VLOOKUP(C17,$C$9:$Y$59,11,FALSE),VLOOKUP(C17,$C$9:$Y$59,12,FALSE)),0) -> 0 | H17: =+ROUND(F17*G17,$Q$3) -> 0 | K17: =ROUND(F17*M17,$Q$3) -> #N/A | L17: =ROUND(F17*N17,$Q$3) -> #N/A | M17: =ROUND(VLOOKUP(C17,APUS!$H$10:$V$1486,14,0),2) -> #N/A | N17: =ROUND(VLOOKUP(C17,APUS!$I$10:$V$1486,13,0),2) -> #N/A | O17: =ROUND(VLOOKUP(C17,APUS!$D$10:$Z$1486,23,0),2) -> #N/A | P17: =ROUND(VLOOKUP(C17,APUS!$E$10:$Z$1486,22,0),2) -> #N/A | Q17: =ROUND(VLOOKUP(C17,APUS!$F$10:$Z$1486,21,0),2) -> #N/A | R17: =ROUND(VLOOKUP(C17,APUS!$G$10:$Z$1486,20,0),2) -> #N/A | S17: =SUM(O17:R17) -> #N/A | V17: =CONCATENATE(C17," ","-"," ",D17) -> 2.1 - Excavación en material común en seco a maquina
C18: 2.2 | D18: Excavación en material común en seco a mano | E18: m3 | F18: =VLOOKUP(C18,[7]MC.!$B$6:$E$52,4,0) -> 422.64 | G18: =+IFERROR(IF($Q$2="UNITARIOS",VLOOKUP(C18,$C$9:$Y$59,11,FALSE),VLOOKUP(C18,$C$9:$Y$59,12,FALSE)),0) -> 0 | H18: =+ROUND(F18*G18,$Q$3) -> 0 | K18: =ROUND(F18*M18,$Q$3) -> #N/A | L18: =ROUND(F18*N18,$Q$3) -> #N/A | M18: =ROUND(VLOOKUP(C18,APUS!$H$10:$V$1486,14,0),2) -> #N/A | N18: =ROUND(VLOOKUP(C18,APUS!$I$10:$V$1486,13,0),2) -> #N/A | O18: =ROUND(VLOOKUP(C18,APUS!$D$10:$Z$1486,23,0),2) -> #N/A | P18: =ROUND(VLOOKUP(C18,APUS!$E$10:$Z$1486,22,0),2) -> #N/A | Q18: =ROUND(VLOOKUP(C18,APUS!$F$10:$Z$1486,21,0),2) -> #N/A | R18: =ROUND(VLOOKUP(C18,APUS!$G$10:$Z$1486,20,0),2) -> #N/A | S18: =SUM(O18:R18) -> #N/A | V18: =CONCATENATE(C18," ","-"," ",D18) -> 2.2 - Excavación en material común en seco a mano
C19: 2.3 | D19: Excavación en roca | E19: m3 | F19: =VLOOKUP(C19,[7]MC.!$B$6:$E$52,4,0) -> 387.25 | G19: =+IFERROR(IF($Q$2="UNITARIOS",VLOOKUP(C19,$C$9:$Y$59,11,FALSE),VLOOKUP(C19,$C$9:$Y$59,12,FALSE)),0) -> 0 | H19: =+ROUND(F19*G19,$Q$3) -> 0 | K19: =ROUND(F19*M19,$Q$3) -> #N/A | L19: =ROUND(F19*N19,$Q$3) -> #N/A | M19: =ROUND(VLOOKUP(C19,APUS!$H$10:$V$1486,14,0),2) -> #N/A | N19: =ROUND(VLOOKUP(C19,APUS!$I$10:$V$1486,13,0),2) -> #N/A | O19: =ROUND(VLOOKUP(C19,APUS!$D$10:$Z$1486,23,0),2) -> #N/A | P19: =ROUND(VLOOKUP(C19,APUS!$E$10:$Z$1486,22,0),2) -> #N/A | Q19: =ROUND(VLOOKUP(C19,APUS!$F$10:$Z$1486,21,0),2) -> #N/A | R19: =ROUND(VLOOKUP(C19,APUS!$G$10:$Z$1486,20,0),2) -> #N/A | S19: =SUM(O19:R19) -> #N/A | V19: =CONCATENATE(C19," ","-"," ",D19) -> 2.3 - Excavación en roca
C20: 2.4 | D20: Conformación de la zanja con cama de arena o material granular fino | E20: ml | F20: =VLOOKUP(C20,[7]MC.!$B$6:$E$52,4,0) -> 791.457 | G20: =+IFERROR(IF($Q$2="UNITARIOS",VLOOKUP(C20,$C$9:$Y$59,11,FALSE),VLOOKUP(C20,$C$9:$Y$59,12,FALSE)),0) -> 0 | H20: =+ROUND(F20*G20,$Q$3) -> 0 | K20: =ROUND(F20*M20,$Q$3) -> #N/A | L20: =ROUND(F20*N20,$Q$3) -> #N/A | M20: =ROUND(VLOOKUP(C20,APUS!$H$10:$V$1486,14,0),2) -> #N/A | N20: =ROUND(VLOOKUP(C20,APUS!$I$10:$V$1486,13,0),2) -> #N/A | O20: =ROUND(VLOOKUP(C20,APUS!$D$10:$Z$1486,23,0),2) -> #N/A | P20: =ROUND(VLOOKUP(C20,APUS!$E$10:$Z$1486,22,0),2) -> #N/A | Q20: =ROUND(VLOOKUP(C20,APUS!$F$10:$Z$1486,21,0),2) -> #N/A | R20: =ROUND(VLOOKUP(C20,APUS!$G$10:$Z$1486,20,0),2) -> #N/A | S20: =SUM(O20:R20) -> #N/A | V20: =CONCATENATE(C20," ","-"," ",D20) -> 2.4 - Conformación de la zanja con cama de arena o material granular fino
C21: 2.5 | D21: Relleno para zanja con material seleccionado de la excavación compactado al 90% por capas no mayor a 10 cm | E21: m3 | F21: =VLOOKUP(C21,[7]MC.!$B$6:$E$52,4,0) -> 1352.0228 | G21: =+IFERROR(IF($Q$2="UNITARIOS",VLOOKUP(C21,$C$9:$Y$59,11,FALSE),VLOOKUP(C21,$C$9:$Y$59,12,FALSE)),0) -> 0 | H21: =+ROUND(F21*G21,$Q$3) -> 0 | K21: =ROUND(F21*M21,$Q$3) -> #N/A | L21: =ROUND(F21*N21,$Q$3) -> #N/A | M21: =ROUND(VLOOKUP(C21,APUS!$H$10:$V$1486,14,0),2) -> #N/A | N21: =ROUND(VLOOKUP(C21,APUS!$I$10:$V$1486,13,0),2) -> #N/A | O21: =ROUND(VLOOKUP(C21,APUS!$D$10:$Z$1486,23,0),2) -> #N/A | P21: =ROUND(VLOOKUP(C21,APUS!$E$10:$Z$1486,22,0),2) -> #N/A | Q21: =ROUND(VLOOKUP(C21,APUS!$F$10:$Z$1486,21,0),2) -> #N/A | R21: =ROUND(VLOOKUP(C21,APUS!$G$10:$Z$1486,20,0),2) -> #N/A | S21: =SUM(O21:R21) -> #N/A | V21: =CONCATENATE(C21," ","-"," ",D21) -> 2.5 - Relleno para zanja con material seleccionado de la excavación compactado al 90% por capas no mayor a 10 cm
C22: 2.6 | D22: Relleno para zanja con material de préstamo (recebo) compactado 90% por capas no mayor a 10 cm | E22: m3 | F22: =VLOOKUP(C22,[7]MC.!$B$6:$E$52,4,0) -> 575.4428 | G22: =+IFERROR(IF($Q$2="UNITARIOS",VLOOKUP(C22,$C$9:$Y$59,11,FALSE),VLOOKUP(C22,$C$9:$Y$59,12,FALSE)),0) -> 0 | H22: =+ROUND(F22*G22,$Q$3) -> 0 | K22: =ROUND(F22*M22,$Q$3) -> #N/A | L22: =ROUND(F22*N22,$Q$3) -> #N/A | M22: =ROUND(VLOOKUP(C22,APUS!$H$10:$V$1486,14,0),2) -> #N/A | N22: =ROUND(VLOOKUP(C22,APUS!$I$10:$V$1486,13,0),2) -> #N/A | O22: =ROUND(VLOOKUP(C22,APUS!$D$10:$Z$1486,23,0),2) -> #N/A | P22: =ROUND(VLOOKUP(C22,APUS!$E$10:$Z$1486,22,0),2) -> #N/A | Q22: =ROUND(VLOOKUP(C22,APUS!$F$10:$Z$1486,21,0),2) -> #N/A | R22: =ROUND(VLOOKUP(C22,APUS!$G$10:$Z$1486,20,0),2) -> #N/A | S22: =SUM(O22:R22) -> #N/A | V22: =CONCATENATE(C22," ","-"," ",D22) -> 2.6 - Relleno para zanja con material de préstamo (recebo) compactado 90% por capas no mayor a 10 cm
C24: =+CONCATENATE("Subtotal ",D16) -> Subtotal MOVIMIENTO DE TIERRAS | H24: =+SUM(H16:H23) -> 0 | K24: =+SUM(K16:K23) -> #N/A | L24: =+SUM(L16:L23) -> #N/A | M24: =+SUM(M16:M22) -> #N/A | N24: =+SUM(N16:N22) -> #N/A | O24: =+SUM(O16:O22) -> #N/A | P24: =+SUM(P16:P22) -> #N/A | Q24: =+SUM(Q16:Q22) -> #N/A | R24: =+SUM(R16:R22) -> #N/A | S24: =+SUM(S16:S22) -> #N/A
C25: CAP.3 | D25: RED DE DISTRIBUCION | V25: =CONCATENATE(C25," ","-"," ",D25) -> CAP.3 - RED DE DISTRIBUCION
C26: 3.1 | D26: Suministro e instalación de tubería de PVC Presión de 2" RDE 21 | E26: ml | F26: =VLOOKUP(C26,[7]MC.!$B$6:$E$52,4,0) -> 4911.21 | G26: =+IFERROR(IF($Q$2="UNITARIOS",VLOOKUP(C26,$C$9:$Y$59,11,FALSE),VLOOKUP(C26,$C$9:$Y$59,12,FALSE)),0) -> 0 | H26: =+ROUND(F26*G26,$Q$3) -> 0 | K26: =ROUND(F26*M26,$Q$3) -> #N/A | L26: =ROUND(F26*N26,$Q$3) -> #N/A | M26: =ROUND(VLOOKUP(C26,APUS!$H$10:$V$1486,14,0),2) -> #N/A | N26: =ROUND(VLOOKUP(C26,APUS!$I$10:$V$1486,13,0),2) -> #N/A | O26: =ROUND(VLOOKUP(C26,APUS!$D$10:$Z$1486,23,0),2) -> #N/A | P26: =ROUND(VLOOKUP(C26,APUS!$E$10:$Z$1486,22,0),2) -> #N/A | Q26: =ROUND(VLOOKUP(C26,APUS!$F$10:$Z$1486,21,0),2) -> #N/A | R26: =ROUND(VLOOKUP(C26,APUS!$G$10:$Z$1486,20,0),2) -> #N/A | S26: =SUM(O26:R26) -> #N/A | V26: =CONCATENATE(C26," ","-"," ",D26) -> 3.1 - Suministro e instalación de tubería de PVC Presión de 2" RDE 21
C27: 3.2 | D27: Suministro e instalación de tubería de PVC Presión de 1" RDE 21 | E27: ml | F27: =VLOOKUP(C27,[7]MC.!$B$6:$E$52,4,0) -> 117.22 | G27: =+IFERROR(IF($Q$2="UNITARIOS",VLOOKUP(C27,$C$9:$Y$59,11,FALSE),VLOOKUP(C27,$C$9:$Y$59,12,FALSE)),0) -> 0 | H27: =+ROUND(F27*G27,$Q$3) -> 0 | K27: =ROUND(F27*M27,$Q$3) -> #N/A | L27: =ROUND(F27*N27,$Q$3) -> #N/A | M27: =ROUND(VLOOKUP(C27,APUS!$H$10:$V$1486,14,0),2) -> #N/A | N27: =ROUND(VLOOKUP(C27,APUS!$I$10:$V$1486,13,0),2) -> #N/A | O27: =ROUND(VLOOKUP(C27,APUS!$D$10:$Z$1486,23,0),2) -> #N/A | P27: =ROUND(VLOOKUP(C27,APUS!$E$10:$Z$1486,22,0),2) -> #N/A | Q27: =ROUND(VLOOKUP(C27,APUS!$F$10:$Z$1486,21,0),2) -> #N/A | R27: =ROUND(VLOOKUP(C27,APUS!$G$10:$Z$1486,20,0),2) -> #N/A | S27: =SUM(O27:R27) -> #N/A | V27: =CONCATENATE(C27," ","-"," ",D27) -> 3.2 - Suministro e instalación de tubería de PVC Presión de 1" RDE 21
C28: 3.3 | D28: Suministro e instalación de tubería de PVC Presión de 1/2" RDE 13,5 | E28: ml | F28: =VLOOKUP(C28,[7]MC.!$B$6:$E$52,4,0) -> 936.14 | G28: =+IFERROR(IF($Q$2="UNITARIOS",VLOOKUP(C28,$C$9:$Y$59,11,FALSE),VLOOKUP(C28,$C$9:$Y$59,12,FALSE)),0) -> 0 | H28: =+ROUND(F28*G28,$Q$3) -> 0 | K28: =ROUND(F28*M28,$Q$3) -> #N/A | L28: =ROUND(F28*N28,$Q$3) -> #N/A | M28: =ROUND(VLOOKUP(C28,APUS!$H$10:$V$1486,14,0),2) -> #N/A | N28: =ROUND(VLOOKUP(C28,APUS!$I$10:$V$1486,13,0),2) -> #N/A | O28: =ROUND(VLOOKUP(C28,APUS!$D$10:$Z$1486,23,0),2) -> #N/A | P28: =ROUND(VLOOKUP(C28,APUS!$E$10:$Z$1486,22,0),2) -> #N/A | Q28: =ROUND(VLOOKUP(C28,APUS!$F$10:$Z$1486,21,0),2) -> #N/A | R28: =ROUND(VLOOKUP(C28,APUS!$G$10:$Z$1486,20,0),2) -> #N/A | S28: =SUM(O28:R28) -> #N/A | V28: =CONCATENATE(C28," ","-"," ",D28) -> 3.3 - Suministro e instalación de tubería de PVC Presión de 1/2" RDE 13,5
C29: 3.4 | D29: Válvula de cierre metálico 2" | E29: und | F29: =VLOOKUP(C29,[7]MC.!$B$6:$E$52,4,0) -> 6 | G29: =+IFERROR(IF($Q$2="UNITARIOS",VLOOKUP(C29,$C$9:$Y$59,11,FALSE),VLOOKUP(C29,$C$9:$Y$59,12,FALSE)),0) -> 0 | H29: =+ROUND(F29*G29,$Q$3) -> 0 | K29: =ROUND(F29*M29,$Q$3) -> #N/A | L29: =ROUND(F29*N29,$Q$3) -> #N/A | M29: =ROUND(VLOOKUP(C29,APUS!$H$10:$V$1486,14,0),2) -> #N/A | N29: =ROUND(VLOOKUP(C29,APUS!$I$10:$V$1486,13,0),2) -> #N/A | O29: =ROUND(VLOOKUP(C29,APUS!$D$10:$Z$1486,23,0),2) -> #N/A | P29: =ROUND(VLOOKUP(C29,APUS!$E$10:$Z$1486,22,0),2) -> #N/A | Q29: =ROUND(VLOOKUP(C29,APUS!$F$10:$Z$1486,21,0),2) -> #N/A | R29: =ROUND(VLOOKUP(C29,APUS!$G$10:$Z$1486,20,0),2) -> #N/A | S29: =SUM(O29:R29) -> #N/A | V29: =CONCATENATE(C29," ","-"," ",D29) -> 3.4 - Válvula de cierre metálico 2"
C30: 3.5 | D30: Válvula ventosa para tubería de 2" doble efecto | E30: und | F30: =VLOOKUP(C30,[7]MC.!$B$6:$E$52,4,0) -> 11 | G30: =+IFERROR(IF($Q$2="UNITARIOS",VLOOKUP(C30,$C$9:$Y$59,11,FALSE),VLOOKUP(C30,$C$9:$Y$59,12,FALSE)),0) -> 1098293 | H30: =+ROUND(F30*G30,$Q$3) -> 12081223 | K30: =ROUND(F30*M30,$Q$3) -> 9083624 | L30: =ROUND(F30*N30,$Q$3) -> 12081223 | M30: =ROUND(VLOOKUP(C30,APUS!$H$10:$V$1486,14,0),2) -> 825784 | N30: =ROUND(VLOOKUP(C30,APUS!$I$10:$V$1486,13,0),2) -> 1098293 | O30: =ROUND(VLOOKUP(C30,APUS!$D$10:$Z$1486,23,0),2) -> 0 | P30: =ROUND(VLOOKUP(C30,APUS!$E$10:$Z$1486,22,0),2) -> 0 | Q30: =ROUND(VLOOKUP(C30,APUS!$F$10:$Z$1486,21,0),2) -> 0 | R30: =ROUND(VLOOKUP(C30,APUS!$G$10:$Z$1486,20,0),2) -> 0 | S30: =SUM(O30:R30) -> 0 | V30: =CONCATENATE(C30," ","-"," ",D30) -> 3.5 - Válvula ventosa para tubería de 2" doble efecto
C31: 3.6 | D31: Macromedidor de agua 2" chorro único | E31: und | F31: =VLOOKUP(C31,[7]MC.!$B$6:$E$52,4,0) -> 1 | G31: =+IFERROR(IF($Q$2="UNITARIOS",VLOOKUP(C31,$C$9:$Y$59,11,FALSE),VLOOKUP(C31,$C$9:$Y$59,12,FALSE)),0) -> 38323 | H31: =+ROUND(F31*G31,$Q$3) -> 38323 | K31: =ROUND(F31*M31,$Q$3) -> 28814 | L31: =ROUND(F31*N31,$Q$3) -> 38323 | M31: =ROUND(VLOOKUP(C31,APUS!$H$10:$V$1486,14,0),2) -> 28814 | N31: =ROUND(VLOOKUP(C31,APUS!$I$10:$V$1486,13,0),2) -> 38323 | O31: =ROUND(VLOOKUP(C31,APUS!$D$10:$Z$1486,23,0),2) -> 0 | P31: =ROUND(VLOOKUP(C31,APUS!$E$10:$Z$1486,22,0),2) -> 0 | Q31: =ROUND(VLOOKUP(C31,APUS!$F$10:$Z$1486,21,0),2) -> 0 | R31: =ROUND(VLOOKUP(C31,APUS!$G$10:$Z$1486,20,0),2) -> 0 | S31: =SUM(O31:R31) -> 0 | V31: =CONCATENATE(C31," ","-"," ",D31) -> 3.6 - Macromedidor de agua 2" chorro único
C32: 3.7 | D32: Estación reguladora de presión Tipo 2 | E32: und | F32: =VLOOKUP(C32,[7]MC.!$B$6:$E$52,4,0) -> 5 | G32: =+IFERROR(IF($Q$2="UNITARIOS",VLOOKUP(C32,$C$9:$Y$59,11,FALSE),VLOOKUP(C32,$C$9:$Y$59,12,FALSE)),0) -> 304560 | H32: =+ROUND(F32*G32,$Q$3) -> 1522800 | K32: =ROUND(F32*M32,$Q$3) -> 1144960 | L32: =ROUND(F32*N32,$Q$3) -> 1522800 | M32: =ROUND(VLOOKUP(C32,APUS!$H$10:$V$1486,14,0),2) -> 228992 | N32: =ROUND(VLOOKUP(C32,APUS!$I$10:$V$1486,13,0),2) -> 304560 | O32: =ROUND(VLOOKUP(C32,APUS!$D$10:$Z$1486,23,0),2) -> 163751 | P32: =ROUND(VLOOKUP(C32,APUS!$E$10:$Z$1486,22,0),2) -> 9236642 | Q32: =ROUND(VLOOKUP(C32,APUS!$F$10:$Z$1486,21,0),2) -> 869505 | R32: =ROUND(VLOOKUP(C32,APUS!$G$10:$Z$1486,20,0),2) -> 3275017 | S32: =SUM(O32:R32) -> 13544915 | V32: =CONCATENATE(C32," ","-"," ",D32) -> 3.7 - Estación reguladora de presión Tipo 2
C33: 3.8 | D33: Caja de inspección para válvulas 60x60 cm | E33: und | F33: =VLOOKUP(C33,[7]MC.!$B$6:$E$52,4,0) -> 23 | G33: =+IFERROR(IF($Q$2="UNITARIOS",VLOOKUP(C33,$C$9:$Y$59,11,FALSE),VLOOKUP(C33,$C$9:$Y$59,12,FALSE)),0) -> 191149 | H33: =+ROUND(F33*G33,$Q$3) -> 4396427 | K33: =ROUND(F33*M33,$Q$3) -> 3305583 | L33: =ROUND(F33*N33,$Q$3) -> 4396427 | M33: =ROUND(VLOOKUP(C33,APUS!$H$10:$V$1486,14,0),2) -> 143721 | N33: =ROUND(VLOOKUP(C33,APUS!$I$10:$V$1486,13,0),2) -> 191149 | O33: =ROUND(VLOOKUP(C33,APUS!$D$10:$Z$1486,23,0),2) -> 218336 | P33: =ROUND(VLOOKUP(C33,APUS!$E$10:$Z$1486,22,0),2) -> 7155866 | Q33: =ROUND(VLOOKUP(C33,APUS!$F$10:$Z$1486,21,0),2) -> 1337700 | R33: =ROUND(VLOOKUP(C33,APUS!$G$10:$Z$1486,20,0),2) -> 4366690 | S33: =SUM(O33:R33) -> 13078592 | V33: =CONCATENATE(C33," ","-"," ",D33) -> 3.8 - Caja de inspección para válvulas 60x60 cm
C35: =+CONCATENATE("Subtotal ",D25) -> Subtotal RED DE DISTRIBUCION | H35: =+SUM(H25:H34) -> 18038773 | K35: =+SUM(K25:K34) -> #N/A | L35: =+SUM(L25:L34) -> #N/A | M35: =+SUM(M25:M33) -> #N/A | N35: =+SUM(N25:N33) -> #N/A | O35: =+SUM(O25:O33) -> #N/A | P35: =+SUM(P25:P33) -> #N/A | Q35: =+SUM(Q25:Q33) -> #N/A | R35: =+SUM(R25:R33) -> #N/A | S35: =+SUM(S25:S33) -> #N/A
C36: CAP.4 | D36: DOMICILIARIAS | V36: =CONCATENATE(C36," ","-"," ",D36) -> CAP.4 - DOMICILIARIAS
C37: 4.1 | D37: Suministro e instalación de tubería de PVC Presión de 1/2" RDE 13,5 | E37: ml | F37: =VLOOKUP(C37,[7]MC.!$B$6:$E$52,4,0) -> 1950 | G37: =+IFERROR(IF($Q$2="UNITARIOS",VLOOKUP(C37,$C$9:$Y$59,11,FALSE),VLOOKUP(C37,$C$9:$Y$59,12,FALSE)),0) -> 0 | H37: =+ROUND(F37*G37,$Q$3) -> 0 | K37: =ROUND(F37*M37,$Q$3) -> #N/A | L37: =ROUND(F37*N37,$Q$3) -> #N/A | M37: =ROUND(VLOOKUP(C37,APUS!$H$10:$V$1486,14,0),2) -> #N/A | N37: =ROUND(VLOOKUP(C37,APUS!$I$10:$V$1486,13,0),2) -> #N/A | O37: =ROUND(VLOOKUP(C37,APUS!$D$10:$Z$1486,23,0),2) -> #N/A | P37: =ROUND(VLOOKUP(C37,APUS!$E$10:$Z$1486,22,0),2) -> #N/A | Q37: =ROUND(VLOOKUP(C37,APUS!$F$10:$Z$1486,21,0),2) -> #N/A | R37: =ROUND(VLOOKUP(C37,APUS!$G$10:$Z$1486,20,0),2) -> #N/A | S37: =SUM(O37:R37) -> #N/A | V37: =CONCATENATE(C37," ","-"," ",D37) -> 4.1 - Suministro e instalación de tubería de PVC Presión de 1/2" RDE 13,5
C38: 4.2 | D38: Collarín Derivación PVC 2" A 1/2" | E38: und | F38: =VLOOKUP(C38,[7]MC.!$B$6:$E$52,4,0) -> 50 | G38: =+IFERROR(IF($Q$2="UNITARIOS",VLOOKUP(C38,$C$9:$Y$59,11,FALSE),VLOOKUP(C38,$C$9:$Y$59,12,FALSE)),0) -> 0 | H38: =+ROUND(F38*G38,$Q$3) -> 0 | K38: =ROUND(F38*M38,$Q$3) -> #N/A | L38: =ROUND(F38*N38,$Q$3) -> #N/A | M38: =ROUND(VLOOKUP(C38,APUS!$H$10:$V$1486,14,0),2) -> #N/A | N38: =ROUND(VLOOKUP(C38,APUS!$I$10:$V$1486,13,0),2) -> #N/A | O38: =ROUND(VLOOKUP(C38,APUS!$D$10:$Z$1486,23,0),2) -> #N/A | P38: =ROUND(VLOOKUP(C38,APUS!$E$10:$Z$1486,22,0),2) -> #N/A | Q38: =ROUND(VLOOKUP(C38,APUS!$F$10:$Z$1486,21,0),2) -> #N/A | R38: =ROUND(VLOOKUP(C38,APUS!$G$10:$Z$1486,20,0),2) -> #N/A | S38: =SUM(O38:R38) -> #N/A | V38: =CONCATENATE(C38," ","-"," ",D38) -> 4.2 - Collarín Derivación PVC 2" A 1/2"
C39: 4.3 | D39: Medidor de agua volumétrico JSM 1/2" | E39: und | F39: =VLOOKUP(C39,[7]MC.!$B$6:$E$52,4,0) -> 50 | G39: =+IFERROR(IF($Q$2="UNITARIOS",VLOOKUP(C39,$C$9:$Y$59,11,FALSE),VLOOKUP(C39,$C$9:$Y$59,12,FALSE)),0) -> 0 | H39: =+ROUND(F39*G39,$Q$3) -> 0 | K39: =ROUND(F39*M39,$Q$3) -> #N/A | L39: =ROUND(F39*N39,$Q$3) -> #N/A | M39: =ROUND(VLOOKUP(C39,APUS!$H$10:$V$1486,14,0),2) -> #N/A | N39: =ROUND(VLOOKUP(C39,APUS!$I$10:$V$1486,13,0),2) -> #N/A | O39: =ROUND(VLOOKUP(C39,APUS!$D$10:$Z$1486,23,0),2) -> #N/A | P39: =ROUND(VLOOKUP(C39,APUS!$E$10:$Z$1486,22,0),2) -> #N/A | Q39: =ROUND(VLOOKUP(C39,APUS!$F$10:$Z$1486,21,0),2) -> #N/A | R39: =ROUND(VLOOKUP(C39,APUS!$G$10:$Z$1486,20,0),2) -> #N/A | S39: =SUM(O39:R39) -> #N/A | V39: =CONCATENATE(C39," ","-"," ",D39) -> 4.3 - Medidor de agua volumétrico JSM 1/2"
C40: 4.4 | D40: Caja para medidor en concreto mas tapa en hierro | E40: und | F40: =VLOOKUP(C40,[7]MC.!$B$6:$E$52,4,0) -> 50 | G40: =+IFERROR(IF($Q$2="UNITARIOS",VLOOKUP(C40,$C$9:$Y$59,11,FALSE),VLOOKUP(C40,$C$9:$Y$59,12,FALSE)),0) -> 0 | H40: =+ROUND(F40*G40,$Q$3) -> 0 | K40: =ROUND(F40*M40,$Q$3) -> #N/A | L40: =ROUND(F40*N40,$Q$3) -> #N/A | M40: =ROUND(VLOOKUP(C40,APUS!$H$10:$V$1486,14,0),2) -> #N/A | N40: =ROUND(VLOOKUP(C40,APUS!$I$10:$V$1486,13,0),2) -> #N/A | O40: =ROUND(VLOOKUP(C40,APUS!$D$10:$Z$1486,23,0),2) -> #N/A | P40: =ROUND(VLOOKUP(C40,APUS!$E$10:$Z$1486,22,0),2) -> #N/A | Q40: =ROUND(VLOOKUP(C40,APUS!$F$10:$Z$1486,21,0),2) -> #N/A | R40: =ROUND(VLOOKUP(C40,APUS!$G$10:$Z$1486,20,0),2) -> #N/A | S40: =SUM(O40:R40) -> #N/A | V40: =CONCATENATE(C40," ","-"," ",D40) -> 4.4 - Caja para medidor en concreto mas tapa en hierro
C41: 4.5 | D41: Válvulas para medidores 1/2" (Incluye registro de corte antifraude, check anti retorno y válvula de corte) | E41: und | F41: =VLOOKUP(C41,[7]MC.!$B$6:$E$52,4,0) -> 50 | G41: =+IFERROR(IF($Q$2="UNITARIOS",VLOOKUP(C41,$C$9:$Y$59,11,FALSE),VLOOKUP(C41,$C$9:$Y$59,12,FALSE)),0) -> 0 | H41: =+ROUND(F41*G41,$Q$3) -> 0 | K41: =ROUND(F41*M41,$Q$3) -> #N/A | L41: =ROUND(F41*N41,$Q$3) -> #N/A | M41: =ROUND(VLOOKUP(C41,APUS!$H$10:$V$1486,14,0),2) -> #N/A | N41: =ROUND(VLOOKUP(C41,APUS!$I$10:$V$1486,13,0),2) -> #N/A | O41: =ROUND(VLOOKUP(C41,APUS!$D$10:$Z$1486,23,0),2) -> #N/A | P41: =ROUND(VLOOKUP(C41,APUS!$E$10:$Z$1486,22,0),2) -> #N/A | Q41: =ROUND(VLOOKUP(C41,APUS!$F$10:$Z$1486,21,0),2) -> #N/A | R41: =ROUND(VLOOKUP(C41,APUS!$G$10:$Z$1486,20,0),2) -> #N/A | S41: =SUM(O41:R41) -> #N/A | V41: =CONCATENATE(C41," ","-"," ",D41) -> 4.5 - Válvulas para medidores 1/2" (Incluye registro de corte antifraude, check anti retorno y válvula de corte)
C43: =+CONCATENATE("Subtotal ",D36) -> Subtotal DOMICILIARIAS | H43: =+SUM(H36:H42) -> 0 | K43: =+SUM(K36:K42) -> #N/A | L43: =+SUM(L36:L42) -> #N/A | M43: =+SUM(M36:M42) -> #N/A | N43: =+SUM(N36:N42) -> #N/A | O43: =+SUM(O36:O42) -> #N/A | P43: =+SUM(P36:P42) -> #N/A | Q43: =+SUM(Q36:Q42) -> #N/A | R43: =+SUM(R36:R42) -> #N/A | S43: =+SUM(S36:S42) -> #N/A
C44: CAP.5 | D44: ESTRUCTURAS DE PASOS AEREOS | V44: =CONCATENATE(C44," ","-"," ",D44) -> CAP.5 - ESTRUCTURAS DE PASOS AEREOS
C45: 5.1 | D45: Concreto clase F para solado de limpieza espesor 0,05 cm | E45: m2 | F45: =VLOOKUP(C45,[7]MC.!$B$6:$E$52,4,0) -> 6 | G45: =+IFERROR(IF($Q$2="UNITARIOS",VLOOKUP(C45,$C$9:$Y$59,11,FALSE),VLOOKUP(C45,$C$9:$Y$59,12,FALSE)),0) -> 0 | H45: =+ROUND(F45*G45,$Q$3) -> 0 | K45: =ROUND(F45*M45,$Q$3) -> #N/A | L45: =ROUND(F45*N45,$Q$3) -> #N/A | M45: =ROUND(VLOOKUP(C45,APUS!$H$10:$V$1486,14,0),2) -> #N/A | N45: =ROUND(VLOOKUP(C45,APUS!$I$10:$V$1486,13,0),2) -> #N/A | O45: =ROUND(VLOOKUP(C45,APUS!$D$10:$Z$1486,23,0),2) -> #N/A | P45: =ROUND(VLOOKUP(C45,APUS!$E$10:$Z$1486,22,0),2) -> #N/A | Q45: =ROUND(VLOOKUP(C45,APUS!$F$10:$Z$1486,21,0),2) -> #N/A | R45: =ROUND(VLOOKUP(C45,APUS!$G$10:$Z$1486,20,0),2) -> #N/A | S45: =SUM(O45:R45) -> #N/A | V45: =CONCATENATE(C45," ","-"," ",D45) -> 5.1 - Concreto clase F para solado de limpieza espesor 0,05 cm
C46: 5.2 | D46: Concreto ciclópeo 60-40 (Concreto clase D 60% - Piedra rajón 40%) | E46: m3 | F46: =VLOOKUP(C46,[7]MC.!$B$6:$E$52,4,0) -> 3 | G46: =+IFERROR(IF($Q$2="UNITARIOS",VLOOKUP(C46,$C$9:$Y$59,11,FALSE),VLOOKUP(C46,$C$9:$Y$59,12,FALSE)),0) -> 0 | H46: =+ROUND(F46*G46,$Q$3) -> 0 | K46: =ROUND(F46*M46,$Q$3) -> #N/A | L46: =ROUND(F46*N46,$Q$3) -> #N/A | M46: =ROUND(VLOOKUP(C46,APUS!$H$10:$V$1486,14,0),2) -> #N/A | N46: =ROUND(VLOOKUP(C46,APUS!$I$10:$V$1486,13,0),2) -> #N/A | O46: =ROUND(VLOOKUP(C46,APUS!$D$10:$Z$1486,23,0),2) -> #N/A | P46: =ROUND(VLOOKUP(C46,APUS!$E$10:$Z$1486,22,0),2) -> #N/A | Q46: =ROUND(VLOOKUP(C46,APUS!$F$10:$Z$1486,21,0),2) -> #N/A | R46: =ROUND(VLOOKUP(C46,APUS!$G$10:$Z$1486,20,0),2) -> #N/A | S46: =SUM(O46:R46) -> #N/A | V46: =CONCATENATE(C46," ","-"," ",D46) -> 5.2 - Concreto ciclópeo 60-40 (Concreto clase D 60% - Piedra rajón 40%)
C47: 5.3 | D47: Concreto clase D para cimentación, pedestal y macizo | E47: m3 | F47: =VLOOKUP(C47,[7]MC.!$B$6:$E$52,4,0) -> 7 | G47: =+IFERROR(IF($Q$2="UNITARIOS",VLOOKUP(C47,$C$9:$Y$59,11,FALSE),VLOOKUP(C47,$C$9:$Y$59,12,FALSE)),0) -> 0 | H47: =+ROUND(F47*G47,$Q$3) -> 0 | K47: =ROUND(F47*M47,$Q$3) -> #N/A | L47: =ROUND(F47*N47,$Q$3) -> #N/A | M47: =ROUND(VLOOKUP(C47,APUS!$H$10:$V$1486,14,0),2) -> #N/A | N47: =ROUND(VLOOKUP(C47,APUS!$I$10:$V$1486,13,0),2) -> #N/A | O47: =ROUND(VLOOKUP(C47,APUS!$D$10:$Z$1486,23,0),2) -> #N/A | P47: =ROUND(VLOOKUP(C47,APUS!$E$10:$Z$1486,22,0),2) -> #N/A | Q47: =ROUND(VLOOKUP(C47,APUS!$F$10:$Z$1486,21,0),2) -> #N/A | R47: =ROUND(VLOOKUP(C47,APUS!$G$10:$Z$1486,20,0),2) -> #N/A | S47: =SUM(O47:R47) -> #N/A | V47: =CONCATENATE(C47," ","-"," ",D47) -> 5.3 - Concreto clase D para cimentación, pedestal y macizo
C48: 5.4 | D48: Guaya de acero para paso aéreo | E48: ml | F48: =VLOOKUP(C48,[7]MC.!$B$6:$E$52,4,0) -> 58 | G48: =+IFERROR(IF($Q$2="UNITARIOS",VLOOKUP(C48,$C$9:$Y$59,11,FALSE),VLOOKUP(C48,$C$9:$Y$59,12,FALSE)),0) -> 0 | H48: =+ROUND(F48*G48,$Q$3) -> 0 | K48: =ROUND(F48*M48,$Q$3) -> #N/A | L48: =ROUND(F48*N48,$Q$3) -> #N/A | M48: =ROUND(VLOOKUP(C48,APUS!$H$10:$V$1486,14,0),2) -> #N/A | N48: =ROUND(VLOOKUP(C48,APUS!$I$10:$V$1486,13,0),2) -> #N/A | O48: =ROUND(VLOOKUP(C48,APUS!$D$10:$Z$1486,23,0),2) -> #N/A | P48: =ROUND(VLOOKUP(C48,APUS!$E$10:$Z$1486,22,0),2) -> #N/A | Q48: =ROUND(VLOOKUP(C48,APUS!$F$10:$Z$1486,21,0),2) -> #N/A | R48: =ROUND(VLOOKUP(C48,APUS!$G$10:$Z$1486,20,0),2) -> #N/A | S48: =SUM(O48:R48) -> #N/A | V48: =CONCATENATE(C48," ","-"," ",D48) -> 5.4 - Guaya de acero para paso aéreo
C49: 5.5 | D49: H metálica en tubo estructural 4" para paso aéreo | E49: und | F49: 4 | G49: =+IFERROR(IF($Q$2="UNITARIOS",VLOOKUP(C49,$C$9:$Y$59,11,FALSE),VLOOKUP(C49,$C$9:$Y$59,12,FALSE)),0) -> 0 | H49: =+ROUND(F49*G49,$Q$3) -> 0 | K49: =ROUND(F49*M49,$Q$3) -> #N/A | L49: =ROUND(F49*N49,$Q$3) -> #N/A | M49: =ROUND(VLOOKUP(C49,APUS!$H$10:$V$1486,14,0),2) -> #N/A | N49: =ROUND(VLOOKUP(C49,APUS!$I$10:$V$1486,13,0),2) -> #N/A | O49: =ROUND(VLOOKUP(C49,APUS!$D$10:$Z$1486,23,0),2) -> #N/A | P49: =ROUND(VLOOKUP(C49,APUS!$E$10:$Z$1486,22,0),2) -> #N/A | Q49: =ROUND(VLOOKUP(C49,APUS!$F$10:$Z$1486,21,0),2) -> #N/A | R49: =ROUND(VLOOKUP(C49,APUS!$G$10:$Z$1486,20,0),2) -> #N/A | S49: =SUM(O49:R49) -> #N/A | V49: =CONCATENATE(C49," ","-"," ",D49) -> 5.5 - H metálica en tubo estructural 4" para paso aéreo
C50: 5.6 | D50: Acero de refuerzo de 60000 PSI - 420 Mpa | E50: und | F50: =VLOOKUP(C50,[7]MC.!$B$6:$E$52,4,0) -> 201.76 | G50: =+IFERROR(IF($Q$2="UNITARIOS",VLOOKUP(C50,$C$9:$Y$59,11,FALSE),VLOOKUP(C50,$C$9:$Y$59,12,FALSE)),0) -> 0 | H50: =+ROUND(F50*G50,$Q$3) -> 0 | K50: =ROUND(F50*M50,$Q$3) -> #N/A | L50: =ROUND(F50*N50,$Q$3) -> #N/A | M50: =ROUND(VLOOKUP(C50,APUS!$H$10:$V$1486,14,0),2) -> #N/A | N50: =ROUND(VLOOKUP(C50,APUS!$I$10:$V$1486,13,0),2) -> #N/A | O50: =ROUND(VLOOKUP(C50,APUS!$D$10:$Z$1486,23,0),2) -> #N/A | P50: =ROUND(VLOOKUP(C50,APUS!$E$10:$Z$1486,22,0),2) -> #N/A | Q50: =ROUND(VLOOKUP(C50,APUS!$F$10:$Z$1486,21,0),2) -> #N/A | R50: =ROUND(VLOOKUP(C50,APUS!$G$10:$Z$1486,20,0),2) -> #N/A | S50: =SUM(O50:R50) -> #N/A | V50: =CONCATENATE(C50," ","-"," ",D50) -> 5.6 - Acero de refuerzo de 60000 PSI - 420 Mpa
C52: =+CONCATENATE("Subtotal ",D44) -> Subtotal ESTRUCTURAS DE PASOS AEREOS | H52: =+SUM(H44:H51) -> 0 | K52: =+SUM(K44:K51) -> #N/A | L52: =+SUM(L44:L51) -> #N/A | M52: =+SUM(M44:M50) -> #N/A | N52: =+SUM(N44:N50) -> #N/A | O52: =+SUM(O44:O50) -> #N/A | P52: =+SUM(P44:P50) -> #N/A | Q52: =+SUM(Q44:Q50) -> #N/A | R52: =+SUM(R44:R50) -> #N/A | S52: =+SUM(S44:S50) -> #N/A
C53: CAP.6 | D53: COMPONENTE VARIOS | V53: =CONCATENATE(C53," ","-"," ",D53) -> CAP.6 - COMPONENTE VARIOS
C54: 6.1 | D54: Construcción de pavimento en piedra labor con ancho promedio de 70 cm | E54: ml | F54: =VLOOKUP(C54,[7]MC.!$B$6:$E$52,4,0) -> 27.5 | G54: =+IFERROR(IF($Q$2="UNITARIOS",VLOOKUP(C54,$C$9:$Y$59,11,FALSE),VLOOKUP(C54,$C$9:$Y$59,12,FALSE)),0) -> 0 | H54: =+ROUND(F54*G54,$Q$3) -> 0 | K54: =ROUND(F54*M54,$Q$3) -> #N/A | L54: =ROUND(F54*N54,$Q$3) -> #N/A | M54: =ROUND(VLOOKUP(C54,APUS!$H$10:$V$1486,14,0),2) -> #N/A | N54: =ROUND(VLOOKUP(C54,APUS!$I$10:$V$1486,13,0),2) -> #N/A | O54: =ROUND(VLOOKUP(C54,APUS!$D$10:$Z$1486,23,0),2) -> #N/A | P54: =ROUND(VLOOKUP(C54,APUS!$E$10:$Z$1486,22,0),2) -> #N/A | Q54: =ROUND(VLOOKUP(C54,APUS!$F$10:$Z$1486,21,0),2) -> #N/A | R54: =ROUND(VLOOKUP(C54,APUS!$G$10:$Z$1486,20,0),2) -> #N/A | S54: =SUM(O54:R54) -> #N/A | V54: =CONCATENATE(C54," ","-"," ",D54) -> 6.1 - Construcción de pavimento en piedra labor con ancho promedio de 70 cm
C55: 6.2 | D55: Construcción de pavimento rígido con ancho promedio de 70 cm | E55: ml | F55: =VLOOKUP(C55,[7]MC.!$B$6:$E$52,4,0) -> 216 | G55: =+IFERROR(IF($Q$2="UNITARIOS",VLOOKUP(C55,$C$9:$Y$59,11,FALSE),VLOOKUP(C55,$C$9:$Y$59,12,FALSE)),0) -> 0 | H55: =+ROUND(F55*G55,$Q$3) -> 0 | K55: =ROUND(F55*M55,$Q$3) -> #N/A | L55: =ROUND(F55*N55,$Q$3) -> #N/A | M55: =ROUND(VLOOKUP(C55,APUS!$H$10:$V$1486,14,0),2) -> #N/A | N55: =ROUND(VLOOKUP(C55,APUS!$I$10:$V$1486,13,0),2) -> #N/A | O55: =ROUND(VLOOKUP(C55,APUS!$D$10:$Z$1486,23,0),2) -> #N/A | P55: =ROUND(VLOOKUP(C55,APUS!$E$10:$Z$1486,22,0),2) -> #N/A | Q55: =ROUND(VLOOKUP(C55,APUS!$F$10:$Z$1486,21,0),2) -> #N/A | R55: =ROUND(VLOOKUP(C55,APUS!$G$10:$Z$1486,20,0),2) -> #N/A | S55: =SUM(O55:R55) -> #N/A | V55: =CONCATENATE(C55," ","-"," ",D55) -> 6.2 - Construcción de pavimento rígido con ancho promedio de 70 cm
C57: =+CONCATENATE("Subtotal ",D49) -> Subtotal H metálica en tubo estructural 4" para paso aéreo | H57: =+SUM(H53:H56) -> 0 | K57: =+SUM(K53:K56) -> #N/A | L57: =+SUM(L53:L56) -> #N/A | M57: =+SUM(M53:M56) -> #N/A | N57: =+SUM(N53:N56) -> #N/A | O57: =+SUM(O53:O56) -> #N/A | P57: =+SUM(P53:P56) -> #N/A | Q57: =+SUM(Q53:Q56) -> #N/A | R57: =+SUM(R53:R56) -> #N/A | S57: =+SUM(S53:S56) -> #N/A
C59: COSTO TOTAL DIRECTO | H59: =H15+H24+H35+H43+H52+H57 -> 79013641 | K59: =K15+K24+K35+K43+K52+K57 -> #N/A | L59: =L15+L24+L35+L43+L52+L57 -> #N/A | M59: =M15+M24+M35+M43+M52+M57 -> #N/A | N59: =N15+N24+N35+N43+N52+N57 -> #N/A | O59: =O15+O24+O35+O43+O52+O57 -> #N/A | P59: =P15+P24+P35+P43+P52+P57 -> #N/A | Q59: =Q15+Q24+Q35+Q43+Q52+Q57 -> #N/A | R59: =R15+R24+R35+R43+R52+R57 -> #N/A | S59: =S15+S24+S35+S43+S52+S57 -> #N/A
C61: COSTO TOTAL OBRA | H61: =H59 -> 79013641
C62: PLAN DE MANEJO AMBIENTAL | H62: ='PPTO PMA'!J44 -> 4721966 | K62: =$H$59*1% -> 790136.41
C63: INTERVENTORIA | H63: ='PPTO INTERVENTORIA'!J38 -> 25820620 | K63: =$H$59*7% -> 5530954.9
C64: COSTO TOTAL PROYECTO | H64: =SUM(H61:H63) -> 109556227 | K64: =H61+K62+K63 -> 85334732
C66: ELABORO: | E66: APROBO: | K66: 750000000
K67: =K66-H64 -> 640443773
C70: =INFORMACION!C25 -> ING. JEYSON JULIAN LEON RUEDA | E70: =INFORMACION!C14 -> ARQ. YASMID ROCÍO CARRILLO MORA
C71: =INFORMACION!C26 -> MP. 68202-416348 STD | E71: =INFORMACION!$C$15 -> SECRETARIA DE PLANEACIÓN Y OBRAS PÚBLICAS
E72: =INFORMACION!$C$16 -> MUNICIPIO DE PINCHOTE

Sheet APUS
O2: ANALISÍS DE PRECIOS UNITARIOS | AA2: 0 | AB2: Decimales
M3: CONTRATANTE: | O3: =INFORMACION!A12 -> ALCALDIA MUNICIPAL DE PINCHOTE | AA3: 0.25 | AB3: ADMINISTRACION
M4: PROYECTO: | O4: =INFORMACION!A3 -> CONSTRUCCIÓN DE PAVIMENTO EN PIEDRA LABOR Y OPTIMIZACIÓN DE LA RED DE ALCANTARILLADO SANITARIO CALLE 5 ENTRE CARRERA 3 Y 4 DEL CASCO URBANO DEL MUNICIPIO DE PINCHOTE, DEPARTAMENTO DE SANTANDER | AA4: 0.03 | AB4: IMPREVISTOS
M5: LOCALIZACION: | O5: =INFORMACION!A6 -> PINCHOTE, SANTANDER | S5: FECHA: | U5: =INFORMACION!A9 -> ABRIL DE 2026 | AA5: 0.05 | AB5: UTILIDADES
M6: ELABORÓ: | N6: =INFORMACION!C25 -> ING. JEYSON JULIAN LEON RUEDA | R6: APROBO: | S6: =INFORMACION!C14 -> ARQ. YASMID ROCÍO CARRILLO MORA | AA6: 0 | AB6: IVA SOBRE LA UTILIDAD
N7: =INFORMACION!C26 -> MP. 68202-416348 STD | S7: =INFORMACION!C15 -> SECRETARIA DE PLANEACIÓN Y OBRAS PÚBLICAS | AA7: 5 | AB7: DISTANCIA CURITÍ - ESCOMBRERA
S8: =INFORMACION!C16 -> MUNICIPIO DE PINCHOTE | AA8: 5 | AB8: DISTANCIA DEPOSITO DE MATERIALES
AA9: 0.05 | AB9: HERRAMIENTA MENOR
M11: CAPITULO: | N11: CAP.B | O11: BASICOS | V11: UNIDAD | Y11: CANT.
C12: =+N12 -> C3000 | M12: ITEM: | N12: C3000 | O12: =IFERROR(VLOOKUP(N12,INSUMOS!$C$8:$K$934,2,0),"-----") -> Concreto de 3000 PSI (210 kg/cm2) | V12: =IFERROR(VLOOKUP(N12,INSUMOS!$C$8:$K$934,6,0),"-----") -> m3 | Y12: =SUMIFS($Y$310:$Y$1486,$M$310:$M$1486,N12) -> 72.020025
D14: I | E14: II | F14: III | G14: IV | H14: CD | I14: CT | J14: REND | M14: I. EQUIPOS/HERRAMIENTAS
M15: No. ART. | N15: DESCRIPCION | R15: UNID. | S15: REND. | T15: VR. UNIT. | V15: VR. PARCIAL | Y15: CANT. | Z15: VR. TOTAL
N16: HERRAMIENTA MENOR | R16: % | S16: =$AA$9 -> 0.05 | T16: =V49 -> 205437 | V16: =+IFERROR(T16*S16,0) -> 10271.85 | Z16: =Y12*V16 -> 739778.89 | AE16: =+IF(V16=0,"CERO","NO") -> NO
M17: 8 | N17: =IFERROR(VLOOKUP(M17,INSUMOS!$C$8:$K$934,2,0),"-----") -> Mezcladora de concreto | R17: =IFERROR(VLOOKUP(M17,INSUMOS!$C$8:$K$934,6,0),"-----") -> dia | S17: 0.1 | T17: =IFERROR(VLOOKUP(M17,INSUMOS!$C$8:$K$934,7,0),"0") -> 70000 | V17: =+IFERROR(T17*S17,0) -> 7000 | Y17: =+IFERROR(Y12*S17,0) -> 7.2020025 | Z17: =Y12*V17 -> 504140.18 | AB17: =+Y17*T17 -> 504140.18 | AC17: =+AB17-Z17 -> 0 | AE17: =+IF(V17=0,"CERO","NO") -> NO
M18: 0 | Y18: =+IFERROR(Y12*S18,0) -> 0 | Z18: =Y12*V18 -> 0 | AB18: =+Y18*T18 -> 0 | AC18: =+AB18-Z18 -> 0 | AE18: =+IF(V18=0,"CERO","NO") -> CERO
M19: 0 | Y19: =+IFERROR(Y12*S19,0) -> 0 | Z19: =Y12*V19 -> 0 | AB19: =+Y19*T19 -> 0 | AC19: =+AB19-Z19 -> 0 | AE19: =+IF(V19=0,"CERO","NO") -> CERO
M20: 0 | Y20: =+IFERROR(Y12*S20,0) -> 0 | Z20: =Y12*V20 -> 0 | AB20: =+Y20*T20 -> 0 | AC20: =+AB20-Z20 -> 0 | AE20: =+IF(V20=0,"CERO","NO") -> CERO
D21: I | E21: II | F21: III | G21: IV | H21: CD | I21: CT | J21: REND | N21: SUBTOTAL EQUIPOS/HERRAMIENTAS | V21: =+SUM(V16:V20) -> 17271.85 | Y21: SUBTOTAL | Z21: =+SUM(Z16:Z20) -> 1243919.1
D22: =C12 -> C3000 | N22: VALOR REDONDEADO SUBTOTAL DE EQUIPOS/HERRAMIENTAS | V22: =+ROUND(V21,$AA$2) -> 17272 | Y22: SUBTOTAL RED. | Z22: =+ROUND(Z21,$AA$2) -> 1243919 | AB22: =+V22*Y12 -> 1243929.9 | AC22: =+AB22-Z22 -> 10.8718
M23: II. MATERIALES E INSUMOS
M24: No. ART. | N24: DESCRIPCION | R24: UNID. | S24: CANT. | T24: DESP. (%) | U24: VR. UNIT. | V24: VR. PARCIAL | Y24: CANT. | Z24: VR. TOTAL
M25: 400 | N25: =IFERROR(VLOOKUP(M25,INSUMOS!$C$8:$K$934,2,0),"-----") -> Cemento gris | R25: =IFERROR(VLOOKUP(M25,INSUMOS!$C$8:$K$934,6,0),"-----") -> kg | S25: 350 | T25: 0.05 | U25: =IFERROR(VLOOKUP(M25,INSUMOS!$C$8:$K$934,7,0),"0") -> 776.48 | V25: =+IFERROR(U25*(S25*(1+T25)),0) -> 285356.4 | Y25: =+IFERROR(Y12*(S25*(1+T25)),0) -> 26467.359 | Z25: =Y12*V25 -> 20551375 | AB25: =+Y25*U25 -> 20551375 | AC25: =+AB25-Z25 -> 0 | AE25: =+IF(V25=0,"CERO","NO") -> NO
M26: 401 | N26: =IFERROR(VLOOKUP(M26,INSUMOS!$C$8:$K$934,2,0),"-----") -> Agua | R26: =IFERROR(VLOOKUP(M26,INSUMOS!$C$8:$K$934,6,0),"-----") -> lt | S26: 180 | T26: 0.05 | U26: =IFERROR(VLOOKUP(M26,INSUMOS!$C$8:$K$934,7,0),"0") -> 5 | V26: =+IFERROR(U26*(S26*(1+T26)),0) -> 945 | Y26: =+IFERROR(Y12*(S26*(1+T26)),0) -> 13611.785 | Z26: =Y12*V26 -> 68058.924 | AB26: =+Y26*U26 -> 68058.924 | AC26: =+AB26-Z26 -> 0 | AE26: =+IF(V26=0,"CERO","NO") -> NO
M27: 405 | N27: =IFERROR(VLOOKUP(M27,INSUMOS!$C$8:$K$934,2,0),"-----") -> Arena gruesa | R27: =IFERROR(VLOOKUP(M27,INSUMOS!$C$8:$K$934,6,0),"-----") -> m3 | S27: 0.56 | T27: 0.05 | U27: =IFERROR(VLOOKUP(M27,INSUMOS!$C$8:$K$934,7,0),"0") -> 117647 | V27: =+IFERROR(U27*(S27*(1+T27)),0) -> 69176.436 | Y27: =+IFERROR(Y12*(S27*(1+T27)),0) -> 42.347775 | Z27: =Y12*V27 -> 4982088.7 | AB27: =+Y27*U27 -> 4982088.7 | AC27: =+AB27-Z27 -> 0 | AE27: =+IF(V27=0,"CERO","NO") -> NO
M28: 411 | N28: =IFERROR(VLOOKUP(M28,INSUMOS!$C$8:$K$934,2,0),"-----") -> Triturado de 3/4" | R28: =IFERROR(VLOOKUP(M28,INSUMOS!$C$8:$K$934,6,0),"-----") -> m3 | S28: 0.84 | T28: 0.05 | U28: =IFERROR(VLOOKUP(M28,INSUMOS!$C$8:$K$934,7,0),"0") -> 128500 | V28: =+IFERROR(U28*(S28*(1+T28)),0) -> 113337 | Y28: =+IFERROR(Y12*(S28*(1+T28)),0) -> 63.521662 | Z28: =Y12*V28 -> 8162533.6 | AB28: =+Y28*U28 -> 8162533.6 | AC28: =+AB28-Z28 -> 0 | AE28: =+IF(V28=0,"CERO","NO") -> NO
M29: 0 | Y29: =+IFERROR(Y12*(S29*(1+T29)),0) -> 0 | Z29: =Y12*V29 -> 0 | AB29: =+Y29*U29 -> 0 | AC29: =+AB29-Z29 -> 0 | AE29: =+IF(V29=0,"CERO","NO") -> CERO
M30: 0 | Y30: =+IFERROR(Y12*(S30*(1+T30)),0) -> 0 | Z30: =Y12*V30 -> 0 | AB30: =+Y30*U30 -> 0 | AC30: =+AB30-Z30 -> 0 | AE30: =+IF(V30=0,"CERO","NO") -> CERO
M31: 0 | Y31: =+IFERROR(Y12*(S31*(1+T31)),0) -> 0 | Z31: =Y12*V31 -> 0 | AB31: =+Y31*U31 -> 0 | AC31: =+AB31-Z31 -> 0 | AE31: =+IF(V31=0,"CERO","NO") -> CERO
D32: I | E32: II | F32: III | G32: IV | H32: CD | I32: CT | J32: REND | N32: SUBTOTAL DE MATERIALES | V32: =+SUM(V25:V31) -> 468814.84 | Y32: SUBTOTAL | Z32: =+SUM(Z25:Z31) -> 33764056
E33: =+D22 -> C3000 | N33: VALOR REDONDEADO SUBTOTAL DE MATERIALES E INSUMOS | V33: =+ROUND(V32,$AA$2) -> 468815 | Y33: SUBTOTAL RED. | Z33: =+ROUND(Z32,$AA$2) -> 33764056 | AB33: =+V33*Y12 -> 33764068 | AC33: =+AB33-Z33 -> 12.020375
M34: III. TRANSPORTE
M35: No. ART. | N35: DESCRIPCION | Q35: UND. | R35: CANT./ PESO/ VOL. | S35: KM. | T35: PRECIO/KM | V35: VR. PARCIAL | Y35: CANT. | Z35: VR. TOTAL
M36: 120 | N36: =IFERROR(VLOOKUP(M36,INSUMOS!$C$8:$K$934,2,0),"-----") -> Transporte Cemento - San Gil | Q36: =IFERROR(VLOOKUP(M36,INSUMOS!$C$8:$K$934,5,0),"-----") -> kg/km | R36: =S25*(1+T25) -> 367.5 | S36: =IFERROR(VLOOKUP(M36,INSUMOS!$C$8:$K$934,6,0),"0") -> 4.87 | T36: =IFERROR(VLOOKUP(M36,INSUMOS!$C$8:$K$934,7,0),"0") -> 10 | V36: =+T36*S36*R36 -> 17897.25 | Y36: =+IFERROR((R36*S36)*Y12,0) -> 128896.04 | Z36: =Y12*V36 -> 1288960.4 | AB36: =+Y36*T36 -> 1288960.4 | AC36: =+AB36-Z36 -> 0 | AE36: =+IF(V36=0,"CERO","NO") -> NO
M37: 100 | N37: =IFERROR(VLOOKUP(M37,INSUMOS!$C$8:$K$934,2,0),"-----") -> Transporte Arena - Pescadero | Q37: =IFERROR(VLOOKUP(M37,INSUMOS!$C$8:$K$934,5,0),"-----") -> m3/km | R37: =S27*(1+T27) -> 0.588 | S37: =IFERROR(VLOOKUP(M37,INSUMOS!$C$8:$K$934,6,0),"0") -> 60.3 | T37: =IFERROR(VLOOKUP(M37,INSUMOS!$C$8:$K$934,7,0),"0") -> 1800 | V37: =+T37*S37*R37 -> 63821.52 | Y37: =+IFERROR((R37*S37)*Y12,0) -> 2553.5708 | Z37: =Y12*V37 -> 4596427.5 | AB37: =+Y37*T37 -> 4596427.5 | AC37: =+AB37-Z37 -> 0 | AE37: =+IF(V37=0,"CERO","NO") -> NO
M38: 101 | N38: =IFERROR(VLOOKUP(M38,INSUMOS!$C$8:$K$934,2,0),"-----") -> Transporte Triturado - Pinchote | Q38: =IFERROR(VLOOKUP(M38,INSUMOS!$C$8:$K$934,5,0),"-----") -> m3/km | R38: =S28*(1+T28) -> 0.882 | S38: =IFERROR(VLOOKUP(M38,INSUMOS!$C$8:$K$934,6,0),"0") -> 4.31 | T38: =IFERROR(VLOOKUP(M38,INSUMOS!$C$8:$K$934,7,0),"0") -> 1800 | V38: =+T38*S38*R38 -> 6842.556 | Y38: =+IFERROR((R38*S38)*Y12,0) -> 273.77836 | Z38: =Y12*V38 -> 492801.05 | AB38: =+Y38*T38 -> 492801.05 | AC38: =+AB38-Z38 -> 0 | AE38: =+IF(V38=0,"CERO","NO") -> NO
M39: 0 | Y39: =+IFERROR((R39*S39)*Y12,0) -> 0 | Z39: =Y12*V39 -> 0 | AB39: =+Y39*T39 -> 0 | AC39: =+AB39-Z39 -> 0 | AE39: =+IF(V39=0,"CERO","NO") -> CERO
M40: 0 | Y40: =+IFERROR((R40*S40)*Y12,0) -> 0 | Z40: =Y12*V40 -> 0 | AB40: =+Y40*T40 -> 0 | AC40: =+AB40-Z40 -> 0 | AE40: =+IF(V40=0,"CERO","NO") -> CERO
D41: I | E41: II | F41: III | G41: IV | H41: CD | I41: CT | J41: REND | N41: SUBTOTAL TRANSPORTE | V41: =+SUM(V36:V40) -> 88561.326 | Y41: SUBTOTAL | Z41: =+SUM(Z36:Z40) -> 6378188.9
F42: =+E33 -> C3000 | N42: VALOR REDONDEADO SUBTOTAL TRANSPORTE | V42: =+ROUND(V41,$AA$2) -> 88561 | Y42: SUBTOTAL RED. | Z42: =+ROUND(Z41,$AA$2) -> 6378189 | AB42: =+V42*Y12 -> 6378165.4
M43: IV. MANO DE OBRA
D44: I | E44: II | F44: III | G44: IV | H44: CD | I44: CT | J44: REND | M44: No. ART. | N44: DESCRIPCION | O44: UNID. | P44: CANT. | Q44: RDTO. | R44: JORNAL | S44: PS (80%) | T44: I.D.P.D | U44: JORNAL+PS | V44: VR. PARCIAL | Y44: CANT. | Z44: VR. TOTAL
J45: =+F42 -> C3000 | M45: 201 | N45: =IFERROR(VLOOKUP(M45,INSUMOS!$C$8:$K$934,2,0),"-----") -> Oficial Albañileria | O45: =IFERROR(VLOOKUP(M45,INSUMOS!$C$8:$K$934,3,0),"-----") -> JORNAL+PS | P45: 1 | Q45: 6 | R45: =IFERROR(VLOOKUP(M45,INSUMOS!$C$8:$K$934,4,0),"-----") -> 114970 | S45: =IFERROR(VLOOKUP(M45,INSUMOS!$C$8:$K$934,6,0),"-----") -> 91976 | T45: =IFERROR(VLOOKUP(M45,INSUMOS!$C$8:$K$934,5,0),"-----") -> 0 | U45: =SUM(R45:T45) -> 206946 | V45: =+IFERROR((P45/Q45)*U45,0) -> 34491 | Y45: =+IFERROR((Y12/Q45*P45),0) -> 12.003338 | Z45: =Y12*V45 -> 2484042.7 | AB45: =+(U45)*Y45 -> 2484042.7 | AC45: =+AB45-Z45 -> 0 | AE45: =+IF(V45=0,"CERO","NO") -> NO
J46: =+J45 -> C3000 | M46: 202 | N46: =IFERROR(VLOOKUP(M46,INSUMOS!$C$8:$K$934,2,0),"-----") -> Ayudante Albañileria | O46: =IFERROR(VLOOKUP(M46,INSUMOS!$C$8:$K$934,3,0),"-----") -> JORNAL+PS | P46: 6 | Q46: 6 | R46: =IFERROR(VLOOKUP(M46,INSUMOS!$C$8:$K$934,4,0),"-----") -> 94970 | S46: =IFERROR(VLOOKUP(M46,INSUMOS!$C$8:$K$934,6,0),"-----") -> 75976 | T46: =IFERROR(VLOOKUP(M46,INSUMOS!$C$8:$K$934,5,0),"-----") -> 0 | U46: =SUM(R46:T46) -> 170946 | V46: =+IFERROR((P46/Q46)*U46,0) -> 170946 | Y46: =+IFERROR((Y12/Q46*P46),0) -> 72.020025 | Z46: =Y12*V46 -> 12311535 | AB46: =+U46*Y46 -> 12311535 | AC46: =+AB46-Z46 -> 0 | AE46: =+IF(V46=0,"CERO","NO") -> NO
M47: 0 | Y47: =+IFERROR((Y12/Q47*P47),0) -> 0 | Z47: =Y12*V47 -> 0 | AB47: =+(U47)*Y47*P47 -> 0 | AC47: =+AB47-Z47 -> 0 | AE47: =+IF(V47=0,"CERO","NO") -> CERO
D48: I | E48: II | F48: III | G48: IV | H48: CD | I48: CT | J48: REND | N48: SUBTOTAL MANO DE OBRA | V48: =+SUM(V45:V47) -> 205437 | Y48: SUBTOTAL | Z48: =+SUM(Z45:Z47) -> 14795578
G49: =+F42 -> C3000 | N49: VALOR REDONDEADO SUBTOTAL DE MANO DE OBRA | V49: =+ROUND(V48,$AA$2) -> 205437 | Y49: SUBTOTAL RED. | Z49: =+ROUND(Z48,$AA$2) -> 14795578 | AB49: =+V49*Y12 -> 14795578 | AC49: =+AB49-Z49 -> -0.124075
D50: I | E50: II | F50: III | G50: IV | H50: CD | I50: CT | J50: REND
H51: =G49 -> C3000 | M51: TOTAL COSTO DIRECTO | U51: =+V49+V42+V33+V22 -> 780085 | Z51: =+Z49+Z42+Z33+Z22 -> 56181742 | AB51: =+AB49+AB42+AB33+AB22 -> 56181741 | AC51: =+AB51-Z51 -> -0.797875
M56: ELABORÓ: | N56: =$N$6 -> ING. JEYSON JULIAN LEON RUEDA | R56: APROBO: | S56: =$S$6 -> ARQ. YASMID ROCÍO CARRILLO MORA
N57: =$N$7 -> MP. 68202-416348 STD | S57: =$S$7 -> SECRETARIA DE PLANEACIÓN Y OBRAS PÚBLICAS
S58: =$S$8 -> MUNICIPIO DE PINCHOTE
M61: CAPITULO: | N61: CAP.B | O61: BASICOS | V61: UNIDAD | Y61: CANT.
C62: =+N62 -> C4000 | M62: ITEM: | N62: C4000 | O62: =IFERROR(VLOOKUP(N62,INSUMOS!$C$8:$K$934,2,0),"-----") -> CONCRETO DE 4.000 PSI | V62: =IFERROR(VLOOKUP(N62,INSUMOS!$C$8:$K$934,6,0),"-----") -> m3 | Y62: =SUMIFS($Y$310:$Y$1486,$M$310:$M$1486,N62) -> 0
D64: I | E64: II | F64: III | G64: IV | H64: CD | I64: CT | J64: REND | M64: I. EQUIPOS/HERRAMIENTAS
M65: No. ART. | N65: DESCRIPCION | R65: UNID. | S65: REND. | T65: VR. UNIT. | V65: VR. PARCIAL | Y65: CANT. | Z65: VR. TOTAL
N66: HERRAMIENTA MENOR | R66: % | S66: =$AA$9 -> 0.05 | T66: =V99 -> 154078 | V66: =+IFERROR(T66*S66,0) -> 7703.9 | Z66: =Y62*V66 -> 0 | AE66: =+IF(V66=0,"CERO","NO") -> NO
M67: 8 | N67: =IFERROR(VLOOKUP(M67,INSUMOS!$C$8:$K$934,2,0),"-----") -> Mezcladora de concreto | R67: =IFERROR(VLOOKUP(M67,INSUMOS!$C$8:$K$934,6,0),"-----") -> dia | S67: 0.1 | T67: =IFERROR(VLOOKUP(M67,INSUMOS!$C$8:$K$934,7,0),"0") -> 70000 | V67: =+IFERROR(T67*S67,0) -> 7000 | Y67: =+IFERROR(Y62*S67,0) -> 0 | Z67: =Y62*V67 -> 0 | AB67: =+Y67*T67 -> 0 | AC67: =+AB67-Z67 -> 0 | AE67: =+IF(V67=0,"CERO","NO") -> NO
M68: 0 | Y68: =+IFERROR(Y62*S68,0) -> 0 | Z68: =Y62*V68 -> 0 | AB68: =+Y68*T68 -> 0 | AC68: =+AB68-Z68 -> 0 | AE68: =+IF(V68=0,"CERO","NO") -> CERO
M69: 0 | Y69: =+IFERROR(Y62*S69,0) -> 0 | Z69: =Y62*V69 -> 0 | AB69: =+Y69*T69 -> 0 | AC69: =+AB69-Z69 -> 0 | AE69: =+IF(V69=0,"CERO","NO") -> CERO
M70: 0 | Y70: =+IFERROR(Y62*S70,0) -> 0 | Z70: =Y62*V70 -> 0 | AB70: =+Y70*T70 -> 0 | AC70: =+AB70-Z70 -> 0 | AE70: =+IF(V70=0,"CERO","NO") -> CERO
D71: I | E71: II | F71: III | G71: IV | H71: CD | I71: CT | J71: REND | N71: SUBTOTAL EQUIPOS/HERRAMIENTAS | V71: =+SUM(V66:V70) -> 14703.9 | Y71: SUBTOTAL | Z71: =+SUM(Z66:Z70) -> 0
D72: =C62 -> C4000 | N72: VALOR REDONDEADO SUBTOTAL DE EQUIPOS/HERRAMIENTAS | V72: =+ROUND(V71,$AA$2) -> 14704 | Y72: SUBTOTAL RED. | Z72: =+ROUND(Z71,$AA$2) -> 0 | AB72: =+V72*Y62 -> 0 | AC72: =+AB72-Z72 -> 0
M73: II. MATERIALES E INSUMOS
M74: No. ART. | N74: DESCRIPCION | R74: UNID. | S74: CANT. | T74: DESP. (%) | U74: VR. UNIT. | V74: VR. PARCIAL | Y74: CANT. | Z74: VR. TOTAL
M75: 400 | N75: =IFERROR(VLOOKUP(M75,INSUMOS!$C$8:$K$934,2,0),"-----") -> Cemento gris | R75: =IFERROR(VLOOKUP(M75,INSUMOS!$C$8:$K$934,6,0),"-----") -> kg | S75: 420 | T75: 0.05 | U75: =IFERROR(VLOOKUP(M75,INSUMOS!$C$8:$K$934,7,0),"0") -> 776.48 | V75: =+IFERROR(U75*(S75*(1+T75)),0) -> 342427.68 | Y75: =+IFERROR(Y62*(S75*(1+T75)),0) -> 0 | Z75: =Y62*V75 -> 0 | AB75: =+Y75*U75 -> 0 | AC75: =+AB75-Z75 -> 0 | AE75: =+IF(V75=0,"CERO","NO") -> NO
M76: 401 | N76: =IFERROR(VLOOKUP(M76,INSUMOS!$C$8:$K$934,2,0),"-----") -> Agua | R76: =IFERROR(VLOOKUP(M76,INSUMOS!$C$8:$K$934,6,0),"-----") -> lt | S76: 190 | T76: 0.05 | U76: =IFERROR(VLOOKUP(M76,INSUMOS!$C$8:$K$934,7,0),"0") -> 5 | V76: =+IFERROR(U76*(S76*(1+T76)),0) -> 997.5 | Y76: =+IFERROR(Y62*(S76*(1+T76)),0) -> 0 | Z76: =Y62*V76 -> 0 | AB76: =+Y76*U76 -> 0 | AC76: =+AB76-Z76 -> 0 | AE76: =+IF(V76=0,"CERO","NO") -> NO
M77: 405 | N77: =IFERROR(VLOOKUP(M77,INSUMOS!$C$8:$K$934,2,0),"-----") -> Arena gruesa | R77: =IFERROR(VLOOKUP(M77,INSUMOS!$C$8:$K$934,6,0),"-----") -> m3 | S77: 0.67 | T77: 0.05 | U77: =IFERROR(VLOOKUP(M77,INSUMOS!$C$8:$K$934,7,0),"0") -> 117647 | V77: =+IFERROR(U77*(S77*(1+T77)),0) -> 82764.665 | Y77: =+IFERROR(Y62*(S77*(1+T77)),0) -> 0 | Z77: =Y62*V77 -> 0 | AB77: =+Y77*U77 -> 0 | AC77: =+AB77-Z77 -> 0 | AE77: =+IF(V77=0,"CERO","NO") -> NO
M78: 411 | N78: =IFERROR(VLOOKUP(M78,INSUMOS!$C$8:$K$934,2,0),"-----") -> Triturado de 3/4" | R78: =IFERROR(VLOOKUP(M78,INSUMOS!$C$8:$K$934,6,0),"-----") -> m3 | S78: 0.67 | T78: 0.05 | U78: =IFERROR(VLOOKUP(M78,INSUMOS!$C$8:$K$934,7,0),"0") -> 128500 | V78: =+IFERROR(U78*(S78*(1+T78)),0) -> 90399.75 | Y78: =+IFERROR(Y62*(S78*(1+T78)),0) -> 0 | Z78: =Y62*V78 -> 0 | AB78: =+Y78*U78 -> 0 | AC78: =+AB78-Z78 -> 0 | AE78: =+IF(V78=0,"CERO","NO") -> NO
M79: 0 | Y79: =+IFERROR(Y62*(S79*(1+T79)),0) -> 0 | Z79: =Y62*V79 -> 0 | AB79: =+Y79*U79 -> 0 | AC79: =+AB79-Z79 -> 0 | AE79: =+IF(V79=0,"CERO","NO") -> CERO
M80: 0 | Y80: =+IFERROR(Y62*(S80*(1+T80)),0) -> 0 | Z80: =Y62*V80 -> 0 | AB80: =+Y80*U80 -> 0 | AC80: =+AB80-Z80 -> 0 | AE80: =+IF(V80=0,"CERO","NO") -> CERO
M81: 0 | Y81: =+IFERROR(Y62*(S81*(1+T81)),0) -> 0 | Z81: =Y62*V81 -> 0 | AB81: =+Y81*U81 -> 0 | AC81: =+AB81-Z81 -> 0 | AE81: =+IF(V81=0,"CERO","NO") -> CERO
D82: I | E82: II | F82: III | G82: IV | H82: CD | I82: CT | J82: REND | N82: SUBTOTAL DE MATERIALES | V82: =+SUM(V75:V81) -> 516589.59 | Y82: SUBTOTAL | Z82: =+SUM(Z75:Z81) -> 0
E83: =+D72 -> C4000 | N83: VALOR REDONDEADO SUBTOTAL DE MATERIALES E INSUMOS | V83: =+ROUND(V82,$AA$2) -> 516590 | Y83: SUBTOTAL RED. | Z83: =+ROUND(Z82,$AA$2) -> 0 | AB83: =+V83*Y62 -> 0 | AC83: =+AB83-Z83 -> 0
M84: III. TRANSPORTE
M85: No. ART. | N85: DESCRIPCION | Q85: UND. | R85: CANT./ PESO/ VOL. | S85: KM. | T85: PRECIO/KM | V85: VR. PARCIAL | Y85: CANT. | Z85: VR. TOTAL
M86: 120 | N86: =IFERROR(VLOOKUP(M86,INSUMOS!$C$8:$K$934,2,0),"-----") -> Transporte Cemento - San Gil | Q86: =IFERROR(VLOOKUP(M86,INSUMOS!$C$8:$K$934,5,0),"-----") -> kg/km | R86: =S75*(1+T75) -> 441 | S86: =IFERROR(VLOOKUP(M86,INSUMOS!$C$8:$K$934,6,0),"0") -> 4.87 | T86: =IFERROR(VLOOKUP(M86,INSUMOS!$C$8:$K$934,7,0),"0") -> 10 | V86: =+T86*S86*R86 -> 21476.7 | Y86: =+IFERROR((R86*S86)*Y62,0) -> 0 | Z86: =Y62*V86 -> 0 | AB86: =+Y86*T86 -> 0 | AC86: =+AB86-Z86 -> 0 | AE86: =+IF(V86=0,"CERO","NO") -> NO
M87: 100 | N87: =IFERROR(VLOOKUP(M87,INSUMOS!$C$8:$K$934,2,0),"-----") -> Transporte Arena - Pescadero | Q87: =IFERROR(VLOOKUP(M87,INSUMOS!$C$8:$K$934,5,0),"-----") -> m3/km | R87: =S77*(1+T77) -> 0.7035 | S87: =IFERROR(VLOOKUP(M87,INSUMOS!$C$8:$K$934,6,0),"0") -> 60.3 | T87: =IFERROR(VLOOKUP(M87,INSUMOS!$C$8:$K$934,7,0),"0") -> 1800 | V87: =+T87*S87*R87 -> 76357.89 | Y87: =+IFERROR((R87*S87)*Y62,0) -> 0 | Z87: =Y62*V87 -> 0 | AB87: =+Y87*T87 -> 0 | AC87: =+AB87-Z87 -> 0 | AE87: =+IF(V87=0,"CERO","NO") -> NO
M88: 101 | N88: =IFERROR(VLOOKUP(M88,INSUMOS!$C$8:$K$934,2,0),"-----") -> Transporte Triturado - Pinchote | Q88: =IFERROR(VLOOKUP(M88,INSUMOS!$C$8:$K$934,5,0),"-----") -> m3/km | R88: =S78*(1+T78) -> 0.7035 | S88: =IFERROR(VLOOKUP(M88,INSUMOS!$C$8:$K$934,6,0),"0") -> 4.31 | T88: =IFERROR(VLOOKUP(M88,INSUMOS!$C$8:$K$934,7,0),"0") -> 1800 | V88: =+T88*S88*R88 -> 5457.753 | Y88: =+IFERROR((R88*S88)*Y62,0) -> 0 | Z88: =Y62*V88 -> 0 | AB88: =+Y88*T88 -> 0 | AC88: =+AB88-Z88 -> 0 | AE88: =+IF(V88=0,"CERO","NO") -> NO
M89: 0 | Y89: =+IFERROR((R89*S89)*Y62,0) -> 0 | Z89: =Y62*V89 -> 0 | AB89: =+Y89*T89 -> 0 | AC89: =+AB89-Z89 -> 0 | AE89: =+IF(V89=0,"CERO","NO") -> CERO
M90: 0 | Y90: =+IFERROR((R90*S90)*Y62,0) -> 0 | Z90: =Y62*V90 -> 0 | AB90: =+Y90*T90 -> 0 | AC90: =+AB90-Z90 -> 0 | AE90: =+IF(V90=0,"CERO","NO") -> CERO
D91: I | E91: II | F91: III | G91: IV | H91: CD | I91: CT | J91: REND | N91: SUBTOTAL TRANSPORTE | V91: =+SUM(V86:V90) -> 103292.34 | Y91: SUBTOTAL | Z91: =+SUM(Z86:Z90) -> 0
F92: =+E83 -> C4000 | N92: VALOR REDONDEADO SUBTOTAL TRANSPORTE | V92: =+ROUND(V91,$AA$2) -> 103292 | Y92: SUBTOTAL RED. | Z92: =+ROUND(Z91,$AA$2) -> 0 | AB92: =+V92*Y62 -> 0
M93: IV. MANO DE OBRA
D94: I | E94: II | F94: III | G94: IV | H94: CD | I94: CT | J94: REND | M94: No. ART. | N94: DESCRIPCION | O94: UNID. | P94: CANT. | Q94: RDTO. | R94: JORNAL | S94: PS (80%) | T94: I.D.P.D | U94: JORNAL+PS | V94: VR. PARCIAL | Y94: CANT. | Z94: VR. TOTAL
J95: =+F92 -> C4000 | M95: 201 | N95: =IFERROR(VLOOKUP(M95,INSUMOS!$C$8:$K$934,2,0),"-----") -> Oficial Albañileria | O95: =IFERROR(VLOOKUP(M95,INSUMOS!$C$8:$K$934,3,0),"-----") -> JORNAL+PS | P95: 1 | Q95: 8 | R95: =IFERROR(VLOOKUP(M95,INSUMOS!$C$8:$K$934,4,0),"-----") -> 114970 | S95: =IFERROR(VLOOKUP(M95,INSUMOS!$C$8:$K$934,6,0),"-----") -> 91976 | T95: =IFERROR(VLOOKUP(M95,INSUMOS!$C$8:$K$934,5,0),"-----") -> 0 | U95: =SUM(R95:T95) -> 206946 | V95: =+IFERROR((P95/Q95)*U95,0) -> 25868.25 | Y95: =+IFERROR((Y62/Q95*P95),0) -> 0 | Z95: =Y62*V95 -> 0 | AB95: =+(U95)*Y95 -> 0 | AC95: =+AB95-Z95 -> 0 | AE95: =+IF(V95=0,"CERO","NO") -> NO
J96: =+J95 -> C4000 | M96: 202 | N96: =IFERROR(VLOOKUP(M96,INSUMOS!$C$8:$K$934,2,0),"-----") -> Ayudante Albañileria | O96: =IFERROR(VLOOKUP(M96,INSUMOS!$C$8:$K$934,3,0),"-----") -> JORNAL+PS | P96: 6 | Q96: 8 | R96: =IFERROR(VLOOKUP(M96,INSUMOS!$C$8:$K$934,4,0),"-----") -> 94970 | S96: =IFERROR(VLOOKUP(M96,INSUMOS!$C$8:$K$934,6,0),"-----") -> 75976 | T96: =IFERROR(VLOOKUP(M96,INSUMOS!$C$8:$K$934,5,0),"-----") -> 0 | U96: =SUM(R96:T96) -> 170946 | V96: =+IFERROR((P96/Q96)*U96,0) -> 128209.5 | Y96: =+IFERROR((Y62/Q96*P96),0) -> 0 | Z96: =Y62*V96 -> 0 | AB96: =+U96*Y96 -> 0 | AC96: =+AB96-Z96 -> 0 | AE96: =+IF(V96=0,"CERO","NO") -> NO
M97: 0 | Y97: =+IFERROR((Y62/Q97*P97),0) -> 0 | Z97: =Y62*V97 -> 0 | AB97: =+(U97)*Y97*P97 -> 0 | AC97: =+AB97-Z97 -> 0 | AE97: =+IF(V97=0,"CERO","NO") -> CERO
D98: I | E98: II | F98: III | G98: IV | H98: CD | I98: CT | J98: REND | N98: SUBTOTAL MANO DE OBRA | V98: =+SUM(V95:V97) -> 154077.75 | Y98: SUBTOTAL | Z98: =+SUM(Z95:Z97) -> 0
G99: =+F92 -> C4000 | N99: VALOR REDONDEADO SUBTOTAL DE MANO DE OBRA | V99: =+ROUND(V98,$AA$2) -> 154078 | Y99: SUBTOTAL RED. | Z99: =+ROUND(Z98,$AA$2) -> 0 | AB99: =+V99*Y62 -> 0 | AC99: =+AB99-Z99 -> 0
D100: I | E100: II | F100: III | G100: IV | H100: CD | I100: CT | J100: REND
H101: =G99 -> C4000 | M101: TOTAL COSTO DIRECTO | U101: =+V99+V92+V83+V72 -> 788664 | Z101: =+Z99+Z92+Z83+Z72 -> 0 | AB101: =+AB99+AB92+AB83+AB72 -> 0 | AC101: =+AB101-Z101 -> 0
M106: ELABORÓ: | N106: =$N$6 -> ING. JEYSON JULIAN LEON RUEDA | R106: APROBO: | S106: =$S$6 -> ARQ. YASMID ROCÍO CARRILLO MORA
N107: =$N$7 -> MP. 68202-416348 STD | S107: =$S$7 -> SECRETARIA DE PLANEACIÓN Y OBRAS PÚBLICAS
S108: =$S$8 -> MUNICIPIO DE PINCHOTE
M111: CAPITULO: | N111: CAP.B | O111: BASICOS | V111: UNIDAD | Y111: CANT.
C112: =+N112 -> C4500 | M112: ITEM: | N112: C4500 | O112: =IFERROR(VLOOKUP(N112,INSUMOS!$C$8:$K$934,2,0),"-----") -> CONCRETO DE 4.500 PSI | V112: =IFERROR(VLOOKUP(N112,INSUMOS!$C$8:$K$934,6,0),"-----") -> m3 | Y112: =SUMIFS($Y$310:$Y$1486,$M$310:$M$1486,N112) -> 0
D114: I | E114: II | F114: III | G114: IV | H114: CD | I114: CT | J114: REND | M114: I. EQUIPOS/HERRAMIENTAS
M115: No. ART. | N115: DESCRIPCION | R115: UNID. | S115: REND. | T115: VR. UNIT. | V115: VR. PARCIAL | Y115: CANT. | Z115: VR. TOTAL
N116: HERRAMIENTA MENOR | R116: % | S116: =$AA$9 -> 0.05 | T116: =V149 -> 154078 | V116: =+IFERROR(T116*S116,0) -> 7703.9 | Z116: =Y112*V116 -> 0 | AE116: =+IF(V116=0,"CERO","NO") -> NO
M117: 8 | N117: =IFERROR(VLOOKUP(M117,INSUMOS!$C$8:$K$934,2,0),"-----") -> Mezcladora de concreto | R117: =IFERROR(VLOOKUP(M117,INSUMOS!$C$8:$K$934,6,0),"-----") -> dia | S117: 0.1 | T117: =IFERROR(VLOOKUP(M117,INSUMOS!$C$8:$K$934,7,0),"0") -> 70000 | V117: =+IFERROR(T117*S117,0) -> 7000 | Y117: =+IFERROR(Y112*S117,0) -> 0 | Z117: =Y112*V117 -> 0 | AB117: =+Y117*T117 -> 0 | AC117: =+AB117-Z117 -> 0 | AE117: =+IF(V117=0,"CERO","NO") -> NO
...

Sheet INSUMOS
C3: LISTADO DE INSUMOS
C4: CONTRATANTE: | E4: =INFORMACION!A12 -> ALCALDIA MUNICIPAL DE PINCHOTE
C5: PROYECTO: | E5: =INFORMACION!A3 -> CONSTRUCCIÓN DE PAVIMENTO EN PIEDRA LABOR Y OPTIMIZACIÓN DE LA RED DE ALCANTARILLADO SANITARIO CALLE 5 ENTRE CARRERA 3 Y 4 DEL CASCO URBANO DEL MUNICIPIO DE PINCHOTE, DEPARTAMENTO DE SANTANDER
C6: LOCALIZACION: | E6: =INFORMACION!$A$6 -> PINCHOTE, SANTANDER | I6: FECHA: | J6: =INFORMACION!$A$9 -> ABRIL DE 2026
C8: MAQUINARIA/EQUIPOS
C9: No. | D9: DESCRIPCION | H9: UND. | I9: VR.UNIT. | J9: CANT. | K9: VR. TOTAL | N9: VR. TOTAL | O9: DIF.
C10: 1 | D10: Herramienta menor | H10: % | K10: =IFERROR(SUMIFS(APUS!$Z$9:$Z$1486,APUS!N9:$N$1486,INSUMOS!D10),0) -> 4407208.8 | N10: =IFERROR(SUMIFS(APUS!$Z$10:$Z$62,APUS!$N10:Q$62,INSUMOS!D10),0) -> 0 | O10: =+N10-K10 -> -4407208.8 | Q10: =+IF(K10=0,"SI","NO") -> NO
C11: 2 | D11: Vibrador de concreto | H11: dia | I11: 68000 | J11: =SUMIFS(APUS!$Y$9:$Y$1486,APUS!$M$9:$M$1486,INSUMOS!C11) -> 0 | K11: =+J11*I11 -> 0 | N11: =IFERROR(SUMIFS(APUS!$Z$10:$Z$62,APUS!$N10:Q$62,INSUMOS!D11),0) -> 0 | O11: =+N11-K11 -> 0 | Q11: =+IF(K11=0,"SI","NO") -> SI
C12: 3 | D12: Demoledor electrico para concretos | H12: hora | I12: 80000 | J12: =SUMIFS(APUS!$Y$9:$Y$1486,APUS!$M$9:$M$1486,INSUMOS!C12) -> 3.45135 | K12: =+J12*I12 -> 276108 | N12: =IFERROR(SUMIFS(APUS!$Z$10:$Z$62,APUS!$N10:Q$62,INSUMOS!D12),0) -> 0 | O12: =+N12-K12 -> -276108 | Q12: =+IF(K12=0,"SI","NO") -> NO
C13: 4 | D13: Cortadora grande de acero | H13: dia | I13: 45000 | J13: =SUMIFS(APUS!$Y$9:$Y$1486,APUS!$M$9:$M$1486,INSUMOS!C13) -> 0 | K13: =+J13*I13 -> 0 | N13: =IFERROR(SUMIFS(APUS!$Z$10:$Z$62,APUS!$N10:Q$62,INSUMOS!D13),0) -> 0 | O13: =+N13-K13 -> 0 | Q13: =+IF(K13=0,"SI","NO") -> SI
C14: 5 | D14: Martillo neumatico con compresor | H14: dia | I14: 180000 | J14: =SUMIFS(APUS!$Y$9:$Y$1486,APUS!$M$9:$M$1486,INSUMOS!C14) -> 0 | K14: =+J14*I14 -> 0 | N14: =IFERROR(SUMIFS(APUS!$Z$10:$Z$62,APUS!$N10:Q$62,INSUMOS!D14),0) -> 0 | O14: =+N14-K14 -> 0 | Q14: =+IF(K14=0,"SI","NO") -> SI
C15: 6 | D15: Compactador tipo Saltarin | H15: dia | I15: 80000 | J15: =SUMIFS(APUS!$Y$9:$Y$1486,APUS!$M$9:$M$1486,INSUMOS!C15) -> 3.934539 | K15: =+J15*I15 -> 314763.12 | N15: =IFERROR(SUMIFS(APUS!$Z$10:$Z$62,APUS!$N10:Q$62,INSUMOS!D15),0) -> 0 | O15: =+N15-K15 -> -314763.12 | Q15: =+IF(K15=0,"SI","NO") -> NO
C16: 7 | D16: VibroCompactador tipo Rana | H16: dia | I16: 70000 | J16: =SUMIFS(APUS!$Y$9:$Y$1486,APUS!$M$9:$M$1486,INSUMOS!C16) -> 0 | K16: =+J16*I16 -> 0 | N16: =IFERROR(SUMIFS(APUS!$Z$10:$Z$62,APUS!$N10:Q$62,INSUMOS!D16),0) -> 0 | O16: =+N16-K16 -> 0 | Q16: =+IF(K16=0,"SI","NO") -> SI
C17: 8 | D17: Mezcladora de concreto | H17: dia | I17: 70000 | J17: =SUMIFS(APUS!$Y$9:$Y$1486,APUS!$M$9:$M$1486,INSUMOS!C17) -> 7.2020025 | K17: =+J17*I17 -> 504140.18 | N17: =IFERROR(SUMIFS(APUS!$Z$10:$Z$62,APUS!$N10:Q$62,INSUMOS!D17),0) -> 0 | O17: =+N17-K17 -> -504140.18 | Q17: =+IF(K17=0,"SI","NO") -> NO
C18: 9 | D18: Allanadora Helicoptero | H18: dia | I18: 25000 | J18: =SUMIFS(APUS!$Y$9:$Y$1486,APUS!$M$9:$M$1486,INSUMOS!C18) -> 0 | K18: =+J18*I18 -> 0 | N18: =IFERROR(SUMIFS(APUS!$Z$10:$Z$62,APUS!$N10:Q$62,INSUMOS!D18),0) -> 0 | O18: =+N18-K18 -> 0 | Q18: =+IF(K18=0,"SI","NO") -> SI
C19: 10 | D19: Seccion de andamios (2 marcos y crucetas) | H19: dia | I19: 3500 | J19: =SUMIFS(APUS!$Y$9:$Y$1486,APUS!$M$9:$M$1486,INSUMOS!C19) -> 0 | K19: =+J19*I19 -> 0 | N19: =IFERROR(SUMIFS(APUS!$Z$10:$Z$62,APUS!$N10:Q$62,INSUMOS!D19),0) -> 0 | O19: =+N19-K19 -> 0 | Q19: =+IF(K19=0,"SI","NO") -> SI
C20: 11 | D20: Formaleta Muro | H20: dia | I20: 9500 | J20: =SUMIFS(APUS!$Y$9:$Y$1486,APUS!$M$9:$M$1486,INSUMOS!C20) -> 0 | K20: =+J20*I20 -> 0 | N20: =IFERROR(SUMIFS(APUS!$Z$10:$Z$62,APUS!$N10:Q$62,INSUMOS!D20),0) -> 0 | O20: =+N20-K20 -> 0 | Q20: =+IF(K20=0,"SI","NO") -> SI
C21: 12 | D21: Formaleta Placa | H21: dia | I21: 9500 | J21: =SUMIFS(APUS!$Y$9:$Y$1486,APUS!$M$9:$M$1486,INSUMOS!C21) -> 0 | K21: =+J21*I21 -> 0 | N21: =IFERROR(SUMIFS(APUS!$Z$10:$Z$62,APUS!$N10:Q$62,INSUMOS!D21),0) -> 0 | O21: =+N21-K21 -> 0 | Q21: =+IF(K21=0,"SI","NO") -> SI
C22: 13 | D22: Formaleta Vigas | H22: dia | I22: 7500 | J22: =SUMIFS(APUS!$Y$9:$Y$1486,APUS!$M$9:$M$1486,INSUMOS!C22) -> 0 | K22: =+J22*I22 -> 0 | N22: =IFERROR(SUMIFS(APUS!$Z$10:$Z$62,APUS!$N10:Q$62,INSUMOS!D22),0) -> 0 | O22: =+N22-K22 -> 0 | Q22: =+IF(K22=0,"SI","NO") -> SI
C23: 14 | D23: Formaleta Columnas | H23: dia | I23: 7500 | J23: =SUMIFS(APUS!$Y$9:$Y$1486,APUS!$M$9:$M$1486,INSUMOS!C23) -> 0 | K23: =+J23*I23 -> 0 | N23: =IFERROR(SUMIFS(APUS!$Z$10:$Z$62,APUS!$N10:Q$62,INSUMOS!D23),0) -> 0 | O23: =+N23-K23 -> 0 | Q23: =+IF(K23=0,"SI","NO") -> SI
C24: 15 | D24: Formaleta Sardinel | H24: dia | I24: 6500 | J24: =SUMIFS(APUS!$Y$9:$Y$1486,APUS!$M$9:$M$1486,INSUMOS!C24) -> 0 | K24: =+J24*I24 -> 0 | N24: =IFERROR(SUMIFS(APUS!$Z$10:$Z$62,APUS!$N10:Q$62,INSUMOS!D24),0) -> 0 | O24: =+N24-K24 -> 0 | Q24: =+IF(K24=0,"SI","NO") -> SI
C25: 16 | D25: FORMALETA PARA CAÑUELAS | H25: dia | I25: 4500 | J25: =SUMIFS(APUS!$Y$9:$Y$1486,APUS!$M$9:$M$1486,INSUMOS!C25) -> 0 | K25: =+J25*I25 -> 0 | N25: =IFERROR(SUMIFS(APUS!$Z$10:$Z$62,APUS!$N10:Q$62,INSUMOS!D25),0) -> 0 | O25: =+N25-K25 -> 0 | Q25: =+IF(K25=0,"SI","NO") -> SI
C26: 17 | D26: FORMALETA PARA LOSA | H26: dia | I26: 4500 | J26: =SUMIFS(APUS!$Y$9:$Y$1486,APUS!$M$9:$M$1486,INSUMOS!C26) -> 0 | K26: =+J26*I26 -> 0 | N26: =IFERROR(SUMIFS(APUS!$Z$10:$Z$62,APUS!$N10:Q$62,INSUMOS!D26),0) -> 0 | O26: =+N26-K26 -> 0 | Q26: =+IF(K26=0,"SI","NO") -> SI
C27: 18 | D27: FORMALETA GRADERIA | H27: dia | I27: 13500 | J27: =SUMIFS(APUS!$Y$9:$Y$1486,APUS!$M$9:$M$1486,INSUMOS!C27) -> 0 | K27: =+J27*I27 -> 0 | N27: =IFERROR(SUMIFS(APUS!$Z$10:$Z$62,APUS!$N10:Q$62,INSUMOS!D27),0) -> 0 | O27: =+N27-K27 -> 0 | Q27: =+IF(K27=0,"SI","NO") -> SI
C28: 19 | D28: CAMISA PARA PILOTES DE Ø:0,85M | H28: dia | I28: 62500 | J28: =SUMIFS(APUS!$Y$9:$Y$1486,APUS!$M$9:$M$1486,INSUMOS!C28) -> 0 | K28: =+J28*I28 -> 0 | N28: =IFERROR(SUMIFS(APUS!$Z$10:$Z$62,APUS!$N10:Q$62,INSUMOS!D28),0) -> 0 | O28: =+N28-K28 -> 0 | Q28: =+IF(K28=0,"SI","NO") -> SI
C29: 20 | D29: FORMALETA DE PAVIMENTO RIGIDO | H29: dia | I29: 8000 | J29: =SUMIFS(APUS!$Y$9:$Y$1486,APUS!$M$9:$M$1486,INSUMOS!C29) -> 0 | K29: =+J29*I29 -> 0 | N29: =IFERROR(SUMIFS(APUS!$Z$10:$Z$62,APUS!$N10:Q$62,INSUMOS!D29),0) -> 0 | O29: =+N29-K29 -> 0 | Q29: =+IF(K29=0,"SI","NO") -> SI
C30: 21 | D30: ESTACION TOTAL (EQUIPO DE PRECISION TOPOGRAFICA) | H30: dia | I30: 150000 | J30: =SUMIFS(APUS!$Y$9:$Y$1486,APUS!$M$9:$M$1486,INSUMOS!C30) -> 0 | K30: =+J30*I30 -> 0 | N30: =IFERROR(SUMIFS(APUS!$Z$10:$Z$62,APUS!$N10:Q$62,INSUMOS!D30),0) -> 0 | O30: =+N30-K30 -> 0 | Q30: =+IF(K30=0,"SI","NO") -> SI
C31: 22 | D31: Equipo de soldadura | H31: dia | I31: 60000 | J31: =SUMIFS(APUS!$Y$9:$Y$1486,APUS!$M$9:$M$1486,INSUMOS!C31) -> 0 | K31: =+J31*I31 -> 0 | N31: =IFERROR(SUMIFS(APUS!$Z$10:$Z$62,APUS!$N10:Q$62,INSUMOS!D31),0) -> 0 | O31: =+N31-K31 -> 0 | Q31: =+IF(K31=0,"SI","NO") -> SI
C32: 23 | D32: COMPRESOR DE AIRE | H32: dia | I32: 50000 | J32: =SUMIFS(APUS!$Y$9:$Y$1486,APUS!$M$9:$M$1486,INSUMOS!C32) -> 0 | K32: =+J32*I32 -> 0 | N32: =IFERROR(SUMIFS(APUS!$Z$10:$Z$62,APUS!$N10:Q$62,INSUMOS!D32),0) -> 0 | O32: =+N32-K32 -> 0 | Q32: =+IF(K32=0,"SI","NO") -> SI
C33: 24 | D33: FUMIGADORA CON MOTOR | H33: dia | I33: 68000 | J33: =SUMIFS(APUS!$Y$9:$Y$1486,APUS!$M$9:$M$1486,INSUMOS!C33) -> 0 | K33: =+J33*I33 -> 0 | N33: =IFERROR(SUMIFS(APUS!$Z$10:$Z$62,APUS!$N10:Q$62,INSUMOS!D33),0) -> 0 | O33: =+N33-K33 -> 0 | Q33: =+IF(K33=0,"SI","NO") -> SI
C34: 25 | D34: Taladro percutor | H34: dia | I34: 75000 | J34: =SUMIFS(APUS!$Y$9:$Y$1486,APUS!$M$9:$M$1486,INSUMOS!C34) -> 0 | K34: =+J34*I34 -> 0 | N34: =IFERROR(SUMIFS(APUS!$Z$10:$Z$62,APUS!$N10:Q$62,INSUMOS!D34),0) -> 0 | O34: =+N34-K34 -> 0 | Q34: =+IF(K34=0,"SI","NO") -> SI
C35: 26 | D35: CARROTANQUE DE AGUA DE 1000 LTS | H35: Hora | I35: 75000 | J35: =SUMIFS(APUS!$Y$9:$Y$1486,APUS!$M$9:$M$1486,INSUMOS!C35) -> 0 | K35: =+J35*I35 -> 0 | N35: =IFERROR(SUMIFS(APUS!$Z$10:$Z$62,APUS!$N10:Q$62,INSUMOS!D35),0) -> 0 | O35: =+N35-K35 -> 0 | Q35: =+IF(K35=0,"SI","NO") -> SI
C36: 27 | D36: GRUA PH | H36: Hora | I36: 100000 | J36: =SUMIFS(APUS!$Y$9:$Y$1486,APUS!$M$9:$M$1486,INSUMOS!C36) -> 0 | K36: =+J36*I36 -> 0 | N36: =IFERROR(SUMIFS(APUS!$Z$10:$Z$62,APUS!$N10:Q$62,INSUMOS!D36),0) -> 0 | O36: =+N36-K36 -> 0 | Q36: =+IF(K36=0,"SI","NO") -> SI
C37: 28 | D37: MOTONIVELADORA 120 HP | H37: Hora | I37: 125000 | J37: =SUMIFS(APUS!$Y$9:$Y$1486,APUS!$M$9:$M$1486,INSUMOS!C37) -> 0 | K37: =+J37*I37 -> 0 | N37: =IFERROR(SUMIFS(APUS!$Z$10:$Z$62,APUS!$N10:Q$62,INSUMOS!D37),0) -> 0 | O37: =+N37-K37 -> 0 | Q37: =+IF(K37=0,"SI","NO") -> SI
C38: 29 | D38: Vibrocompactador de 8 Toneladas | H38: Hora | I38: 165000 | J38: =SUMIFS(APUS!$Y$9:$Y$1486,APUS!$M$9:$M$1486,INSUMOS!C38) -> 18.93 | K38: =+J38*I38 -> 3123450 | N38: =IFERROR(SUMIFS(APUS!$Z$10:$Z$62,APUS!$N10:Q$62,INSUMOS!D38),0) -> 0 | O38: =+N38-K38 -> -3123450 | Q38: =+IF(K38=0,"SI","NO") -> NO
C39: 30 | D39: RetroExcavadora | H39: Hora | I39: 190000 | J39: =SUMIFS(APUS!$Y$9:$Y$1486,APUS!$M$9:$M$1486,INSUMOS!C39) -> 75.97932 | K39: =+J39*I39 -> 14436071 | N39: =IFERROR(SUMIFS(APUS!$Z$10:$Z$62,APUS!$N10:Q$62,INSUMOS!D39),0) -> 0 | O39: =+N39-K39 -> -14436071 | Q39: =+IF(K39=0,"SI","NO") -> NO
C40: 31 | D40: EQUIPO PARA MICROPILOTES DE DIAMETRO 30 CM | H40: Hora | I40: 350000 | J40: =SUMIFS(APUS!$Y$9:$Y$1486,APUS!$M$9:$M$1486,INSUMOS!C40) -> 0 | K40: =+J40*I40 -> 0 | N40: =IFERROR(SUMIFS(APUS!$Z$10:$Z$62,APUS!$N10:Q$62,INSUMOS!D40),0) -> 0 | O40: =+N40-K40 -> 0 | Q40: =+IF(K40=0,"SI","NO") -> SI
C41: 32 | D41: VEHICULO DELINEADOR | H41: Hora | I41: 125000 | J41: =SUMIFS(APUS!$Y$9:$Y$1486,APUS!$M$9:$M$1486,INSUMOS!C41) -> 0 | K41: =+J41*I41 -> 0 | N41: =IFERROR(SUMIFS(APUS!$Z$10:$Z$62,APUS!$N10:Q$62,INSUMOS!D41),0) -> 0 | O41: =+N41-K41 -> 0 | Q41: =+IF(K41=0,"SI","NO") -> SI
C42: 33 | D42: Pulidora | H42: dia | I42: 75000 | J42: =SUMIFS(APUS!$Y$9:$Y$1486,APUS!$M$9:$M$1486,INSUMOS!C42) -> 0 | K42: =+J42*I42 -> 0 | N42: =IFERROR(SUMIFS(APUS!$Z$10:$Z$62,APUS!$N10:Q$62,INSUMOS!D42),0) -> 0 | O42: =+N42-K42 -> 0 | Q42: =+IF(K42=0,"SI","NO") -> SI
C43: 34 | D43: Compresor de aire portatil con accesorios | H43: dia | I43: 85000 | J43: =SUMIFS(APUS!$Y$9:$Y$1486,APUS!$M$9:$M$1486,INSUMOS!C43) -> 0 | K43: =+J43*I43 -> 0 | N43: =IFERROR(SUMIFS(APUS!$Z$10:$Z$62,APUS!$N10:Q$62,INSUMOS!D43),0) -> 0 | O43: =+N43-K43 -> 0 | Q43: =+IF(K43=0,"SI","NO") -> SI
C44: 35 | J44: =SUMIFS(APUS!$Y$9:$Y$1486,APUS!$M$9:$M$1486,INSUMOS!C44) -> 0 | K44: =+J44*I44 -> 0 | N44: =IFERROR(SUMIFS(APUS!$Z$10:$Z$62,APUS!$N10:Q$62,INSUMOS!D44),0) -> 0 | O44: =+N44-K44 -> 0 | Q44: =+IF(K44=0,"SI","NO") -> SI
C45: 36 | J45: =SUMIFS(APUS!$Y$9:$Y$1486,APUS!$M$9:$M$1486,INSUMOS!C45) -> 0 | K45: =+J45*I45 -> 0 | N45: =IFERROR(SUMIFS(APUS!$Z$10:$Z$62,APUS!$N10:Q$62,INSUMOS!D45),0) -> 0 | O45: =+N45-K45 -> 0 | Q45: =+IF(K45=0,"SI","NO") -> SI
C46: 37 | J46: =SUMIFS(APUS!$Y$9:$Y$1486,APUS!$M$9:$M$1486,INSUMOS!C46) -> 0 | K46: =+J46*I46 -> 0 | N46: =IFERROR(SUMIFS(APUS!$Z$10:$Z$62,APUS!$N10:Q$62,INSUMOS!D46),0) -> 0 | O46: =+N46-K46 -> 0 | Q46: =+IF(K46=0,"SI","NO") -> SI
C47: 38 | J47: =SUMIFS(APUS!$Y$9:$Y$1486,APUS!$M$9:$M$1486,INSUMOS!C47) -> 0 | K47: =+J47*I47 -> 0 | N47: =IFERROR(SUMIFS(APUS!$Z$10:$Z$62,APUS!$N10:Q$62,INSUMOS!D47),0) -> 0 | O47: =+N47-K47 -> 0 | Q47: =+IF(K47=0,"SI","NO") -> SI
C48: 39 | J48: =SUMIFS(APUS!$Y$9:$Y$1486,APUS!$M$9:$M$1486,INSUMOS!C48) -> 0 | K48: =+J48*I48 -> 0 | N48: =IFERROR(SUMIFS(APUS!$Z$10:$Z$62,APUS!$N10:Q$62,INSUMOS!D48),0) -> 0 | O48: =+N48-K48 -> 0 | Q48: =+IF(K48=0,"SI","NO") -> SI
C49: 40 | J49: =SUMIFS(APUS!$Y$9:$Y$1486,APUS!$M$9:$M$1486,INSUMOS!C49) -> 0 | K49: =+J49*I49 -> 0 | N49: =IFERROR(SUMIFS(APUS!$Z$10:$Z$62,APUS!$N10:Q$62,INSUMOS!D49),0) -> 0 | O49: =+N49-K49 -> 0 | Q49: =+IF(K49=0,"SI","NO") -> SI
C50: 41 | J50: =SUMIFS(APUS!$Y$9:$Y$1486,APUS!$M$9:$M$1486,INSUMOS!C50) -> 0 | K50: =+J50*I50 -> 0 | N50: =IFERROR(SUMIFS(APUS!$Z$10:$Z$62,APUS!$N10:Q$62,INSUMOS!D50),0) -> 0 | O50: =+N50-K50 -> 0 | Q50: =+IF(K50=0,"SI","NO") -> SI
C51: 42 | J51: =SUMIFS(APUS!$Y$9:$Y$1486,APUS!$M$9:$M$1486,INSUMOS!C51) -> 0 | K51: =+J51*I51 -> 0 | N51: =IFERROR(SUMIFS(APUS!$Z$10:$Z$62,APUS!$N10:Q$62,INSUMOS!D51),0) -> 0 | O51: =+N51-K51 -> 0 | Q51: =+IF(K51=0,"SI","NO") -> SI
C52: 43 | J52: =SUMIFS(APUS!$Y$9:$Y$1486,APUS!$M$9:$M$1486,INSUMOS!C52) -> 0 | K52: =+J52*I52 -> 0 | N52: =IFERROR(SUMIFS(APUS!$Z$10:$Z$62,APUS!$N10:Q$62,INSUMOS!D52),0) -> 0 | O52: =+N52-K52 -> 0 | Q52: =+IF(K52=0,"SI","NO") -> SI
C53: 44 | J53: =SUMIFS(APUS!$Y$9:$Y$1486,APUS!$M$9:$M$1486,INSUMOS!C53) -> 0 | K53: =+J53*I53 -> 0 | N53: =IFERROR(SUMIFS(APUS!$Z$10:$Z$62,APUS!$N11:Q$62,INSUMOS!D53),0) -> 0 | O53: =+N53-K53 -> 0 | Q53: =+IF(K53=0,"SI","NO") -> SI
C54: 45 | J54: =SUMIFS(APUS!$Y$9:$Y$1486,APUS!$M$9:$M$1486,INSUMOS!C54) -> 0 | K54: =+J54*I54 -> 0 | N54: =IFERROR(SUMIFS(APUS!$Z$10:$Z$62,APUS!$N12:Q$62,INSUMOS!D54),0) -> 0 | O54: =+N54-K54 -> 0 | Q54: =+IF(K54=0,"SI","NO") -> SI
C55: 46 | J55: =SUMIFS(APUS!$Y$9:$Y$1486,APUS!$M$9:$M$1486,INSUMOS!C55) -> 0 | K55: =+J55*I55 -> 0 | N55: =IFERROR(SUMIFS(APUS!$Z$10:$Z$62,APUS!$N13:Q$62,INSUMOS!D55),0) -> 0 | O55: =+N55-K55 -> 0 | Q55: =+IF(K55=0,"SI","NO") -> SI
C56: 47 | J56: =SUMIFS(APUS!$Y$9:$Y$1486,APUS!$M$9:$M$1486,INSUMOS!C56) -> 0 | K56: =+J56*I56 -> 0 | N56: =IFERROR(SUMIFS(APUS!$Z$10:$Z$62,APUS!$N14:Q$62,INSUMOS!D56),0) -> 0 | O56: =+N56-K56 -> 0 | Q56: =+IF(K56=0,"SI","NO") -> SI
C57: 48 | J57: =SUMIFS(APUS!$Y$9:$Y$1486,APUS!$M$9:$M$1486,INSUMOS!C57) -> 0 | K57: =+J57*I57 -> 0 | N57: =IFERROR(SUMIFS(APUS!$Z$10:$Z$62,APUS!$N15:Q$62,INSUMOS!D57),0) -> 0 | O57: =+N57-K57 -> 0 | Q57: =+IF(K57=0,"SI","NO") -> SI
C58: 49 | J58: =SUMIFS(APUS!$Y$9:$Y$1486,APUS!$M$9:$M$1486,INSUMOS!C58) -> 0 | K58: =+J58*I58 -> 0 | N58: =IFERROR(SUMIFS(APUS!$Z$10:$Z$62,APUS!$N16:Q$62,INSUMOS!D58),0) -> 0 | O58: =+N58-K58 -> 0 | Q58: =+IF(K58=0,"SI","NO") -> SI
C59: 50 | J59: =SUMIFS(APUS!$Y$9:$Y$1486,APUS!$M$9:$M$1486,INSUMOS!C59) -> 0 | K59: =+J59*I59 -> 0 | N59: =IFERROR(SUMIFS(APUS!$Z$10:$Z$62,APUS!$N17:Q$62,INSUMOS!D59),0) -> 0 | O59: =+N59-K59 -> 0 | Q59: =+IF(K59=0,"SI","NO") -> SI
C60: 51 | J60: =SUMIFS(APUS!$Y$9:$Y$1486,APUS!$M$9:$M$1486,INSUMOS!C60) -> 0 | K60: =+J60*I60 -> 0 | N60: =IFERROR(SUMIFS(APUS!$Z$10:$Z$62,APUS!$N18:Q$62,INSUMOS!D60),0) -> 0 | O60: =+N60-K60 -> 0 | Q60: =+IF(K60=0,"SI","NO") -> SI
C61: 52 | J61: =SUMIFS(APUS!$Y$9:$Y$1486,APUS!$M$9:$M$1486,INSUMOS!C61) -> 0 | K61: =+J61*I61 -> 0 | N61: =IFERROR(SUMIFS(APUS!$Z$10:$Z$62,APUS!$N19:Q$62,INSUMOS!D61),0) -> 0 | O61: =+N61-K61 -> 0 | Q61: =+IF(K61=0,"SI","NO") -> SI
C62: 53 | J62: =SUMIFS(APUS!$Y$9:$Y$1486,APUS!$M$9:$M$1486,INSUMOS!C62) -> 0 | K62: =+J62*I62 -> 0 | N62: =IFERROR(SUMIFS(APUS!$Z$10:$Z$62,APUS!$N20:Q$62,INSUMOS!D62),0) -> 0 | O62: =+N62-K62 -> 0 | Q62: =+IF(K62=0,"SI","NO") -> SI
C63: 54 | J63: =SUMIFS(APUS!$Y$9:$Y$1486,APUS!$M$9:$M$1486,INSUMOS!C63) -> 0 | K63: =+J63*I63 -> 0 | N63: =IFERROR(SUMIFS(APUS!$Z$10:$Z$62,APUS!$N21:Q$62,INSUMOS!D63),0) -> 0 | O63: =+N63-K63 -> 0 | Q63: =+IF(K63=0,"SI","NO") -> SI
... C93: 84 | J93: =SUMIFS(APUS!$Y$9:$Y$1486,APUS!$M$9:$M$1486,INSUMOS!C93) -> 0 | K93: =+J93*I93 -> 0 | N93: =IFERROR(SUMIFS(APUS!$Z$10:$Z$62,APUS!$N51:Q$62,INSUMOS!D93),0) -> 0 | O93: =+N93-K93 -> 0 | Q93: =+IF(K93=0,"SI","NO") -> SI
C94: 85 | J94: =SUMIFS(APUS!$Y$9:$Y$1486,APUS!$M$9:$M$1486,INSUMOS!C94) -> 0 | K94: =+J94*I94 -> 0 | N94: =IFERROR(SUMIFS(APUS!$Z$10:$Z$62,APUS!$N60:Q$62,INSUMOS!D94),0) -> 0 | O94: =+N94-K94 -> 0 | Q94: =+IF(K94=0,"SI","NO") -> SI
C95: 86 | J95: =SUMIFS(APUS!$Y$9:$Y$1486,APUS!$M$9:$M$1486,INSUMOS!C95) -> 0 | K95: =+J95*I95 -> 0 | N95: =IFERROR(SUMIFS(APUS!$Z$10:$Z$62,APUS!$N60:Q$62,INSUMOS!D95),0) -> 0 | O95: =+N95-K95 -> 0 | Q95: =+IF(K95=0,"SI","NO") -> SI
C96: 87 | J96: =SUMIFS(APUS!$Y$9:$Y$1486,APUS!$M$9:$M$1486,INSUMOS!C96) -> 0 | K96: =+J96*I96 -> 0 | N96: =IFERROR(SUMIFS(APUS!$Z$10:$Z$62,APUS!$N61:Q$62,INSUMOS!D96),0) -> 0 | O96: =+N96-K96 -> 0 | Q96: =+IF(K96=0,"SI","NO") -> SI
C97: 88 | J97: =SUMIFS(APUS!$Y$9:$Y$1486,APUS!$M$9:$M$1486,INSUMOS!C97) -> 0 | K97: =+J97*I97 -> 0 | N97: =IFERROR(SUMIFS(APUS!$Z$10:$Z$62,APUS!$N62:Q$62,INSUMOS!D97),0) -> 0 | O97: =+N97-K97 -> 0 | Q97: =+IF(K97=0,"SI","NO") -> SI
C98: 89 | J98: =SUMIFS(APUS!$Y$9:$Y$1486,APUS!$M$9:$M$1486,INSUMOS!C98) -> 0 | K98: =+J98*I98 -> 0 | N98: =IFERROR(SUMIFS(APUS!$Z$10:$Z$62,APUS!$N$62:Q63,INSUMOS!D98),0) -> 0 | O98: =+N98-K98 -> 0 | Q98: =+IF(K98=0,"SI","NO") -> SI
C99: 90 | J99: =SUMIFS(APUS!$Y$9:$Y$1486,APUS!$M$9:$M$1486,INSUMOS!C99) -> 0 | K99: =+J99*I99 -> 0 | N99: =IFERROR(SUMIFS(APUS!$Z$10:$Z$62,APUS!$N$62:Q64,INSUMOS!D99),0) -> 0 | O99: =+N99-K99 -> 0 | Q99: =+IF(K99=0,"SI","NO") -> SI
C100: 91 | J100: =SUMIFS(APUS!$Y$9:$Y$1486,APUS!$M$9:$M$1486,INSUMOS!C100) -> 0 | K100: =+J100*I100 -> 0 | N100: =IFERROR(SUMIFS(APUS!$Z$10:$Z$62,APUS!$N$62:Q65,INSUMOS!D100),0) -> 0 | O100: =+N100-K100 -> 0 | Q100: =+IF(K100=0,"SI","NO") -> SI
C101: 92 | J101: =SUMIFS(APUS!$Y$9:$Y$1486,APUS!$M$9:$M$1486,INSUMOS!C101) -> 0 | K101: =+J101*I101 -> 0 | N101: =IFERROR(SUMIFS(APUS!$Z$10:$Z$62,APUS!$N$62:Q66,INSUMOS!D101),0) -> 0 | O101: =+N101-K101 -> 0 | Q101: =+IF(K101=0,"SI","NO") -> SI
C102: 93 | J102: =SUMIFS(APUS!$Y$9:$Y$1486,APUS!$M$9:$M$1486,INSUMOS!C102) -> 0 | K102: =+J102*I102 -> 0 | N102: =IFERROR(SUMIFS(APUS!$Z$10:$Z$62,APUS!$N$62:Q67,INSUMOS!D102),0) -> 0 | O102: =+N102-K102 -> 0 | Q102: =+IF(K102=0,"SI","NO") -> SI
C103: 94 | J103: =SUMIFS(APUS!$Y$9:$Y$1486,APUS!$M$9:$M$1486,INSUMOS!C103) -> 0 | K103: =+J103*I103 -> 0 | N103: =IFERROR(SUMIFS(APUS!$Z$10:$Z$62,APUS!$N$62:Q68,INSUMOS!D103),0) -> 0 | O103: =+N103-K103 -> 0 | Q103: =+IF(K103=0,"SI","NO") -> SI
C104: 95 | J104: =SUMIFS(APUS!$Y$9:$Y$1486,APUS!$M$9:$M$1486,INSUMOS!C104) -> 0 | K104: =+J104*I104 -> 0 | N104: =IFERROR(SUMIFS(APUS!$Z$10:$Z$62,APUS!$N$62:Q69,INSUMOS!D104),0) -> 0 | O104: =+N104-K104 -> 0 | Q104: =+IF(K104=0,"SI","NO") -> SI
C105: 96 | J105: =SUMIFS(APUS!$Y$9:$Y$1486,APUS!$M$9:$M$1486,INSUMOS!C105) -> 0 | K105: =+J105*I105 -> 0 | N105: =IFERROR(SUMIFS(APUS!$Z$10:$Z$62,APUS!$N$62:Q70,INSUMOS!D105),0) -> 0 | O105: =+N105-K105 -> 0 | Q105: =+IF(K105=0,"SI","NO") -> SI
C106: 97 | J106: =SUMIFS(APUS!$Y$9:$Y$1486,APUS!$M$9:$M$1486,INSUMOS!C106) -> 0 | K106: =+J106*I106 -> 0 | N106: =IFERROR(SUMIFS(APUS!$Z$10:$Z$62,APUS!$N$62:Q71,INSUMOS!D106),0) -> 0 | O106: =+N106-K106 -> 0 | Q106: =+IF(K106=0,"SI","NO") -> SI
C107: 98 | J107: =SUMIFS(APUS!$Y$9:$Y$1486,APUS!$M$9:$M$1486,INSUMOS!C107) -> 0 | K107: =+J107*I107 -> 0 | N107: =IFERROR(SUMIFS(APUS!$Z$10:$Z$62,APUS!$N$62:Q72,INSUMOS!D107),0) -> 0 | O107: =+N107-K107 -> 0 | Q107: =+IF(K107=0,"SI","NO") -> SI
C108: 99 | D108: Disposicion final de escombros | H108: m3 | I108: 9683 | J108: =SUMIFS(APUS!$Y$9:$Y$1486,APUS!$M$9:$M$1486,INSUMOS!C108) -> 357.1058 | K108: =+J108*I108 -> 3457855.5 | N108: =IFERROR(SUMIFS(APUS!$Z$10:$Z$62,APUS!$N$62:Q74,INSUMOS!D108),0) -> 0 | O108: =+N108-K108 -> -3457855.5 | Q108: =+IF(K108=0,"SI","NO") -> NO
C110: =+"SUBTOTAL "&C8 -> SUBTOTAL MAQUINARIA/EQUIPOS | K110: =+SUM(K9:K109) -> 26519596 | N110: =SUM(N9:N109) -> 0 | O110: =+N110-K110 -> -26519596
C112: TRANSPORTES
C113: No. | D113: DESCRIPCION | G113: UND. | H113: DIST. (KM) | I113: VR.UNIT. | J113: CANT. | K113: VR. TOTAL | N113: VR. TOTAL | O113: DIF.
C114: 100 | D114: Transporte Arena - Pescadero | G114: m3/km | H114: 60.3 | I114: 1800 | J114: =SUMIFS(APUS!$Y$9:$Y$1486,APUS!$M$9:$M$1486,INSUMOS!C114) -> 4426.7775 | K114: =+J114*I114 -> 7968199.4 | N114: =IFERROR(SUMIFS(APUS!$Z$10:$Z$62,APUS!$N$62:Q80,INSUMOS!D114),0) -> 0 | O114: =+N114-K114 -> -7968199.4 | Q114: =+IF(K114=0,"SI","NO") -> NO
C115: 101 | D115: Transporte Triturado - Pinchote | G115: m3/km | H115: 4.31 | I115: 1800 | J115: =SUMIFS(APUS!$Y$9:$Y$1486,APUS!$M$9:$M$1486,INSUMOS!C115) -> 273.77836 | K115: =+J115*I115 -> 492801.05 | N115: =IFERROR(SUMIFS(APUS!$Z$10:$Z$62,APUS!$N$62:Q81,INSUMOS!D115),0) -> 0 | O115: =+N115-K115 -> -492801.05 | Q115: =+IF(K115=0,"SI","NO") -> NO
C116: 102 | D116: Transporte Piedra rajon - San Gil | G116: m3/km | H116: 4.87 | I116: 1800 | J116: =SUMIFS(APUS!$Y$9:$Y$1486,APUS!$M$9:$M$1486,INSUMOS!C116) -> 0 | K116: =+J116*I116 -> 0 | N116: =IFERROR(SUMIFS(APUS!$Z$10:$Z$62,APUS!$N$62:Q82,INSUMOS!D116),0) -> 0 | O116: =+N116-K116 -> 0 | Q116: =+IF(K116=0,"SI","NO") -> SI
C117: 103 | D117: Transporte Base granular - Pinchote | G117: m3/km | H117: 4.31 | I117: 1800 | J117: =SUMIFS(APUS!$Y$9:$Y$1486,APUS!$M$9:$M$1486,INSUMOS!C117) -> 576.61335 | K117: =+J117*I117 -> 1037904 | N117: =IFERROR(SUMIFS(APUS!$Z$10:$Z$62,APUS!$N$62:Q83,INSUMOS!D117),0) -> 0 | O117: =+N117-K117 -> -1037904 | Q117: =+IF(K117=0,"SI","NO") -> NO
C118: 104 | D118: Transporte Sub Base - Pinchote | G118: m3/km | H118: 4.31 | I118: 1800 | J118: =SUMIFS(APUS!$Y$9:$Y$1486,APUS!$M$9:$M$1486,INSUMOS!C118) -> 0 | K118: =+J118*I118 -> 0 | N118: =IFERROR(SUMIFS(APUS!$Z$10:$Z$62,APUS!$N$62:Q84,INSUMOS!D118),0) -> 0 | O118: =+N118-K118 -> 0 | Q118: =+IF(K118=0,"SI","NO") -> SI
C119: 105 | D119: Transporte Retiro de material sobrante | G119: m3/km | H119: 1.9 | I119: 1800 | J119: =SUMIFS(APUS!$Y$9:$Y$1486,APUS!$M$9:$M$1486,INSUMOS!C119) -> 678.50102 | K119: =+J119*I119 -> 1221301.8 | N119: =IFERROR(SUMIFS(APUS!$Z$10:$Z$62,APUS!$N$62:Q85,INSUMOS!D119),0) -> 0 | O119: =+N119-K119 -> -1221301.8 | Q119: =+IF(K119=0,"SI","NO") -> NO
C120: 106 | D120: Transporte Piedra Barichara | G120: m3/km | H120: 35 | I120: 2800 | J120: =SUMIFS(APUS!$Y$9:$Y$1486,APUS!$M$9:$M$1486,INSUMOS!C120) -> 4950.4875 | K120: =+J120*I120 -> 13861365 | N120: =IFERROR(SUMIFS(APUS!$Z$10:$Z$62,APUS!$N$62:Q86,INSUMOS!D120),0) -> 0 | O120: =+N120-K120 -> -13861365 | Q120: =+IF(K120=0,"SI","NO") -> NO
C121: 107 | D121: Transporte Piedra bolo de rio | G121: m3/km | H121: 30 | I121: 1800 | J121: =SUMIFS(APUS!$Y$9:$Y$1486,APUS!$M$9:$M$1486,INSUMOS!C121) -> 0 | K121: =+J121*I121 -> 0 | N121: =IFERROR(SUMIFS(APUS!$Z$10:$Z$62,APUS!$N$62:Q87,INSUMOS!D121),0) -> 0 | O121: =+N121-K121 -> 0 | Q121: =+IF(K121=0,"SI","NO") -> SI
C122: 108 | D122: Transporte Material de recebo - Pinchote | G122: m3/km | H122: 4.31 | I122: 1800 | J122: =SUMIFS(APUS!$Y$9:$Y$1486,APUS!$M$9:$M$1486,INSUMOS!C122) -> 116.02748 | K122: =+J122*I122 -> 208849.47 | N122: =IFERROR(SUMIFS(APUS!$Z$10:$Z$62,APUS!$N$62:Q88,INSUMOS!D122),0) -> 0 | O122: =+N122-K122 -> -208849.47 | Q122: =+IF(K122=0,"SI","NO") -> NO
C123: 109 | D123: Transporte Material de excavacion | G123: m3/km | H123: 15 | I123: 1200 | J123: =SUMIFS(APUS!$Y$9:$Y$1486,APUS!$M$9:$M$1486,INSUMOS!C123) -> 0 | K123: =+J123*I123 -> 0 | N123: =IFERROR(SUMIFS(APUS!$Z$10:$Z$62,APUS!$N$62:Q89,INSUMOS!D123),0) -> 0 | O123: =+N123-K123 -> 0 | Q123: =+IF(K123=0,"SI","NO") -> SI
C124: 110 | H124: 5 | I124: 1200 | J124: =SUMIFS(APUS!$Y$9:$Y$1486,APUS!$M$9:$M$1486,INSUMOS!C124) -> 0 | K124: =+J124*I124 -> 0 | N124: =IFERROR(SUMIFS(APUS!$Z$10:$Z$62,APUS!$N$62:Q90,INSUMOS!D124),0) -> 0 | O124: =+N124-K124 -> 0 | Q124: =+IF(K124=0,"SI","NO") -> SI
C125: 111 | H125: 5 | I125: 1200 | J125: =SUMIFS(APUS!$Y$9:$Y$1486,APUS!$M$9:$M$1486,INSUMOS!C125) -> 0 | K125: =+J125*I125 -> 0 | N125: =IFERROR(SUMIFS(APUS!$Z$10:$Z$62,APUS!$N$62:Q91,INSUMOS!D125),0) -> 0 | O125: =+N125-K125 -> 0 | Q125: =+IF(K125=0,"SI","NO") -> SI
C126: 112 | H126: 5 | I126: 1200 | J126: =SUMIFS(APUS!$Y$9:$Y$1486,APUS!$M$9:$M$1486,INSUMOS!C126) -> 0 | K126: =+J126*I126 -> 0 | N126: =IFERROR(SUMIFS(APUS!$Z$10:$Z$62,APUS!$N$62:Q92,INSUMOS!D126),0) -> 0 | O126: =+N126-K126 -> 0 | Q126: =+IF(K126=0,"SI","NO") -> SI
C127: 113 | H127: 5 | I127: 1200 | J127: =SUMIFS(APUS!$Y$9:$Y$1486,APUS!$M$9:$M$1486,INSUMOS!C127) -> 0 | K127: =+J127*I127 -> 0 | N127: =IFERROR(SUMIFS(APUS!$Z$10:$Z$62,APUS!$N$62:Q93,INSUMOS!D127),0) -> 0 | O127: =+N127-K127 -> 0 | Q127: =+IF(K127=0,"SI","NO") -> SI
C128: 114 | H128: 5 | I128: 1200 | J128: =SUMIFS(APUS!$Y$9:$Y$1486,APUS!$M$9:$M$1486,INSUMOS!C128) -> 0 | K128: =+J128*I128 -> 0 | N128: =IFERROR(SUMIFS(APUS!$Z$10:$Z$62,APUS!$N$62:Q94,INSUMOS!D128),0) -> 0 | O128: =+N128-K128 -> 0 | Q128: =+IF(K128=0,"SI","NO") -> SI
C129: 115 | H129: 5 | I129: 1200 | J129: =SUMIFS(APUS!$Y$9:$Y$1486,APUS!$M$9:$M$1486,INSUMOS!C129) -> 0 | K129: =+J129*I129 -> 0 | N129: =IFERROR(SUMIFS(APUS!$Z$10:$Z$62,APUS!$N$62:Q95,INSUMOS!D129),0) -> 0 | O129: =+N129-K129 -> 0 | Q129: =+IF(K129=0,"SI","NO") -> SI
C130: 116 | H130: 5 | I130: 1200 | J130: =SUMIFS(APUS!$Y$9:$Y$1486,APUS!$M$9:$M$1486,INSUMOS!C130) -> 0 | K130: =+J130*I130 -> 0 | N130: =IFERROR(SUMIFS(APUS!$Z$10:$Z$62,APUS!$N$62:Q96,INSUMOS!D130),0) -> 0 | O130: =+N130-K130 -> 0 | Q130: =+IF(K130=0,"SI","NO") -> SI
C131: 117 | H131: 5 | I131: 1200 | J131: =SUMIFS(APUS!$Y$9:$Y$1486,APUS!$M$9:$M$1486,INSUMOS!C131) -> 0 | K131: =+J131*I131 -> 0 | N131: =IFERROR(SUMIFS(APUS!$Z$10:$Z$62,APUS!$N$62:Q97,INSUMOS!D131),0) -> 0 | O131: =+N131-K131 -> 0 | Q131: =+IF(K131=0,"SI","NO") -> SI
C132: 118 | H132: 5 | I132: 1200 | J132: =SUMIFS(APUS!$Y$9:$Y$1486,APUS!$M$9:$M$1486,INSUMOS!C132) -> 0 | K132: =+J132*I132 -> 0 | N132: =IFERROR(SUMIFS(APUS!$Z$10:$Z$62,APUS!$N$62:Q98,INSUMOS!D132),0) -> 0 | O132: =+N132-K132 -> 0 | Q132: =+IF(K132=0,"SI","NO") -> SI
C133: 119 | H133: 5 | I133: 1200 | J133: =SUMIFS(APUS!$Y$9:$Y$1486,APUS!$M$9:$M$1486,INSUMOS!C133) -> 0 | K133: =+J133*I133 -> 0 | N133: =IFERROR(SUMIFS(APUS!$Z$10:$Z$62,APUS!$N$62:Q99,INSUMOS!D133),0) -> 0 | O133: =+N133-K133 -> 0 | Q133: =+IF(K133=0,"SI","NO") -> SI
C134: 120 | D134: Transporte Cemento - San Gil | G134: kg/km | H134: 4.87 | I134: 10 | J134: =SUMIFS(APUS!$Y$9:$Y$1486,APUS!$M$9:$M$1486,INSUMOS!C134) -> 177908.37 | K134: =+J134*I134 -> 1779083.7 | N134: =IFERROR(SUMIFS(APUS!$Z$10:$Z$62,APUS!$N$62:Q100,INSUMOS!D134),0) -> 0 | O134: =+N134-K134 -> -1779083.7 | Q134: =+IF(K134=0,"SI","NO") -> NO
...

Sheet COTIZACIONES
A1: DESCRIPCION | B1: UND. | C1: CONSTRUMART
A2: CEMENTO GRIS | B2: kg | C2: 600
A3: ARENA GRUESA | B3: m3 | C3: 70000
A4: TRITURADO DE 3/4" | B4: m3 | C4: 100000
A5: MATERIAL DE RECEBO | B5: m3
A6: PIEDRA RAJON | B6: m3
A7: PUNTILLA 2½" | B7: lb | C7: 4800
A8: LADRILLO MACIZO | B8: und | C8: 1500
A9: ACERO DE REFUERZO PDR 60 | B9: kg | C9: 4900
A10: ALAMBRE DE AMARRE No 18 | B10: Kg | C10: 7000
A11: TUBO ESTRUCTURAL DE 3" - 2.5 mm | B11: ml
A12: CABLE DE GUAYA Y ALMA DE ACERO 3/4" | B12: ml
A13: PERROS EN ANCLAJE | B13: und
A15: TUBERIA PVC 1/2" RDE 13.5 - PRESION | B15: ml | C15: 2367
A16: TUBERIA PVC 1" RDE 21 - PRESION | B16: ml | C16: 5950
A17: TUBERIA PVC 2" RDE 21 - PRESION | B17: ml | C17: 14617
A18: LIMPIADOR PVC 760 - 1/4 GL | B18: gl | C18: 41950
A19: SOLDADURA PVC - 1/4 GL | B19: gl | C19: 87000
A21: CAJA EN CONCRETO PARA MEDIDOR DOMICILIARIO | B21: und
A22: COLLARIN DE 2" - 1/2" | B22: und
A23: MEDIDOR DE AGUA DE VELOCIDAD 1/2" | B23: und
A24: REGISTRO DE CONTROL 1/2" | B24: und
A25: CHECK ANTI RETORNO | B25: und
A26: REGISTRO ANTIFRAUDE 1/2" | B26: und
A28: VALVULA DE COMPUERTA JUNTA RAPIDA 2" | B28: und
A29: REDUCTORA DE PRESION 2" | B29: und
A30: VALVULA VENTOSA (DOBLE EFECTO) DE 1/2" | B30: und
A31: MACROMEDIDOR 2" JUNTA RAPIDA | B31: und

Sheet DESGLOCE DE PERSONAL
C2: =INFORMACION!A3 -> CONSTRUCCIÓN DE PAVIMENTO EN PIEDRA LABOR Y OPTIMIZACIÓN DE LA RED DE ALCANTARILLADO SANITARIO CALLE 5 ENTRE CARRERA 3 Y 4 DEL CASCO URBANO DEL MUNICIPIO DE PINCHOTE, DEPARTAMENTO DE SANTANDER
C3: CONTRATANTE: | D3: =INSUMOS!E4 -> ALCALDIA MUNICIPAL DE PINCHOTE
C4: LOCALIZACION: | D4: =INFORMACION!A6 -> PINCHOTE, SANTANDER | F4: FECHA: | G4: =PRESENTACION!$A$43 -> ABRIL DE 2026
C6: DESGLOCE CUADRILLAS
C8: Salario 2026 | D8: 1750905
C9: Aux. Transp. 2026 | D9: 249095
C11: PORCENTAJE PRESTACIONES SOCIALES OBREROS | F11: PORCENTAJE PRESTACIONES SOCIALES PROFESIONALES
C12: Salud | D12: 0.125 | F12: Salud | J12: 0.125
C13: Pensión | D13: 0.16 | F13: Pensión | J13: 0.16
C14: ARL (Riesgo 5) | D14: 0.0696 | F14: ARL (Riesgo 5) | J14: 0.0696
C15: Vacaciones | D15: 0.0417 | F15: Vacaciones | J15: 0.0417
C16: Prima de servicio | D16: 0.0833 | F16: Prima de servicio | J16: 0.0833
C17: Cesantías | D17: 0.0833 | F17: Cesantías | J17: 0.0833
C18: Intereses de cesantías | D18: 0.01 | F18: Intereses de cesantías | J18: 0.01
C19: Sena | D19: 0.02 | F19: Sena | J19: 0.02
C20: ICBF | D20: 0.03 | F20: ICBF | J20: 0.03
C21: Caja de compensación familiar | D21: 0.04 | F21: Caja de compensación familiar | J21: 0.04
C22: Dotacion y EPP (Camisa, pantalon, gafas, tapabocas N95 y botas de seguridad) | D22: 0.1 | F22: Dotacion y EPP (Camisa, pantalon, gafas, tapabocas N95 y botas de seguridad)
C23: Otros (horas extras,auxilios, ect.) | D23: 0.0371 | F23: Otros (horas extras,auxilios, ect.)
C24: TOTAL | D24: =SUM(D12:D23) -> 0.8 | F24: TOTAL | J24: =SUM(J12:J23) -> 0.6629
C26: DESCRIPCION | D26: UND/FACT | E26: CANT. | F26: JORNAL | G26: AUXILIO DE TRANSPORTE | H26: INCREMENTO DIARIO POR DESPLAZAMIENTO | I26: Pres. (80%) | J26: JORNAL TOTAL O VR. UNIT.
C27: M.O. ALBAÑILERIA | D27: FM | G27: =+SUM(G28:G29) -> 16606.333 | H27: =+SUM(H28:H29) -> 0 | I27: =+SUM(I28:I29) -> 167952 | J27: =+SUM(H27:I27) -> 167952
C28: Oficial Albañileria | D28: 1.6 | E28: 1 | F28: =ROUND((((($D$8+$D$9)/30)*D28)*E28),0) -> 106667 | G28: =$D$9/30 -> 8303.1667 | H28: 0 | I28: =ROUND((F28+G28)*$D$24,0) -> 91976 | J28: =+SUM(F28:I28) -> 206946.17
C29: Ayudante Albañileria | D29: 1.3 | E29: 1 | F29: =ROUND((((($D$8+$D$9)/30)*D29)*E29),0) -> 86667 | G29: =$D$9/30 -> 8303.1667 | H29: =$H$28 -> 0 | I29: =ROUND((F29+G29)*$D$24,0) -> 75976 | J29: =+SUM(F29:I29) -> 170946.17
C31: M.O. ACABADOS | D31: FM | G31: =+SUM(G32:G33) -> 16606.333 | H31: =+SUM(H32:H33) -> 0 | I31: =+SUM(I32:I33) -> 153286 | J31: =+SUM(H31:I31) -> 153286
C32: Oficial Acabados | D32: 1.05 | E32: 1 | F32: =ROUND((((($D$8+$D$9)/30)*1.45)*D32),0) -> 101500 | G32: =$D$9/30 -> 8303.1667 | H32: =$H$28 -> 0 | I32: =ROUND((F32+G32)*$D$24,0) -> 87843 | J32: =+SUM(F32:I32) -> 197646.17
C33: Ayudante Acabados | D33: =+D32 -> 1.05 | E33: 1 | F33: =ROUND((((($D$8+$D$9)/30)*1.05)*D33),0) -> 73500 | G33: =$D$9/30 -> 8303.1667 | H33: =$H$28 -> 0 | I33: =ROUND((F33+G33)*$D$24,0) -> 65443 | J33: =+SUM(F33:I33) -> 147246.17
C35: M.O. SOLDADOR | D35: FM | G35: =+SUM(G36:G37) -> 16606.333 | H35: =+SUM(H36:H37) -> 0 | I35: =+SUM(I36:I37) -> 223152 | J35: =+SUM(H35:I35) -> 223152
C36: Oficial Soldador | D36: 1.7 | E36: 1 | F36: =ROUND((((($D$8+$D$9)/30)*1.45)*D36),0) -> 164333 | G36: =$D$9/30 -> 8303.1667 | H36: =$H$28 -> 0 | I36: =ROUND((F36+G36)*$D$24,0) -> 138109 | J36: =+SUM(F36:I36) -> 310745.17
C37: Ayudante Soldador | D37: 1.4 | E37: 1 | F37: =ROUND((((($D$8+$D$9)/30)*1.05)*D37),0) -> 98000 | G37: =$D$9/30 -> 8303.1667 | H37: =$H$28 -> 0 | I37: =ROUND((F37+G37)*$D$24,0) -> 85043 | J37: =+SUM(F37:I37) -> 191346.17
C39: M.O. HIDROSANITARIO | D39: FM | G39: =+SUM(G40:G41) -> 16606.333 | H39: =+SUM(H40:H41) -> 0 | I39: =+SUM(I40:I41) -> 159952 | J39: =+SUM(H39:I39) -> 159952
C40: Oficial Hidrosanitario | D40: 1.1 | E40: 1 | F40: =ROUND((((($D$8+$D$9)/30)*1.45)*D40),0) -> 106333 | G40: =$D$9/30 -> 8303.1667 | H40: =$H$28 -> 0 | I40: =ROUND((F40+G40)*$D$24,0) -> 91709 | J40: =+SUM(F40:I40) -> 206345.17
C41: Ayudante Hidrosanitario | D41: =+D40 -> 1.1 | E41: 1 | F41: =ROUND((((($D$8+$D$9)/30)*1.05)*D41),0) -> 77000 | G41: =$D$9/30 -> 8303.1667 | H41: =$H$28 -> 0 | I41: =ROUND((F41+G41)*$D$24,0) -> 68243 | J41: =+SUM(F41:I41) -> 153546.17
C43: M.O. ELECTRICOS | D43: FM | G43: =+SUM(G44:G45) -> 16606.333 | H43: =+SUM(H44:H45) -> 0 | I43: =+SUM(I44:I45) -> 173286 | J43: =+SUM(H43:I43) -> 173286
C44: Oficial Electrico | D44: 1.2 | E44: 1 | F44: =ROUND((((($D$8+$D$9)/30)*1.45)*D44),0) -> 116000 | G44: =$D$9/30 -> 8303.1667 | H44: =$H$28 -> 0 | I44: =ROUND((F44+G44)*$D$24,0) -> 99443 | J44: =+SUM(F44:I44) -> 223746.17
C45: Ayudante Electrico | D45: =+D44 -> 1.2 | E45: 1 | F45: =ROUND((((($D$8+$D$9)/30)*1.05)*D45),0) -> 84000 | G45: =$D$9/30 -> 8303.1667 | H45: =$H$28 -> 0 | I45: =ROUND((F45+G45)*$D$24,0) -> 73843 | J45: =+SUM(F45:I45) -> 166146.17
C47: M.O. PINTURA | D47: FM | G47: =+SUM(G48:G49) -> 16606.333 | H47: =+SUM(H48:H49) -> 0 | I47: =+SUM(I48:I49) -> 162619 | J47: =+SUM(H47:I47) -> 162619
C48: Oficial PINTURA | D48: 1.6 | E48: 1 | F48: =ROUND((((($D$8+$D$9)/30)*D48)*E48),0) -> 106667 | G48: =$D$9/30 -> 8303.1667 | H48: =$H$28 -> 0 | I48: =ROUND((F48+G48)*$D$24,0) -> 91976 | J48: =+SUM(H48:I48) -> 91976
C49: Ayudante PINTURA | D49: 1.2 | E49: 1 | F49: =ROUND((((($D$8+$D$9)/30)*D49)*E49),0) -> 80000 | G49: =$D$9/30 -> 8303.1667 | H49: =$H$28 -> 0 | I49: =ROUND((F49+G49)*$D$24,0) -> 70643 | J49: =+SUM(H49:I49) -> 70643
C51: M.O. TOPOGRAFIA | D51: FM | G51: =+SUM(G52:G53) -> 16606.333 | H51: =+SUM(H52:H53) -> 0 | I51: =+SUM(I52:I53) -> 178619 | J51: =+SUM(H51:I51) -> 178619
C52: TOPOGRAFO | D52: 1.75 | E52: 1 | F52: =ROUND((((($D$8+$D$9)/30)*D52)*E52),0) -> 116667 | G52: =$D$9/30 -> 8303.1667 | H52: =$H$28 -> 0 | I52: =ROUND((F52+G52)*$D$24,0) -> 99976 | J52: =+SUM(F52:I52) -> 224946.17
C53: CADENERO | D53: 1.35 | E53: 1 | F53: =ROUND((((($D$8+$D$9)/30)*D53)*E53),0) -> 90000 | G53: =$D$9/30 -> 8303.1667 | H53: =$H$28 -> 0 | I53: =ROUND((F53+G53)*$D$24,0) -> 78643 | J53: =+SUM(F53:I53) -> 176946.17
C57: DESCRIPCION | E57: SUELDO BASICO | F57: PREST. | G57: V. PREST. | H57: V. APAGAR
C58: Director de Obra | E58: 4900000 | F58: =$J$24 -> 0.6629 | G58: =E58*F58 -> 3248210 | H58: =E58+G58 -> 8148210
C59: Residente de Obra (Ingeniero Civil) | E59: 3225000 | F59: =$J$24 -> 0.6629 | G59: =E59*F59 -> 2137852.5 | H59: =E59+G59 -> 5362852.5
C60: Auxiliar de ingenieria | E60: 2700000 | F60: =$J$24 -> 0.6629 | G60: =E60*F60 -> 1789830 | H60: =E60+G60 -> 4489830
C61: Ingeniero ambiental | E61: 2000000 | F61: =$J$24 -> 0.6629 | G61: =E61*F61 -> 1325800 | H61: =E61+G61 -> 3325800
C62: Ingeniero de apoyo(Especialista en hidraulica) | E62: 3500000 | F62: =$J$24 -> 0.6629 | G62: =E62*F62 -> 2320150 | H62: =E62+G62 -> 5820150
C63: Ingenireo de apoyo(Especialista en estructura) | E63: 3500000 | F63: =$J$24 -> 0.6629 | G63: =E63*F63 -> 2320150 | H63: =E63+G63 -> 5820150
C64: Ingenireo de apoyo(Especialista electrico) | E64: 3000000 | F64: =$J$24 -> 0.6629 | G64: =E64*F64 -> 1988700 | H64: =E64+G64 -> 4988700
C65: Apoyo ingeniería, gestión de calidad y SISO | E65: 2800000 | F65: =$J$24 -> 0.6629 | G65: =E65*F65 -> 1856120 | H65: =E65+G65 -> 4656120
C66: Secretaria | E66: 1750905 | F66: =$D$24 -> 0.8 | G66: =E66*F66 -> 1400724 | H66: =E66+G66 -> 3151629
C67: Contadora | E67: 1500000 | F67: =$D$24 -> 0.8 | G67: =E67*F67 -> 1200000 | H67: =E67+G67 -> 2700000
C68: Vigilancia de materiales y equipos | E68: 1000000 | F68: =$D$24 -> 0.8 | G68: =E68*F68 -> 800000 | H68: =E68+G68 -> 1800000
C69: Almacenista | E69: =D8+D9 -> 2000000 | F69: =$D$24 -> 0.8 | G69: =E69*F69 -> 1600000 | H69: =E69+G69 -> 3600000
C70: Conductor vehiculo | E70: 1300000 | F70: =$D$24 -> 0.8 | G70: =E70*F70 -> 1040000 | H70: =E70+G70 -> 2340000
C72: Se asumen factores multiplicadores por cada una de las diferentes actividades de las cuadrilas, según el nivel de dificultad de la labor desarrollada y tomando en cuenta el conocimiento para la ejecucion de cada actividad.
C75: ELABORÓ: | F75: APROBO:
C80: =INFORMACION!C25 -> ING. JEYSON JULIAN LEON RUEDA | F80: =INFORMACION!C14 -> ARQ. YASMID ROCÍO CARRILLO MORA
C81: =INFORMACION!C26 -> MP. 68202-416348 STD | F81: =INFORMACION!C15 -> SECRETARIA DE PLANEACIÓN Y OBRAS PÚBLICAS
F82: =INFORMACION!C16 -> MUNICIPIO DE PINCHOTE

Sheet AIU
B2: ADMINISTRACION, IMPREVISTOS Y UTILIDAD (A.I.U.)
B3: PROYECTO: | C3: =INFORMACION!$A$3 -> CONSTRUCCIÓN DE PAVIMENTO EN PIEDRA LABOR Y OPTIMIZACIÓN DE LA RED DE ALCANTARILLADO SANITARIO CALLE 5 ENTRE CARRERA 3 Y 4 DEL CASCO URBANO DEL MUNICIPIO DE PINCHOTE, DEPARTAMENTO DE SANTANDER
B4: CONTRATANTE: | D4: =INFORMACION!A12 -> ALCALDIA MUNICIPAL DE PINCHOTE
B5: OBJETO: | C5: DISCRIMINACION ADMINISTRACION
B6: =PPTO!C5 -> LOCALIZACIÓN:PINCHOTE, SANTANDER | E6: FECHA: | H6: =PRESENTACION!$A$43 -> ABRIL DE 2026
E8: COSTO DIRECTO | I8: =PPTO!H45+PPTO!H63 -> 265814571
C9: ADMINISTRACION | D9: =I61 -> 0.307 | E9: VALOR DE LA ADMINISTRACION | I9: =PPTO!H46+PPTO!H64 -> 77086226
C10: IMPREVISTOS | D10: 0.01 | E10: VALOR DE IMPREVISTOS | I10: =PPTO!H47+PPTO!H65 -> 2658146
C11: UTILIDADES | D11: 0.05 | E11: VALOR DE UTILIDADES | I11: =PPTO!H48+PPTO!H66 -> 13290729
E12: COSTO TOTAL OBRA | I12: =PPTO!H75 -> 442901434
E13: PPTO PMA | I13: =PPTO!H71 -> 0
E14: PPTO INTERVENTORIA | I14: =PPTO!H72 -> 0
E15: COSTO TOTAL DEL PROYECTO | I15: =PPTO!H75 -> 442901434
B17: ANALISIS DE GASTOS DE ADMINISTRACION
B19: A | C19: EJECUCION FISICA DEL CONTRATO | I19: =SUM(I20:I46) -> 0.089
C20: ADMINISTRACIÓN
C21: GASTOS PERSONAL DE OBRA
B22: 1 | C22: Director de Obra | E22: ='DESGLOCE DE PERSONAL'!H58 -> 8148210 | F22: =INFORMACION!A22 -> 2 | G22: 0.2 | H22: =ROUND(E22*F22*G22,0)*B22 -> 3259284 | I22: =ROUND(((H22*100%)/$I$8),4) -> 0.0123
B23: 1 | C23: Residente de Obra (Ingeniero Civil) | D23: Residente de Obra (Ingeniero Civil o de Vías) | E23: ='DESGLOCE DE PERSONAL'!H59 -> 5362852.5 | F23: =+$F$22 -> 2 | G23: 1 | H23: =ROUND(E23*F23*G23,0)*B23 -> 10725705 | I23: =ROUND(((H23*100%)/$I$8),4) -> 0.0404
B24: 0 | C24: Auxiliar de Ingeniero civil | D24: Residente de Obra (Ingeniero Civil o de Vías) | E24: ='DESGLOCE DE PERSONAL'!H60 -> 4489830 | F24: =+$F$22 -> 2 | G24: 1 | H24: =ROUND(E24*F24*G24,0)*B24 -> 0 | I24: =ROUND(((H24*100%)/$I$8),4) -> 0
B25: 1 | C25: Apoyo ingeniería, gestión de calidad y SISO | E25: ='DESGLOCE DE PERSONAL'!H65 -> 4656120 | F25: =+$F$22 -> 2 | G25: 0.5 | H25: =ROUND(E25*F25*G25,0)*B25 -> 4656120 | I25: =ROUND(((H25*100%)/$I$8),4) -> 0.0175
B26: 0 | C26: Ingeniero de apoyo(Especialista estructural) | E26: ='DESGLOCE DE PERSONAL'!H62 -> 5820150 | F26: =+$F$22 -> 2 | G26: 0.1 | H26: =ROUND(E26*F26*G26,0)*B26 -> 0 | I26: =ROUND(((H26*100%)/$I$8),4) -> 0
B27: 0 | C27: Ingenireo de apoyo(Especialista electrico) | E27: ='DESGLOCE DE PERSONAL'!H64 -> 4988700 | F27: =+$F$22 -> 2 | G27: 0.1 | H27: =ROUND(E27*F27*G27,0)*B27 -> 0 | I27: =ROUND(((H27*100%)/$I$8),4) -> 0
B28: 0 | C28: Vigilancia de materiales y equipos | E28: ='DESGLOCE DE PERSONAL'!H68 -> 1800000 | F28: =+$F$22 -> 2 | G28: 1 | H28: =ROUND(E28*F28*G28,0)*B28 -> 0 | I28: =ROUND(((H28*100%)/$I$8),4) -> 0
B29: 0 | C29: Contadora | E29: ='DESGLOCE DE PERSONAL'!H67 -> 2700000 | F29: =+$F$22 -> 2 | G29: 0.2 | H29: =ROUND(E29*F29*G29,0)*B29 -> 0 | I29: =ROUND(((H29*100%)/$I$8),4) -> 0
B30: 1 | C30: Secretaria | E30: ='DESGLOCE DE PERSONAL'!H66 -> 3151629 | F30: =+$F$22 -> 2 | G30: 0.5 | H30: =ROUND(E30*F30*G30,0)*B30 -> 3151629 | I30: =ROUND(((H30*100%)/$I$8),4) -> 0.0119
B31: 0 | C31: Almacenista | E31: ='DESGLOCE DE PERSONAL'!H69 -> 3600000 | F31: =+$F$22 -> 2 | G31: 1 | H31: =ROUND(E31*F31*G31,0)*B31 -> 0 | I31: =ROUND(((H31*100%)/$I$8),4) -> 0
C32: Gastos Administrativos
B33: 0 | C33: Alquiler de oficina | E33: 1020000 | F33: =+$F$22 -> 2 | H33: =+E33*F33*B33 -> 0 | I33: =ROUND(((H33*100%)/$I$8),4) -> 0
B34: 1 | C34: Papeleria, mensajeria, fotocopias, cd, etc) | E34: 200000 | F34: =+$F$22 -> 2 | H34: =+E34*F34*B34 -> 400000 | I34: =ROUND(((H34*100%)/$I$8),4) -> 0.0015
B35: 1 | C35: Edicion de Informes (mensuales y final, incluye ploteo de planchas o planos original en papel de seguridad y una copia en papel bond y archivos magneticos) conclusiones y recomendaciones. | E35: 360000 | F35: =+$F$22 -> 2 | H35: =+E35*F35*B35 -> 720000 | I35: =ROUND(((H35*100%)/$I$8),4) -> 0.0027
B36: 0 | C36: Servicio electrico para equipos de oficina | E36: 110000 | F36: =+$F$22 -> 2 | H36: =+E36*F36*B36 -> 0 | I36: =ROUND(((H36*100%)/$I$8),4) -> 0
B37: 0 | C37: Servicio de agua para personal de oficina | E37: 110000 | F37: =+$F$22 -> 2 | H37: =+E37*F37*B37 -> 0 | I37: =ROUND(((H37*100%)/$I$8),4) -> 0
B38: 0 | C38: Servicio de de internet y comunicación de oficina | E38: 120000 | F38: =+$F$22 -> 2 | H38: =+E38*F38*B38 -> 0 | I38: =ROUND(((H38*100%)/$I$8),4) -> 0
B39: 1 | C39: Ensayos de laboratorio RESISTENCIA DEL CONCRETO, 3 muestras (7, 14 y 28 dias) por cada elemento en concreto | E39: 80000 | F39: 6 | H39: =+E39*F39*B39 -> 480000 | I39: =ROUND(((H39*100%)/$I$8),4) -> 0.0018
B40: 1 | C40: Ensayo de campo, DENSIDADES EN SITIU | E40: 250000 | F40: 1 | H40: =+E40*F40*B40 -> 250000 | I40: =ROUND(((H40*100%)/$I$8),4) -> 0.0009
C41: Gastos de campamento
B42: 0 | C42: VALLA Informativa | E42: 1500000 | F42: 1 | H42: =+E42*F42*B42 -> 0 | I42: =ROUND(((H42*100%)/$I$8),4) -> 0
B43: 0 | C43: Campamento y almacen para materiales (cemento, accesorios, valvulas) | E43: 1700000 | F43: 1 | H43: =+E43*F43*B43 -> 0 | I43: =ROUND(((H43*100%)/$I$8),4) -> 0
B44: 0 | C44: alquiler Baño portatil no incluye transporte | E44: 400000 | F44: 1 | H44: =+E44*F44*B44 -> 0 | I44: =ROUND(((H44*100%)/$I$8),4) -> 0
B45: 0 | C45: Muebles (mesa y silla) | E45: 250000 | F45: 2 | H45: =+E45*F45*B45 -> 0 | I45: =ROUND(((H45*100%)/$I$8),4) -> 0
B47: B | C47: GASTOS DE LEGALIZACION | I47: =SUM(I48:I57) -> 0.204
B48: 1 | C48: Estampilla prevision social | F48: 0.01 | H48: =(SUM($I$8))*F48 -> 2658145.7 | I48: =ROUND(((H48*100%)/$I$8),4) -> 0.01
B49: 1 | C49: Estampilla pro anciano | F49: 0.04 | H49: =(SUM($I$8))*F49 -> 10632583 | I49: =ROUND(((H49*100%)/$I$8),4) -> 0.04
B50: 1 | C50: Estampilla pro cultura | F50: 0.02 | H50: =(SUM($I$8))*F50 -> 5316291.4 | I50: =ROUND(((H50*100%)/$I$8),4) -> 0.02
B51: 1 | C51: Estampilla justicia familiar | F51: 0.02 | H51: =(SUM($I$8))*F51 -> 5316291.4 | I51: =ROUND(((H51*100%)/$I$8),4) -> 0.02
B52: 1 | C52: Estampilla Pro Deporte y Recreacion | F52: 0.02 | H52: =(SUM($I$8))*F52 -> 5316291.4 | I52: =ROUND(((H52*100%)/$I$8),4) -> 0.02
B53: 1 | C53: Estampilla Fondo de seguridad ciudadana | F53: 0.05 | H53: =(SUM($I$8))*F53 -> 13290729 | I53: =ROUND(((H53*100%)/$I$8),4) -> 0.05
B54: 1 | C54: Estampilla pro UIS | F54: 0.02 | H54: =(SUM($I$8))*F54 -> 5316291.4 | I54: =ROUND(((H54*100%)/$I$8),4) -> 0.02
B55: 1 | C55: Estampilla pro hospital | F55: 0.02 | H55: =(SUM($I$8))*F55 -> 5316291.4 | I55: =ROUND(((H55*100%)/$I$8),4) -> 0.02
B56: 1 | C56: Ordenanza 012 | F56: 0.004 | H56: =(SUM($I$8))*F56 -> 1063258.3 | I56: =ROUND(((H56*100%)/$I$8),4) -> 0.004
B58: C | C58: POLIZAS | I58: =SUM(I59) -> 0.014
C59: POLIZAS | F59: 0.014 | H59: =$I$8*F59 -> 3721404 | I59: =ROUND(((H59*100%)/$I$8),4) -> 0.014
B61: TOTAL ADMINISTRACION | I61: =I58+I47+I19 -> 0.307
B63: ELABORÓ: | E63: APROBO:
B68: =INFORMACION!C25 -> ING. JEYSON JULIAN LEON RUEDA | E68: =INFORMACION!$C$14 -> ARQ. YASMID ROCÍO CARRILLO MORA
B69: =INFORMACION!C26 -> MP. 68202-416348 STD | E69: =INFORMACION!$C$15 -> SECRETARIA DE PLANEACIÓN Y OBRAS PÚBLICAS
E70: =INFORMACION!$C$16 -> MUNICIPIO DE PINCHOTE

Sheet FM
B2: FACTOR MULTIPLICADOR PARA COSTOS DIRECTOS
B3: =CONCATENATE(INFORMACION!H2," ",INFORMACION!H3) -> INTERVENTORIA TECNICA ADMINISTRATIVA FINANCIERA Y AMBIENTAL PARA LA CONSTRUCCIÓN DE PAVIMENTO EN PIEDRA LABOR Y OPTIMIZACIÓN DE LA RED DE ALCANTARILLADO SANITARIO CALLE 5 ENTRE CARRERA 3 Y 4 DEL CASCO URBANO DEL MUNICIPIO DE PINCHOTE, DEPARTAMENTO DE SANTANDER
B4: =PPTO!C5 -> LOCALIZACIÓN:PINCHOTE, SANTANDER | D4: FECHA: | E4: =PRESENTACION!$A$43 -> ABRIL DE 2026
B5: FACTOR MULTIPLICADOR PARA COSTOS DIRECTOS
B6: (PERSONAL)
B7: 1. COSTOS PERSONAL - SUELDO BÁSICO | E7: =D8/100 -> 1
B8: Salarios | D8: 100
B9: 2. PRESTACIONES SOCIALES Y S.S.S.I. | E9: =+D23/100 -> 0.7283
B10: 2,1 PRESTACIONES SOCIALES
B11: Prima anual (legal) | D11: 8.33
B12: Cesantia | D12: 8.33
B13: Intereses de cesantia | D13: 1
B14: Vacaciones | D14: 4.17
B15: Seguridad Social (Salud + Pensión) | D15: 28.5
B16: Caja de compensación Familiar | D16: 4
B17: ARL | D17: 2.5
B18: Sena | D18: 2
B19: ICBF | D19: 3
B20: Aseguradora de riesgos laborales (ARL) | D20: 3
B21: Otros (Auxilios varios, prestaciones extralegales, Incapacidades no cubiertas) | D21: 0
B22: Dotación | D22: 8
B23: SUBTOTAL | D23: =SUM(D11:D22) -> 72.83
B24: 3. GASTOS GENERALES | E24: =+D36/100 -> 0.205
B25: Gastos generales
B26: Preparación de Propuesta | D26: 0
B27: Asesoria Contable Tributaria y Juridica | D27: 8
B28: Equipos y mantenimiento Oficina (Aseo) | D28: 2
B29: Seguros | D29: 0
B30: Documentación Técnica | D30: 5
B31: Papelería y útiles de oficina | D31: 0
B32: Personal Administrativo no facturado | D32: 2
B33: Personal Profesional no facturado | D33: 2
B34: Correo y otros | D34: 0.5
B35: Examenes médicos ocupacional | D35: 1
B36: SUBTOTAL | D36: =SUM(D25:D35) -> 20.5
B37: 4. COSTOS DIRECTOS NO REEMBOLSABLES | E37: =D40/100 -> 0.184
B38: Polizas | D38: 3
B39: Gravamenes Ordenanzales Departamento de Santander | D39: 15.4
B40: SUBTOTAL | D40: =SUM(D38:D39) -> 18.4
B41: 5. HONORARIOS Y OTROS | E41: =D43/100 -> 0.08
B42: Honorarios (Utilidad del consultor y costos no previstos) | D42: 8
B43: SUBTOTAL | D43: =SUM(D42:D42) -> 8
B44: FACTOR MULTIPLICADOR | E44: =E7+E9+E24+E37+E41 -> 2.1973
B45: FACTOR MULTIPLICADOR DEFINITIVO
B46: =ROUND(E44,1) -> 2.2
B47: ELABORO: | C47: APROBO:
B52: =PPTO!C81 -> ING. JEYSON JULIAN LEON RUEDA | C52: =PPTO!E81 -> ARQ. YASMID ROCÍO CARRILLO MORA
B53: =PPTO!C82 -> MP. 68202-416348 STD | C53: =PPTO!E82 -> SECRETARIA DE PLANEACIÓN Y OBRAS PÚBLICAS
C54: =PPTO!E83 -> MUNICIPIO DE PINCHOTE

Sheet PPTO INTERVENTORIA
B2: PRESUPUESTO INTERVENTORÍA
B3: CONTRATANTE: | D3: =INFORMACION!A12 -> ALCALDIA MUNICIPAL DE PINCHOTE
B4: OBRA: | C4: =INFORMACION!$A$3 -> CONSTRUCCIÓN DE PAVIMENTO EN PIEDRA LABOR Y OPTIMIZACIÓN DE LA RED DE ALCANTARILLADO SANITARIO CALLE 5 ENTRE CARRERA 3 Y 4 DEL CASCO URBANO DEL MUNICIPIO DE PINCHOTE, DEPARTAMENTO DE SANTANDER
B5: =PPTO!C5 -> LOCALIZACIÓN:PINCHOTE, SANTANDER | H5: FECHA: | I5: =PRESENTACION!$A$43 -> ABRIL DE 2026
B6: =FM!B3 -> INTERVENTORIA TECNICA ADMINISTRATIVA FINANCIERA Y AMBIENTAL PARA LA CONSTRUCCIÓN DE PAVIMENTO EN PIEDRA LABOR Y OPTIMIZACIÓN DE LA RED DE ALCANTARILLADO SANITARIO CALLE 5 ENTRE CARRERA 3 Y 4 DEL CASCO URBANO DEL MUNICIPIO DE PINCHOTE, DEPARTAMENTO DE SANTANDER
B8: PLAZO TOTAL DE LA INTERVENTORIA : | E8: =INFORMACION!A22 -> 2 | F8: MESES
B10: CANT | C10: CARGO | E10: SUELDO Y/O | H10: MESES | I10: % DEDICACIÓN | J10: VALOR PARCIAL
E11: JORNAL MENSUAL
B12: A | C12: COSTOS DE PERSONAL
B13: * | C13: PERSONAL PROFESIONAL
B14: 1 | C14: Director de Interventoría | G14: ='DESGLOCE DE PERSONAL'!E58 -> 4900000 | H14: =E8 -> 2 | I14: 0.3 | J14: =ROUND(B14*G14*H14*I14,2) -> 2940000
B15: 1 | C15: Residente de Interventoría | G15: ='DESGLOCE DE PERSONAL'!E59 -> 3225000 | H15: =H14 -> 2 | I15: 1 | J15: =ROUND(B15*G15*H15*I15,2) -> 6450000
B16: 0 | C16: Auxiliar de ingenieria | G16: ='DESGLOCE DE PERSONAL'!E60 -> 2700000 | H16: =H14 -> 2 | I16: 1 | J16: =ROUND(B16*G16*H16*I16,2) -> 0
B17: 0 | C17: Ingeniero de apoyo(Especialista estructural) | G17: ='DESGLOCE DE PERSONAL'!E63 -> 3500000 | H17: =H15 -> 2 | I17: 0.2 | J17: =ROUND(B17*G17*H17*I17,2) -> 0
B18: 0 | C18: Ingenireo de apoyo(Especialista electrico) | G18: ='DESGLOCE DE PERSONAL'!E64 -> 3000000 | H18: =H16 -> 2 | I18: 0.2 | J18: =ROUND(B18*G18*H18*I18,2) -> 0
B19: * | C19: PERSONAL TECNICO Y ADMINISTRATIVO
B20: 0 | C20: Topografo | G20: =('DESGLOCE DE PERSONAL'!F52+'DESGLOCE DE PERSONAL'!G52+'DESGLOCE DE PERSONAL'!H52)*30 -> 3749105 | H20: =H14 -> 2 | I20: 0.3 | J20: =ROUND(B20*G20*H20*I20,2) -> 0
C21: Cadenero 1 | G21: =('DESGLOCE DE PERSONAL'!F53+'DESGLOCE DE PERSONAL'!G53+'DESGLOCE DE PERSONAL'!H53)*30 -> 2949095 | H21: =+H20 -> 2 | I21: 0.15 | J21: =ROUND(B21*G21*H21*I21,2) -> 0
C22: Secretaria | G22: ='DESGLOCE DE PERSONAL'!E66 -> 1750905 | H22: =+H21 -> 2 | I22: 1 | J22: =ROUND(B22*G22*H22*I22,2) -> 0
C23: Contadora | G23: ='DESGLOCE DE PERSONAL'!E67 -> 1500000 | H23: =+H22 -> 2 | I23: 0.3 | J23: =ROUND(B23*G23*H23*I23,2) -> 0
C25: SUB TOTAL COSTO DE PERSONAL | J25: =ROUND(SUM(J14:J24),2) -> 9390000
C26: FACTOR MULTIPLICADOR | J26: =FM!B46 -> 2.2
C27: TOTAL COSTOS PERSONAL | J27: =ROUND(J25*J26,0) -> 20658000
B29: B | C29: GASTOS REMMBOLSABLES APOYO A LA GESTION DE VIGILANCIA
B30: CANT | C30: CONCEPTO | F30: UNIDAD | G30: COSTO ($) | H30: % DISPOSICION | I30: TIEMPO DE UTILIZACION MES | J30: VALOR PARCIAL
B31: 1 | C31: Edición de Informes ( fotografías; papelería, cds, fotocopias), | F31: Mes | G31: 380000 | H31: 1 | I31: =+$E$8 -> 2 | J31: =ROUND(G31*H31*I31,2) -> 760000
B32: 1 | C32: comunicaciones (teléfono, fax correo, celular, socializaciones, videos) | F32: Mes | G32: 140000 | H32: 1 | I32: =+$E$8 -> 2 | J32: =ROUND(G32*H32*I32,2) -> 280000
B33: 0 | C33: Alquiler de equipos de topografia | F33: Mes | G33: 200000 | H33: 0.3 | I33: =+$E$8 -> 2 | J33: =ROUND(G33*H33*I33,2)*B33 -> 0
C34: TOTAL OTROS COSTOS DIRECTOS | J34: =+SUM(J31:J33) -> 1040000
B36: SUBTOTAL COSTOS BASICOS | J36: =J27+J34 -> 21698000
B37: IVA (19%) | J37: =ROUND(J36*0.19,0) -> 4122620
B38: COSTO TOTAL | J38: =ROUND(J36+J37,0) -> 25820620
B40: ELABORÓ: | G40: APROBO:
B45: =INFORMACION!C25 -> ING. JEYSON JULIAN LEON RUEDA | G45: =INFORMACION!$C$14 -> ARQ. YASMID ROCÍO CARRILLO MORA
B46: =INFORMACION!C26 -> MP. 68202-416348 STD | G46: =INFORMACION!$C$15 -> SECRETARIA DE PLANEACIÓN Y OBRAS PÚBLICAS
G47: =INFORMACION!$C$16 -> MUNICIPIO DE PINCHOTE

Sheet PPTO PMA
C2: PRESUPUESTO PMA
C4: CONTRATANTE: | E4: =INFORMACION!A12 -> ALCALDIA MUNICIPAL DE PINCHOTE
C5: =INFORMACION!$A$3 -> CONSTRUCCIÓN DE PAVIMENTO EN PIEDRA LABOR Y OPTIMIZACIÓN DE LA RED DE ALCANTARILLADO SANITARIO CALLE 5 ENTRE CARRERA 3 Y 4 DEL CASCO URBANO DEL MUNICIPIO DE PINCHOTE, DEPARTAMENTO DE SANTANDER
C6: =PPTO!$C$5 -> LOCALIZACIÓN:PINCHOTE, SANTANDER | G6: FECHA: | I6: =PRESENTACION!$A$43 -> ABRIL DE 2026
C8: PLAZO TOTAL DEL PLAN DE MANEJO AMBIENTAL : | F8: =INFORMACION!A22 -> 2 | G8: MESES
C9: PLAN DE MANEJO AMBIENTAL
C10: ITEM | D10: COMPONENTE | E10: PROGRAMA | G10: UND | H10: CANT. | I10: VR. UNIT | J10: VR.TOTAL
C11: A | D11: PLAN DE GESTION AMBIENTAL EN LAS ACTIVIDADES DE LA CONSTRUCCION | E11: A-1. GESTION SOCIAL | J11: =SUM(J12:J13) -> 157500
E12: A-1.1 Volantes informativos | G12: und | H12: 50 | I12: 150 | J12: =ROUND(+H12*I12,0) -> 7500
E13: A-1.2 Socializaciones con la comunidad | G13: und | H13: 1 | I13: 150000 | J13: =ROUND(+H13*I13,0) -> 150000
E14: A-2. CONTRATACION DE MANO DE OBRA | J14: =SUM(J15) -> 1662900
E15: A-2.1 Ingeniero ambiental 25% de dedicacion | G15: mes | H15: =F8 -> 2 | I15: ='DESGLOCE DE PERSONAL'!H61 -> 3325800 | J15: =ROUND(+H15*I15,0)*25% -> 1662900
E16: A-3. GESTION INTEGRAL DE RESIDUOS SOLIDOS | J16: =SUM(J17:J18) -> 505000
E17: A-3.1 Uso de contenedores rotulados | G17: und | H17: 1 | I17: 350000 | J17: =ROUND(+H17*I17,0) -> 350000
E18: A-3.2 Cinta de señalizacion 500 mts | G18: rollo | H18: 10 | I18: 15500 | J18: =ROUND(+H18*I18,0) -> 155000
E19: A-4. CONTROL DE EMISIONES ATMOSFERICAS Y RUIDOS | J19: =SUM(J20) -> 180000
E20: A-4.1 Humedecimiento del terreno para la generacion de material articulado | G20: litros | H20: 9000 | I20: 20 | J20: =ROUND(+H20*I20,0) -> 180000
E21: A-5. USO Y ALMACENAMIENTO ADECUADO DE MATERIALES Y ELEMENTOS DE CONSTRUCCION | J21: =SUM(J22:J24) -> 295000
E22: A-5.1 Señalización de materiales con letrero acrilico | G22: und | H22: 5 | I22: 5000 | J22: =ROUND(+H22*I22,0) -> 25000
E23: A-5.2 Plastico negro grueso | G23: m | H23: 10 | I23: 7000 | J23: =ROUND(+H23*I23,0) -> 70000
E24: A-5.3 Adecuacion del area de almacenamiento | G24: und | H24: 1 | I24: 200000 | J24: =ROUND(+H24*I24,0) -> 200000
E25: A-6. MANEJO DE DEMOLICIONES, ESCOMBROS Y DESECHOS DE CONSTRUCCIÓN | J25: =SUM(J26:J27) -> 41000
E26: A-6.1 Señalización de materiales con letrero acrilico | G26: und | H26: 2 | I26: 5000 | J26: =ROUND(+H26*I26,0) -> 10000
E27: A-6.2 Cinta de señalizacion 500 mts | G27: rollo | H27: 2 | I27: 15500 | J27: =ROUND(+H27*I27,0) -> 31000
E28: A-7. EXCAVACION, MOVIMIENTOS DE TIERRA Y RELLENOS | J28: =SUM(J29:J31) -> 327000
E29: A-7.1 Cinta de señalizacion 500 mts | G29: rollo | H29: 10 | I29: 15500 | J29: =ROUND(+H29*I29,0) -> 155000
E30: A-7.2 Señalización de materiales con letrero acrilico | G30: und | H30: 5 | I30: 5000 | J30: =ROUND(+H30*I30,0) -> 25000
E31: A-7.3 Plastico negro grueso | G31: m | H31: 21 | I31: 7000 | J31: =ROUND(+H31*I31,0) -> 147000
C32: B | D32: PLAN DE SEGURIDAD Y SALUD EN EL TRABAJO | E32: B-1. MANEJO DE SEGURIDAD INDUSTRIAL | J32: =SUM(J33:J35) -> 925000
E33: B-1.1 Kit de EPP básicos dentro de la obra | G33: und | H33: 7 | I33: 55000 | J33: =ROUND(+H33*I33,0) -> 385000
E34: B-1.2 Equipos contra incendios (extintor) | G34: und | H34: 4 | I34: 60000 | J34: =ROUND(+H34*I34,0) -> 240000
E35: B-1.3 Seguridad en la obra (camilla, botiquin) | G35: und | H35: 2 | I35: 150000 | J35: =ROUND(+H35*I35,0) -> 300000
E36: B-2. SALUD OCUPACIONAL | J36: =SUM(J37) -> 189066
E37: B-1.2 Capacitaciones y Charlas sobre la salud ocupacional | G37: und | H37: 1 | I37: 189066 | J37: =ROUND(+H37*I37,0) -> 189066
C38: C | D38: PLAN DE CONTIGENCIA | E38: C-1. MEDIDAS DE AISLAMIENTO PARA MITIGACION DE ACCIDENTES | J38: =SUM(J39:J41) -> 439500
E39: C-1.1 Señalización con letrero acrilico | G39: und | H39: 4 | I39: 5000 | J39: =ROUND(+H39*I39,0) -> 20000
E40: C-1.2 Cinta de señalización 500 mts | G40: Rollo | H40: 15 | I40: 15500 | J40: =ROUND(+H40*I40,0) -> 232500
E41: D-1.3 Tela verde x metros | G41: und | H41: 22 | I41: 8500 | J41: =ROUND(+H41*I41,0) -> 187000
E43: (camilla, botiquin)
F44: TOTAL PLAN DE MANEJO DE AMBIENTAL | J44: =J11+J14+J16+J19+J21+J25+J28+J32+J36+J38 -> 4721966
C46: ELABORÓ: | F46: APROBO:
C51: =PPTO!C81 -> ING. JEYSON JULIAN LEON RUEDA | F51: =INFORMACION!$C$14 -> ARQ. YASMID ROCÍO CARRILLO MORA
C52: =PPTO!C82 -> MP. 68202-416348 STD | F52: =INFORMACION!$C$15 -> SECRETARIA DE PLANEACIÓN Y OBRAS PÚBLICAS
F53: =INFORMACION!$C$16 -> MUNICIPIO DE PINCHOTE

Sheet PPTO PMT
C3: PRESUPUESTO PLAN DE MANEJO DE TRANSTO (P.M.T.)
C4: Obra: | D4: =INFORMACION!A3 -> CONSTRUCCIÓN DE PAVIMENTO EN PIEDRA LABOR Y OPTIMIZACIÓN DE LA RED DE ALCANTARILLADO SANITARIO CALLE 5 ENTRE CARRERA 3 Y 4 DEL CASCO URBANO DEL MUNICIPIO DE PINCHOTE, DEPARTAMENTO DE SANTANDER
C5: =PPTO!C5 -> LOCALIZACIÓN:PINCHOTE, SANTANDER | H5: FECHA: | I5: =INFORMACION!A9 -> ABRIL DE 2026
C7: ITEM | D7: DESCRIPCION | E7: UND | G7: CANT. | H7: VR. UNIT | I7: VR.TOTAL
C9: PT | D9: PLAN DE MANEJO DE TRAFICO
C10: PT.1 | D10: CUADRILLA PERSONAL TRANSITO Y BRIGADA (2 AUXILIARES) | E10: MES | G10: =INFORMACION!A22 -> 2
C11: No. | D11: DESCRIPCION | E11: UND | F11: CANT | G11: REND. | H11: JORNAL TOTAL
C12: 25 | D12: =+VLOOKUP(C12,[8]INSUMOS!$C$7:$K$94,2,FALSE) -> AYUDANTE | E12: =+VLOOKUP(C12,[8]INSUMOS!$C$7:$K$94,3,FALSE) -> JORNAL+PS | F12: 2 | G12: 0.15 | H12: ='DESGLOCE DE PERSONAL'!$J$29*30 -> 5128385 | I12: =ROUND(H12*G12*F12*G10,0) -> 3077031
C13: PT.2 | D13: BALIZA DE SEÑALIZACION VIAL EN PVC H=140M RANURA PARA CINTA DE PREVENCION (PAG. 512 - MANUAL DE SEÑALIZACION VIAL MINITRANSPORTE 2015) | E13: UND | G13: 8 | H13: 48500 | I13: =ROUND(G13 * H13,2) -> 388000
C14: PT.3 | D14: BARRERAS PLASTICAS TIPO MALETIN (2.00MX1.00MX0.50M (PAG. 520 - MANUAL DE SEÑALIZACION VIAL MINITRANSPORTE 2015) | E14: UND | G14: 6 | H14: 205000 | I14: =ROUND(G14 * H14,2) -> 1230000
C15: PT.4 | D15: PALETA DE CONTROL PARE - SIGA h=0.45 (PAG. 533 - MANUAL DE SEÑALIZACION VIAL MINITRANSPORTE 2015) | E15: UND | G15: 2 | H15: 39000 | I15: =ROUND(G15 * H15,2) -> 78000
C16: PT.5 | D16: SEÑAL PREVENTIVA TIPO ROMBO MOVILES (0.60X0.60M) (PAG. 461 - MANUAL DE SEÑALIZACION VIAL MINITRANSPORTE 2015) | E16: UND | G16: 6 | H16: 25000 | I16: =ROUND(G16 * H16,2) -> 150000
